Workbook

Sheet ANEXO 1 - COTIZACIONES
A1: ANEXO 1 - ANALISIS DE COTIZACIONES
C2: OBJETO: Prestar el servicio técnico especializado para el mantenimiento preventivo, predictivo y correctivo con suministro de insumos y bolsa de repuestos de los aires acondicionados VRF y equipos de ventilación, que se encuentran instalados en la sede principal de la Fiscalía General de la Nación en la ciudad de Cúcuta.
A4: NECESIDAD | J4: COTIZACION 1 AIRE CARIBE S.A 890.402.550-4 | L4: COTIZACION 2 FELIZ ARGEYDE ORTIZ GARZON 88.253.087-6 | N4: ANALISIS DE COTIZACIONES
A5: MANTENIMIENTOS | N5: VIGENCIA 2026 | S5: VIGENCIA 2027 | X5: VIGENCIA 2028 | AC5: TOTAL VIGENCIA 2026-2028
A6: ITEM | B6: DESCRIPCIÓN DEL SERVICIO | C6: FRECUENCIA DE RUTINAS | D6: NUMERO DE EQUIPOS | E6: MATENIMIENTOS 2026 | F6: MATENIMIENTOS 2027 | G6: MATENIMIENTOS 2028 | H6: TOTAL MANTENIMIENTOS 2026-2028 | J6: VALOR UNITARIO SIN IVA | L6: VALOR UNITARIO SIN IVA | N6: VALOR UNITARIO SIN IVA | O6: IVA UNITARIO | P6: VALOR UNITARIO INCLUIDO IVA | Q6: VALOR TOTAL INCLUIDO IVA | S6: VALOR UNITARIO SIN IVA | T6: IVA UNITARIO | U6: VALOR UNITARIO INCLUIDO IVA | V6: VALOR TOTAL INCLUIDO IVA | X6: VALOR UNITARIO SIN IVA | Y6: IVA UNITARIO | Z6: VALOR UNITARIO INCLUIDO IVA | AA6: VALOR TOTAL INCLUIDO IVA | AC6: VALOR TOTAL INCLUIDO IVA
A7: 1 | B7: SISTEMA VRF TOSHIBA | E7: RUTINAS | F7: RUTINAS | G7: RUTINAS
A8: 1.1 | B8: UNIDADES CONDENSADORAS
A9: 1.1.1 | B9: MMY-MAP0966HT6P-UL | C9: BIMENSUAL | D9: 5 | E9: 0 | F9: 4 | G9: =3+(5/5) -> 4 | H9: =E9+F9+G9 -> 8 | J9: 325000 | L9: 290000 | N9: =AVERAGE(J9,L9) -> 307500 | O9: =(N9*19%) -> 58425 | P9: =+O9+N9 -> 365925 | Q9: =+P9*E9*D9 -> 0 | S9: =N9+(N9*4.4%) -> 321030 | T9: =S9*19% -> 60995.7 | U9: =+T9+S9 -> 382025.7 | V9: =+U9*F9*D9 -> 7640514 | X9: =S9+(S9*3%) -> 330660.9 | Y9: =X9*19% -> 62825.571 | Z9: =+Y9+X9 -> 393486.47 | AA9: =+Z9*G9*D9 -> 7869729.4 | AC9: =+AA9+V9+Q9 -> 15510243
A10: 1.1.2 | B10: MMY-MAP1206HT6P-UL | C10: BIMENSUAL | D10: 10 | E10: =3/10 -> 0.3 | F10: 4 | G10: =3+(7/10) -> 3.7 | H10: =E10+F10+G10 -> 8 | J10: 325000 | L10: 290000 | N10: =AVERAGE(J10,L10) -> 307500 | O10: =(N10*19%) -> 58425 | P10: =+O10+N10 -> 365925 | Q10: =+P10*E10*D10 -> 1097775 | S10: =N10+(N10*4.4%) -> 321030 | T10: =S10*19% -> 60995.7 | U10: =+T10+S10 -> 382025.7 | V10: =+U10*F10*D10 -> 15281028 | X10: =S10+(S10*3%) -> 330660.9 | Y10: =X10*19% -> 62825.571 | Z10: =+Y10+X10 -> 393486.47 | AA10: =+Z10*G10*D10 -> 14558999 | AC10: =+AA10+V10+Q10 -> 30937802
A11: 1.1.3 | B11: MMY-MAP1446HT6P-UL | C11: BIMENSUAL | D11: 18 | E11: =7/18 -> 0.38888889 | F11: 4 | G11: =3+(11/18) -> 3.6111111 | H11: =E11+F11+G11 -> 8 | J11: 325000 | L11: 290000 | N11: =AVERAGE(J11,L11) -> 307500 | O11: =(N11*19%) -> 58425 | P11: =+O11+N11 -> 365925 | Q11: =+P11*E11*D11 -> 2561475 | S11: =N11+(N11*4.4%) -> 321030 | T11: =S11*19% -> 60995.7 | U11: =+T11+S11 -> 382025.7 | V11: =+U11*F11*D11 -> 27505850 | X11: =S11+(S11*3%) -> 330660.9 | Y11: =X11*19% -> 62825.571 | Z11: =+Y11+X11 -> 393486.47 | AA11: =+Z11*G11*D11 -> 25576621 | AC11: =+AA11+V11+Q11 -> 55643946
A12: 1.1.4 | B12: MMY-MAP1686HT6P-UL | C12: BIMENSUAL | D12: 5 | E12: =3/5 -> 0.6 | F12: 4 | G12: =3+(2/5) -> 3.4 | H12: =E12+F12+G12 -> 8 | J12: 325000 | L12: 290000 | N12: =AVERAGE(J12,L12) -> 307500 | O12: =(N12*19%) -> 58425 | P12: =+O12+N12 -> 365925 | Q12: =+P12*E12*D12 -> 1097775 | S12: =N12+(N12*4.4%) -> 321030 | T12: =S12*19% -> 60995.7 | U12: =+T12+S12 -> 382025.7 | V12: =+U12*F12*D12 -> 7640514 | X12: =S12+(S12*3%) -> 330660.9 | Y12: =X12*19% -> 62825.571 | Z12: =+Y12+X12 -> 393486.47 | AA12: =+Z12*G12*D12 -> 6689270 | AC12: =+AA12+V12+Q12 -> 15427559
A13: 1.2 | B13: UNIDAD DOAS
A14: 1.2.1 | B14: DOAS 1 | C14: BIMENSUAL | D14: 1 | E14: =1/1 -> 1 | F14: 4 | G14: 3 | H14: =E14+F14+G14 -> 8 | J14: 455000 | L14: 290000 | N14: =AVERAGE(J14,L14) -> 372500 | O14: =(N14*19%) -> 70775 | P14: =+O14+N14 -> 443275 | Q14: =+P14*E14*D14 -> 443275 | S14: =N14+(N14*4.4%) -> 388890 | T14: =S14*19% -> 73889.1 | U14: =+T14+S14 -> 462779.1 | V14: =+U14*F14*D14 -> 1851116.4 | X14: =S14+(S14*3%) -> 400556.7 | Y14: =X14*19% -> 76105.773 | Z14: =+Y14+X14 -> 476662.47 | AA14: =+Z14*G14*D14 -> 1429987.4 | AC14: =+AA14+V14+Q14 -> 3724378.8
A15: 1.2.2 | B15: DOAS 2 | C15: BIMENSUAL | D15: 1 | E15: =1/1 -> 1 | F15: 4 | G15: 3 | H15: =E15+F15+G15 -> 8 | J15: 455000 | L15: 290000 | N15: =AVERAGE(J15,L15) -> 372500 | O15: =(N15*19%) -> 70775 | P15: =+O15+N15 -> 443275 | Q15: =+P15*E15*D15 -> 443275 | S15: =N15+(N15*4.4%) -> 388890 | T15: =S15*19% -> 73889.1 | U15: =+T15+S15 -> 462779.1 | V15: =+U15*F15*D15 -> 1851116.4 | X15: =S15+(S15*3%) -> 400556.7 | Y15: =X15*19% -> 76105.773 | Z15: =+Y15+X15 -> 476662.47 | AA15: =+Z15*G15*D15 -> 1429987.4 | AC15: =+AA15+V15+Q15 -> 3724378.8
A16: 1.2.3 | B16: DOAS 3 | C16: BIMENSUAL | D16: 1 | E16: =1/1 -> 1 | F16: 4 | G16: 3 | H16: =E16+F16+G16 -> 8 | J16: 455000 | L16: 290000 | N16: =AVERAGE(J16,L16) -> 372500 | O16: =(N16*19%) -> 70775 | P16: =+O16+N16 -> 443275 | Q16: =+P16*E16*D16 -> 443275 | S16: =N16+(N16*4.4%) -> 388890 | T16: =S16*19% -> 73889.1 | U16: =+T16+S16 -> 462779.1 | V16: =+U16*F16*D16 -> 1851116.4 | X16: =S16+(S16*3%) -> 400556.7 | Y16: =X16*19% -> 76105.773 | Z16: =+Y16+X16 -> 476662.47 | AA16: =+Z16*G16*D16 -> 1429987.4 | AC16: =+AA16+V16+Q16 -> 3724378.8
A17: 1.3 | B17: UNIDAD CASSETTE
A18: 1.3.1 | B18: MMU-0094HP1-E | C18: BIMENSUAL | D18: 33 | E18: =13/33 -> 0.39393939 | F18: 4 | G18: =3+(20/33) -> 3.6060606 | H18: =E18+F18+G18 -> 8 | J18: 152812.72 | L18: 200000 | N18: =AVERAGE(J18,L18) -> 176406.36 | O18: =(N18*19%) -> 33517.208 | P18: =+O18+N18 -> 209923.57 | Q18: =+P18*E18*D18 -> 2729006.4 | S18: =N18+(N18*4.4%) -> 184168.24 | T18: =S18*19% -> 34991.965 | U18: =+T18+S18 -> 219160.2 | V18: =+U18*F18*D18 -> 28929147 | X18: =S18+(S18*3%) -> 189693.29 | Y18: =X18*19% -> 36041.724 | Z18: =+Y18+X18 -> 225735.01 | AA18: =+Z18*G18*D18 -> 26862466 | AC18: =+AA18+V18+Q18 -> 58520619
A19: 1.3.2 | B19: MMU-0124HP1-E | C19: BIMENSUAL | D19: 13 | E19: =4/13 -> 0.30769231 | F19: 4 | G19: =3+(9/13) -> 3.6923077 | H19: =E19+F19+G19 -> 8 | J19: 152812.72 | L19: 200000 | N19: =AVERAGE(J19,L19) -> 176406.36 | O19: =(N19*19%) -> 33517.208 | P19: =+O19+N19 -> 209923.57 | Q19: =+P19*E19*D19 -> 839694.27 | S19: =N19+(N19*4.4%) -> 184168.24 | T19: =S19*19% -> 34991.965 | U19: =+T19+S19 -> 219160.2 | V19: =+U19*F19*D19 -> 11396331 | X19: =S19+(S19*3%) -> 189693.29 | Y19: =X19*19% -> 36041.724 | Z19: =+Y19+X19 -> 225735.01 | AA19: =+Z19*G19*D19 -> 10835280 | AC19: =+AA19+V19+Q19 -> 23071305
A20: 1.3.3 | B20: MMU-0154HP1-E | C20: BIMENSUAL | D20: 25 | E20: =5/25 -> 0.2 | F20: 4 | G20: =3+(20/25) -> 3.8 | H20: =E20+F20+G20 -> 8 | J20: 152812.71 | L20: 200000 | N20: =AVERAGE(J20,L20) -> 176406.35 | O20: =(N20*19%) -> 33517.207 | P20: =+O20+N20 -> 209923.56 | Q20: =+P20*E20*D20 -> 1049617.8 | S20: =N20+(N20*4.4%) -> 184168.23 | T20: =S20*19% -> 34991.964 | U20: =+T20+S20 -> 219160.2 | V20: =+U20*F20*D20 -> 21916020 | X20: =S20+(S20*3%) -> 189693.28 | Y20: =X20*19% -> 36041.723 | Z20: =+Y20+X20 -> 225735 | AA20: =+Z20*G20*D20 -> 21444825 | AC20: =+AA20+V20+Q20 -> 44410463
A21: 1.3.4 | B21: MMU-0184HP1-E | C21: BIMENSUAL | D21: 37 | E21: =11/37 -> 0.2972973 | F21: 4 | G21: =3+(26/37) -> 3.7027027 | H21: =E21+F21+G21 -> 8 | J21: 156855.74 | L21: 200000 | N21: =AVERAGE(J21,L21) -> 178427.87 | O21: =(N21*19%) -> 33901.295 | P21: =+O21+N21 -> 212329.17 | Q21: =+P21*E21*D21 -> 2335620.8 | S21: =N21+(N21*4.4%) -> 186278.7 | T21: =S21*19% -> 35392.952 | U21: =+T21+S21 -> 221671.65 | V21: =+U21*F21*D21 -> 32807404 | X21: =S21+(S21*3%) -> 191867.06 | Y21: =X21*19% -> 36454.741 | Z21: =+Y21+X21 -> 228321.8 | AA21: =+Z21*G21*D21 -> 31280086 | AC21: =+AA21+V21+Q21 -> 66423111
A22: 1.3.5 | B22: MMU-0244HP1-E | C22: BIMENSUAL | D22: 18 | E22: =5/18 -> 0.27777778 | F22: 4 | G22: =3+(13/18) -> 3.7222222 | H22: =E22+F22+G22 -> 8 | J22: 156855.73 | L22: 200000 | N22: =AVERAGE(J22,L22) -> 178427.86 | O22: =(N22*19%) -> 33901.294 | P22: =+O22+N22 -> 212329.16 | Q22: =+P22*E22*D22 -> 1061645.8 | S22: =N22+(N22*4.4%) -> 186278.69 | T22: =S22*19% -> 35392.951 | U22: =+T22+S22 -> 221671.64 | V22: =+U22*F22*D22 -> 15960358 | X22: =S22+(S22*3%) -> 191867.05 | Y22: =X22*19% -> 36454.74 | Z22: =+Y22+X22 -> 228321.79 | AA22: =+Z22*G22*D22 -> 15297560 | AC22: =+AA22+V22+Q22 -> 32319564
A23: 1.3.6 | B23: MMU-0274HP1-E | C23: BIMENSUAL | D23: 48 | E23: =30/48 -> 0.625 | F23: 4 | G23: =3+(18/48) -> 3.375 | H23: =E23+F23+G23 -> 8 | J23: 156855.73 | L23: 200000 | N23: =AVERAGE(J23,L23) -> 178427.86 | O23: =(N23*19%) -> 33901.294 | P23: =+O23+N23 -> 212329.16 | Q23: =+P23*E23*D23 -> 6369874.8 | S23: =N23+(N23*4.4%) -> 186278.69 | T23: =S23*19% -> 35392.951 | U23: =+T23+S23 -> 221671.64 | V23: =+U23*F23*D23 -> 42560955 | X23: =S23+(S23*3%) -> 191867.05 | Y23: =X23*19% -> 36454.74 | Z23: =+Y23+X23 -> 228321.79 | AA23: =+Z23*G23*D23 -> 36988130 | AC23: =+AA23+V23+Q23 -> 85918960
A24: 1.3.7 | B24: MMU-0304HP1-E | C24: BIMENSUAL | D24: 14 | E24: 0 | F24: 4 | G24: =3+(14/14) -> 4 | H24: =E24+F24+G24 -> 8 | J24: 158758.78 | L24: 200000 | N24: =AVERAGE(J24,L24) -> 179379.39 | O24: =(N24*19%) -> 34082.084 | P24: =+O24+N24 -> 213461.47 | Q24: =+P24*E24*D24 -> 0 | S24: =N24+(N24*4.4%) -> 187272.08 | T24: =S24*19% -> 35581.696 | U24: =+T24+S24 -> 222853.78 | V24: =+U24*F24*D24 -> 12479812 | X24: =S24+(S24*3%) -> 192890.25 | Y24: =X24*19% -> 36649.147 | Z24: =+Y24+X24 -> 229539.39 | AA24: =+Z24*G24*D24 -> 12854206 | AC24: =+AA24+V24+Q24 -> 25334018
A25: 1.3.8 | B25: MMU-0366HP1-E | C25: BIMENSUAL | D25: 3 | E25: 0 | F25: 4 | G25: =3+(3/3) -> 4 | H25: =E25+F25+G25 -> 8 | J25: 158758.8 | L25: 200000 | N25: =AVERAGE(J25,L25) -> 179379.4 | O25: =(N25*19%) -> 34082.086 | P25: =+O25+N25 -> 213461.49 | Q25: =+P25*E25*D25 -> 0 | S25: =N25+(N25*4.4%) -> 187272.09 | T25: =S25*19% -> 35581.698 | U25: =+T25+S25 -> 222853.79 | V25: =+U25*F25*D25 -> 2674245.5 | X25: =S25+(S25*3%) -> 192890.26 | Y25: =X25*19% -> 36649.149 | Z25: =+Y25+X25 -> 229539.41 | AA25: =+Z25*G25*D25 -> 2754472.9 | AC25: =+AA25+V25+Q25 -> 5428718.4
A26: 1.4 | B26: UNIDAD FANCOIL
A27: 1.4.1 | B27: MMD-AP0156HP1-E | C27: BIMENSUAL | D27: 3 | E27: 0 | F27: 4 | G27: =3+(3/3) -> 4 | H27: =E27+F27+G27 -> 8 | J27: 234000 | L27: 200000 | N27: =AVERAGE(J27,L27) -> 217000 | O27: =(N27*19%) -> 41230 | P27: =+O27+N27 -> 258230 | Q27: =+P27*E27*D27 -> 0 | S27: =N27+(N27*4.4%) -> 226548 | T27: =S27*19% -> 43044.12 | U27: =+T27+S27 -> 269592.12 | V27: =+U27*F27*D27 -> 3235105.4 | X27: =S27+(S27*3%) -> 233344.44 | Y27: =X27*19% -> 44335.444 | Z27: =+Y27+X27 -> 277679.88 | AA27: =+Z27*G27*D27 -> 3332158.6 | AC27: =+AA27+V27+Q27 -> 6567264
A28: 1.4.2 | B28: MMD-AP0276HP1-E | C28: BIMENSUAL | D28: 14 | E28: =8/14 -> 0.57142857 | F28: 4 | G28: =3+(6/14) -> 3.4285714 | H28: =E28+F28+G28 -> 8 | J28: 234000 | L28: 200000 | N28: =AVERAGE(J28,L28) -> 217000 | O28: =(N28*19%) -> 41230 | P28: =+O28+N28 -> 258230 | Q28: =+P28*E28*D28 -> 2065840 | S28: =N28+(N28*4.4%) -> 226548 | T28: =S28*19% -> 43044.12 | U28: =+T28+S28 -> 269592.12 | V28: =+U28*F28*D28 -> 15097159 | X28: =S28+(S28*3%) -> 233344.44 | Y28: =X28*19% -> 44335.444 | Z28: =+Y28+X28 -> 277679.88 | AA28: =+Z28*G28*D28 -> 13328634 | AC28: =+AA28+V28+Q28 -> 30491633
A29: 1.4.3 | B29: MMD-AP0366HP1-E | C29: BIMENSUAL | D29: 8 | E29: =2/D29 -> 0.25 | F29: 4 | G29: =3+(6/8) -> 3.75 | H29: =E29+F29+G29 -> 8 | J29: 234000 | L29: 200000 | N29: =AVERAGE(J29,L29) -> 217000 | O29: =(N29*19%) -> 41230 | P29: =+O29+N29 -> 258230 | Q29: =+P29*E29*D29 -> 516460 | S29: =N29+(N29*4.4%) -> 226548 | T29: =S29*19% -> 43044.12 | U29: =+T29+S29 -> 269592.12 | V29: =+U29*F29*D29 -> 8626947.8 | X29: =S29+(S29*3%) -> 233344.44 | Y29: =X29*19% -> 44335.444 | Z29: =+Y29+X29 -> 277679.88 | AA29: =+Z29*G29*D29 -> 8330396.5 | AC29: =+AA29+V29+Q29 -> 17473804
A30: 1.4.4 | B30: MMD-AP0486HP1-E | C30: BIMENSUAL | D30: 3 | E30: =3/D30 -> 1 | F30: 4 | G30: 3 | H30: =E30+F30+G30 -> 8 | J30: 234000 | L30: 200000 | N30: =AVERAGE(J30,L30) -> 217000 | O30: =(N30*19%) -> 41230 | P30: =+O30+N30 -> 258230 | Q30: =+P30*E30*D30 -> 774690 | S30: =N30+(N30*4.4%) -> 226548 | T30: =S30*19% -> 43044.12 | U30: =+T30+S30 -> 269592.12 | V30: =+U30*F30*D30 -> 3235105.4 | X30: =S30+(S30*3%) -> 233344.44 | Y30: =X30*19% -> 44335.444 | Z30: =+Y30+X30 -> 277679.88 | AA30: =+Z30*G30*D30 -> 2499119 | AC30: =+AA30+V30+Q30 -> 6508914.4
A31: 1.4.5 | B31: MMD-AP0566HP1-E | C31: BIMENSUAL | D31: 4 | E31: 0 | F31: 4 | G31: =(3+(4/4)) -> 4 | H31: =E31+F31+G31 -> 8 | J31: 234000 | L31: 200000 | N31: =AVERAGE(J31,L31) -> 217000 | O31: =(N31*19%) -> 41230 | P31: =+O31+N31 -> 258230 | Q31: =+P31*E31*D31 -> 0 | S31: =N31+(N31*4.4%) -> 226548 | T31: =S31*19% -> 43044.12 | U31: =+T31+S31 -> 269592.12 | V31: =+U31*F31*D31 -> 4313473.9 | X31: =S31+(S31*3%) -> 233344.44 | Y31: =X31*19% -> 44335.444 | Z31: =+Y31+X31 -> 277679.88 | AA31: =+Z31*G31*D31 -> 4442878.1 | AC31: =+AA31+V31+Q31 -> 8756352.1
A32: 1.4.6 | B32: MMD-AP0726HP1-E | C32: BIMENSUAL | D32: 4 | E32: =1/4 -> 0.25 | F32: 4 | G32: =3+(3/4) -> 3.75 | H32: =E32+F32+G32 -> 8 | J32: 234000 | L32: 200000 | N32: =AVERAGE(J32,L32) -> 217000 | O32: =(N32*19%) -> 41230 | P32: =+O32+N32 -> 258230 | Q32: =+P32*E32*D32 -> 258230 | S32: =N32+(N32*4.4%) -> 226548 | T32: =S32*19% -> 43044.12 | U32: =+T32+S32 -> 269592.12 | V32: =+U32*F32*D32 -> 4313473.9 | X32: =S32+(S32*3%) -> 233344.44 | Y32: =X32*19% -> 44335.444 | Z32: =+Y32+X32 -> 277679.88 | AA32: =+Z32*G32*D32 -> 4165198.3 | AC32: =+AA32+V32+Q32 -> 8736902.2
A33: 1.5 | B33: UNIDAD PARED
A34: 1.5.1 | B34: MMK-AP0077HP-E | C34: BIMENSUAL | D34: 137 | E34: =29/137 -> 0.21167883 | F34: 4 | G34: =3+(108/137) -> 3.7883212 | H34: =E34+F34+G34 -> 8 | J34: 108910.43 | L34: 135000 | N34: =AVERAGE(J34,L34) -> 121955.22 | O34: =(N34*19%) -> 23171.491 | P34: =+O34+N34 -> 145126.71 | Q34: =+P34*E34*D34 -> 4208674.5 | S34: =N34+(N34*4.4%) -> 127321.25 | T34: =S34*19% -> 24191.037 | U34: =+T34+S34 -> 151512.28 | V34: =+U34*F34*D34 -> 83028731 | X34: =S34+(S34*3%) -> 131140.88 | Y34: =X34*19% -> 24916.768 | Z34: =+Y34+X34 -> 156057.65 | AA34: =+Z34*G34*D34 -> 80993922 | AC34: =+AA34+V34+Q34 -> 1.6823133e+08
A35: 1.5.2 | B35: MMK-AP0097HP-E | C35: BIMENSUAL | D35: 29 | E35: =15/D35 -> 0.51724138 | F35: 4 | G35: =3+(14/29) -> 3.4827586 | H35: =E35+F35+G35 -> 8 | J35: 108910.45 | L35: 135000 | N35: =AVERAGE(J35,L35) -> 121955.22 | O35: =(N35*19%) -> 23171.492 | P35: =+O35+N35 -> 145126.72 | Q35: =+P35*E35*D35 -> 2176900.7 | S35: =N35+(N35*4.4%) -> 127321.25 | T35: =S35*19% -> 24191.038 | U35: =+T35+S35 -> 151512.29 | V35: =+U35*F35*D35 -> 17575426 | X35: =S35+(S35*3%) -> 131140.89 | Y35: =X35*19% -> 24916.769 | Z35: =+Y35+X35 -> 156057.66 | AA35: =+Z35*G35*D35 -> 15761824 | AC35: =+AA35+V35+Q35 -> 35514150
A36: 1.5.3 | B36: MMK-AP0127HP-E | C36: BIMENSUAL | D36: 10 | E36: =10/10 -> 1 | F36: 4 | G36: 3 | H36: =E36+F36+G36 -> 8 | J36: 108910.46 | L36: 135000 | N36: =AVERAGE(J36,L36) -> 121955.23 | O36: =(N36*19%) -> 23171.493 | P36: =+O36+N36 -> 145126.72 | Q36: =+P36*E36*D36 -> 1451267.2 | S36: =N36+(N36*4.4%) -> 127321.26 | T36: =S36*19% -> 24191.039 | U36: =+T36+S36 -> 151512.3 | V36: =+U36*F36*D36 -> 6060491.9 | X36: =S36+(S36*3%) -> 131140.9 | Y36: =X36*19% -> 24916.77 | Z36: =+Y36+X36 -> 156057.67 | AA36: =+Z36*G36*D36 -> 4681730 | AC36: =+AA36+V36+Q36 -> 12193489
A37: 1.5.4 | B37: MMK-AP0153HP-E | C37: BIMENSUAL | D37: 9 | E37: =(1/9) -> 0.11111111 | F37: 4 | G37: =3+(8/9) -> 3.8888889 | H37: =E37+F37+G37 -> 8 | J37: 108910.48 | L37: 135000 | N37: =AVERAGE(J37,L37) -> 121955.24 | O37: =(N37*19%) -> 23171.495 | P37: =+O37+N37 -> 145126.73 | Q37: =+P37*E37*D37 -> 145126.73 | S37: =N37+(N37*4.4%) -> 127321.27 | T37: =S37*19% -> 24191.041 | U37: =+T37+S37 -> 151512.31 | V37: =+U37*F37*D37 -> 5454443.2 | X37: =S37+(S37*3%) -> 131140.91 | Y37: =X37*19% -> 24916.772 | Z37: =+Y37+X37 -> 156057.68 | AA37: =+Z37*G37*D37 -> 5462018.8 | AC37: =+AA37+V37+Q37 -> 11061589
A38: 1.6 | B38: EQUIPOS VENTILACION
A39: 1.6.1 | B39: UNIDAD EXTRACCION HONGO | C39: BIMENSUAL | D39: 7 | E39: 0 | F39: 4 | G39: =3+(7/7) -> 4 | H39: =E39+F39+G39 -> 8 | J39: 150156.64 | L39: 165000 | N39: =AVERAGE(J39,L39) -> 157578.32 | O39: =(N39*19%) -> 29939.881 | P39: =+O39+N39 -> 187518.2 | Q39: =+P39*E39*D39 -> 0 | S39: =N39+(N39*4.4%) -> 164511.77 | T39: =S39*19% -> 31257.236 | U39: =+T39+S39 -> 195769 | V39: =+U39*F39*D39 -> 5481532.1 | X39: =S39+(S39*3%) -> 169447.12 | Y39: =X39*19% -> 32194.953 | Z39: =+Y39+X39 -> 201642.07 | AA39: =+Z39*G39*D39 -> 5645978 | AC39: =+AA39+V39+Q39 -> 11127510
A40: 1.6.2 | B40: UNIDAD EXTRACCION | C40: BIMENSUAL | D40: 4 | E40: 0 | F40: 4 | G40: =3+(4/4) -> 4 | H40: =E40+F40+G40 -> 8 | J40: 106782.75 | L40: 165000 | N40: =AVERAGE(J40,L40) -> 135891.37 | O40: =(N40*19%) -> 25819.361 | P40: =+O40+N40 -> 161710.73 | Q40: =+P40*E40*D40 -> 0 | S40: =N40+(N40*4.4%) -> 141870.59 | T40: =S40*19% -> 26955.413 | U40: =+T40+S40 -> 168826.01 | V40: =+U40*F40*D40 -> 2701216.1 | X40: =S40+(S40*3%) -> 146126.71 | Y40: =X40*19% -> 27764.075 | Z40: =+Y40+X40 -> 173890.79 | AA40: =+Z40*G40*D40 -> 2782252.6 | AC40: =+AA40+V40+Q40 -> 5483468.7
A41: 1.6.3 | B41: UNIDAD VENTILADOR DIRECCIONADOR | C41: BIMENSUAL | D41: 4 | E41: 0 | F41: 4 | G41: =3+(4/4) -> 4 | H41: =E41+F41+G41 -> 8 | J41: 99100.841 | L41: 165000 | N41: =AVERAGE(J41,L41) -> 132050.42 | O41: =(N41*19%) -> 25089.58 | P41: =+O41+N41 -> 157140 | Q41: =+P41*E41*D41 -> 0 | S41: =N41+(N41*4.4%) -> 137860.64 | T41: =S41*19% -> 26193.521 | U41: =+T41+S41 -> 164054.16 | V41: =+U41*F41*D41 -> 2624866.6 | X41: =S41+(S41*3%) -> 141996.46 | Y41: =X41*19% -> 26979.327 | Z41: =+Y41+X41 -> 168975.79 | AA41: =+Z41*G41*D41 -> 2703612.6 | AC41: =+AA41+V41+Q41 -> 5328479.1
A42: 1.6.4 | B42: UNIDAD DE EXTRACCION SOTANOS | C42: BIMENSUAL | D42: 9 | E42: 0 | F42: 4 | G42: =3+(9/9) -> 4 | H42: =E42+F42+G42 -> 8 | J42: 151369.81 | L42: 165000 | N42: =AVERAGE(J42,L42) -> 158184.9 | O42: =(N42*19%) -> 30055.131 | P42: =+O42+N42 -> 188240.03 | Q42: =+P42*E42*D42 -> 0 | S42: =N42+(N42*4.4%) -> 165145.04 | T42: =S42*19% -> 31377.557 | U42: =+T42+S42 -> 196522.6 | V42: =+U42*F42*D42 -> 7074813.4 | X42: =S42+(S42*3%) -> 170099.39 | Y42: =X42*19% -> 32318.884 | Z42: =+Y42+X42 -> 202418.27 | AA42: =+Z42*G42*D42 -> 7287057.8 | AC42: =+AA42+V42+Q42 -> 14361871
A43: 1.6.5 | B43: UNIDAD VENTILACION SUMINISTROS | C43: BIMENSUAL | D43: 3 | E43: 0 | F43: 4 | G43: =3+(3/3) -> 4 | H43: =E43+F43+G43 -> 8 | J43: 150156.78 | L43: 165000 | N43: =AVERAGE(J43,L43) -> 157578.39 | O43: =(N43*19%) -> 29939.894 | P43: =+O43+N43 -> 187518.29 | Q43: =+P43*E43*D43 -> 0 | S43: =N43+(N43*4.4%) -> 164511.84 | T43: =S43*19% -> 31257.25 | U43: =+T43+S43 -> 195769.09 | V43: =+U43*F43*D43 -> 2349229.1 | X43: =S43+(S43*3%) -> 169447.2 | Y43: =X43*19% -> 32194.967 | Z43: =+Y43+X43 -> 201642.16 | AA43: =+Z43*G43*D43 -> 2419706 | AC43: =+AA43+V43+Q43 -> 4768935
A44: 1.6.6 | B44: UNIDAD EXTRACCION CUBIERTA | C44: BIMENSUAL | D44: 6 | E44: 0 | F44: 4 | G44: =3+(6/6) -> 4 | H44: =E44+F44+G44 -> 8 | J44: 111759.77 | L44: 165000 | N44: =AVERAGE(J44,L44) -> 138379.89 | O44: =(N44*19%) -> 26292.178 | P44: =+O44+N44 -> 164672.06 | Q44: =+P44*E44*D44 -> 0 | S44: =N44+(N44*4.4%) -> 144468.6 | T44: =S44*19% -> 27449.034 | U44: =+T44+S44 -> 171917.63 | V44: =+U44*F44*D44 -> 4126023.2 | X44: =S44+(S44*3%) -> 148802.66 | Y44: =X44*19% -> 28272.505 | Z44: =+Y44+X44 -> 177075.16 | AA44: =+Z44*G44*D44 -> 4249803.9 | AC44: =+AA44+V44+Q44 -> 8375827.1
A45: 1.6.7 | B45: UNIDADES ESTRACCION PISOS | C45: BIMENSUAL | D45: 5 | E45: 0 | F45: 4 | G45: =3+(5/5) -> 4 | H45: =E45+F45+G45 -> 8 | J45: 137078.34 | L45: 165000 | N45: =AVERAGE(J45,L45) -> 151039.17 | O45: =(N45*19%) -> 28697.442 | P45: =+O45+N45 -> 179736.61 | Q45: =+P45*E45*D45 -> 0 | S45: =N45+(N45*4.4%) -> 157684.89 | T45: =S45*19% -> 29960.13 | U45: =+T45+S45 -> 187645.02 | V45: =+U45*F45*D45 -> 3752900.5 | X45: =S45+(S45*3%) -> 162415.44 | Y45: =X45*19% -> 30858.934 | Z45: =+Y45+X45 -> 193274.37 | AA45: =+Z45*G45*D45 -> 3865487.5 | AC45: =+AA45+V45+Q45 -> 7618387.9
A46: 1.7 | B46: SISTEMA DE CONTROL
A47: 1.7.1 | B47: MANTENIMIENTO SISTEMA CONTROL VENTILACION | C47: MENSUAL | D47: 1 | E47: 0 | F47: 4 | G47: 4 | H47: =E47+F47+G47 -> 8 | J47: 505096.34 | L47: 580000 | N47: =AVERAGE(J47,L47) -> 542548.17 | O47: =(N47*19%) -> 103084.15 | P47: =+O47+N47 -> 645632.32 | Q47: =+P47*E47*D47 -> 0 | S47: =N47+(N47*4.4%) -> 566420.29 | T47: =S47*19% -> 107619.86 | U47: =+T47+S47 -> 674040.15 | V47: =+U47*F47*D47 -> 2696160.6 | X47: =S47+(S47*3%) -> 583412.9 | Y47: =X47*19% -> 110848.45 | Z47: =+Y47+X47 -> 694261.35 | AA47: =+Z47*G47*D47 -> 2777045.4 | AC47: =+AA47+V47+Q47 -> 5473206
A48: 1.7.2 | B48: MANTENIMIENTO SISTEMA CONTROL VRF | C48: MENSUAL | D48: 1 | E48: 0 | F48: 4 | G48: 4 | H48: =E48+F48+G48 -> 8 | J48: 766071.07 | L48: 900000 | N48: =AVERAGE(J48,L48) -> 833035.53 | O48: =(N48*19%) -> 158276.75 | P48: =+O48+N48 -> 991312.28 | Q48: =+P48*E48*D48 -> 0 | S48: =N48+(N48*4.4%) -> 869689.1 | T48: =S48*19% -> 165240.93 | U48: =+T48+S48 -> 1034930 | V48: =+U48*F48*D48 -> 4139720.1 | X48: =S48+(S48*3%) -> 895779.77 | Y48: =X48*19% -> 170198.16 | Z48: =+Y48+X48 -> 1065977.9 | AA48: =+Z48*G48*D48 -> 4263911.7 | AC48: =+AA48+V48+Q48 -> 8403631.8
A49: 2 | B49: SISTEMA VRF SAMSUNG
A50: 2.1 | B50: UNIDADES CONDENSADORAS SAMSUNG
A51: 2.1.1 | B51: AM180MXVAFC | C51: BIMENSUAL | D51: 1 | E51: 0 | F51: 4 | G51: =3+(1/1) -> 4 | H51: =E51+F51+G51 -> 8 | J51: 325000 | L51: 300000 | N51: =AVERAGE(J51,L51) -> 312500 | O51: =(N51*19%) -> 59375 | P51: =+O51+N51 -> 371875 | Q51: =+P51*E51*D51 -> 0 | S51: =N51+(N51*4.4%) -> 326250 | T51: =S51*19% -> 61987.5 | U51: =+T51+S51 -> 388237.5 | V51: =+U51*F51*D51 -> 1552950 | X51: =S51+(S51*3%) -> 336037.5 | Y51: =X51*19% -> 63847.125 | Z51: =+Y51+X51 -> 399884.62 | AA51: =+Z51*G51*D51 -> 1599538.5 | AC51: =+AA51+V51+Q51 -> 3152488.5
A52: 2.1.2 | B52: AM200MXVAFC | C52: BIMENSUAL | D52: 1 | E52: 0 | F52: 4 | G52: =3+(1/1) -> 4 | H52: =E52+F52+G52 -> 8 | J52: 325000 | L52: 300000 | N52: =AVERAGE(J52,L52) -> 312500 | O52: =(N52*19%) -> 59375 | P52: =+O52+N52 -> 371875 | Q52: =+P52*E52*D52 -> 0 | S52: =N52+(N52*4.4%) -> 326250 | T52: =S52*19% -> 61987.5 | U52: =+T52+S52 -> 388237.5 | V52: =+U52*F52*D52 -> 1552950 | X52: =S52+(S52*3%) -> 336037.5 | Y52: =X52*19% -> 63847.125 | Z52: =+Y52+X52 -> 399884.62 | AA52: =+Z52*G52*D52 -> 1599538.5 | AC52: =+AA52+V52+Q52 -> 3152488.5
A53: 2.2 | B53: UNIDAD CASSETTE SAMSUNG
A54: 2.2.1 | B54: AN036NN4DCH | C54: BIMENSUAL | D54: 4 | E54: 0 | F54: 4 | G54: =3+(4/4) -> 4 | H54: =E54+F54+G54 -> 8 | J54: 158758.8 | L54: 250000 | N54: =AVERAGE(J54,L54) -> 204379.4 | O54: =(N54*19%) -> 38832.086 | P54: =+O54+N54 -> 243211.49 | Q54: =+P54*E54*D54 -> 0 | S54: =N54+(N54*4.4%) -> 213372.09 | T54: =S54*19% -> 40540.698 | U54: =+T54+S54 -> 253912.79 | V54: =+U54*F54*D54 -> 4062604.7 | X54: =S54+(S54*3%) -> 219773.26 | Y54: =X54*19% -> 41756.919 | Z54: =+Y54+X54 -> 261530.18 | AA54: =+Z54*G54*D54 -> 4184482.8 | AC54: =+AA54+V54+Q54 -> 8247087.5
A55: 2.3 | B55: UNIDAD PARED SAMSUNG
A56: 2.3.1 | B56: AM009KNQDCH | C56: BIMENSUAL | D56: 18 | E56: 0 | F56: 4 | G56: =3+(18/18) -> 4 | H56: =E56+F56+G56 -> 8 | J56: 108910.46 | L56: 150000 | N56: =AVERAGE(J56,L56) -> 129455.23 | O56: =(N56*19%) -> 24596.493 | P56: =+O56+N56 -> 154051.72 | Q56: =+P56*E56*D56 -> 0 | S56: =N56+(N56*4.4%) -> 135151.26 | T56: =S56*19% -> 25678.739 | U56: =+T56+S56 -> 160830 | V56: =+U56*F56*D56 -> 11579760 | X56: =S56+(S56*3%) -> 139205.8 | Y56: =X56*19% -> 26449.101 | Z56: =+Y56+X56 -> 165654.9 | AA56: =+Z56*G56*D56 -> 11927153 | AC56: =+AA56+V56+Q56 -> 23506912
A57: 2.3.2 | B57: AM018KNQDCH | C57: BIMENSUAL | D57: 1 | E57: 0 | F57: 4 | G57: =3+(1/1) -> 4 | H57: =E57+F57+G57 -> 8 | J57: 108910.46 | L57: 150000 | N57: =AVERAGE(J57,L57) -> 129455.23 | O57: =(N57*19%) -> 24596.493 | P57: =+O57+N57 -> 154051.72 | Q57: =+P57*E57*D57 -> 0 | S57: =N57+(N57*4.4%) -> 135151.26 | T57: =S57*19% -> 25678.739 | U57: =+T57+S57 -> 160830 | V57: =+U57*F57*D57 -> 643319.99 | X57: =S57+(S57*3%) -> 139205.8 | Y57: =X57*19% -> 26449.101 | Z57: =+Y57+X57 -> 165654.9 | AA57: =+Z57*G57*D57 -> 662619.59 | AC57: =+AA57+V57+Q57 -> 1305939.6
A58: 2.3.3 | B58: AM012KNQDCH | C58: BIMENSUAL | D58: 1 | E58: 0 | F58: 4 | G58: =3+(1/1) -> 4 | H58: =E58+F58+G58 -> 8 | J58: 108910.46 | L58: 150000 | N58: =AVERAGE(J58,L58) -> 129455.23 | O58: =(N58*19%) -> 24596.493 | P58: =+O58+N58 -> 154051.72 | Q58: =+P58*E58*D58 -> 0 | S58: =N58+(N58*4.4%) -> 135151.26 | T58: =S58*19% -> 25678.739 | U58: =+T58+S58 -> 160830 | V58: =+U58*F58*D58 -> 643319.99 | X58: =S58+(S58*3%) -> 139205.8 | Y58: =X58*19% -> 26449.101 | Z58: =+Y58+X58 -> 165654.9 | AA58: =+Z58*G58*D58 -> 662619.59 | AC58: =+AA58+V58+Q58 -> 1305939.6
A59: 2.4 | B59: CAJA PORTA FLITRO
A60: 2.4.1 | B60: CAJA FILTRANTE MFL315 | C60: BIMENSUAL | D60: 1 | E60: 0 | F60: 4 | G60: =3+(1/1) -> 4 | H60: =E60+F60+G60 -> 8 | J60: 260000 | L60: 180000 | N60: =AVERAGE(J60,L60) -> 220000 | O60: =(N60*19%) -> 41800 | P60: =+O60+N60 -> 261800 | Q60: =+P60*E60*D60 -> 0 | S60: =N60+(N60*4.4%) -> 229680 | T60: =S60*19% -> 43639.2 | U60: =+T60+S60 -> 273319.2 | V60: =+U60*F60*D60 -> 1093276.8 | X60: =S60+(S60*3%) -> 236570.4 | Y60: =X60*19% -> 44948.376 | Z60: =+Y60+X60 -> 281518.78 | AA60: =+Z60*G60*D60 -> 1126075.1 | AC60: =+AA60+V60+Q60 -> 2219351.9
A61: VALOR MANTENIMIENTO PREVENTIVO Y CORRECTIVO | Q61: =SUM(Q9:Q60) -> 32069499 | V61: =SUM(V9:V60) -> 4.3936053e+08 | AA61: =SUM(AA9:AA60) -> 4.1805637e+08 | AC61: =SUM(AC9:AC60) -> 8.894864e+08
A62: LISTA DE REPUESTOS | J62: COTIZACION 1 AIRE CARIBE S.A 890.402.550-4 | L62: COTIZACION 2 FELIZ ARGEYDE ORTIZ GARZON 88.253.087-6
A63: ÍTEM | B63: DESCRIPCIÓN DETALLADA REPUESTOS | G63: UNIDAD | H63: CANTIDAD | J63: VALOR UNITARIO 1 | L63: VALOR UNITARIO 2 | N63: VALOR UNITARIO | O63: IVA UNITARIO | P63: VALOR UNITARIO INCLUIDO IVA | Q63: VALOR TOTAL INCLUIDO IVA | S63: VALOR UNITARIO | T63: IVA UNITARIO | U63: VALOR UNITARIO INCLUIDO IVA | V63: VALOR TOTAL INCLUIDO IVA | X63: VALOR UNITARIO | Y63: IVA UNITARIO | Z63: VALOR UNITARIO INCLUIDO IVA | AA63: VALOR TOTAL INCLUIDO IVA | AC63: VALOR TOTAL INCLUIDO IVA
A64: 1 | B64: Instalacion de filtros piedra para unidades de circulo VRF- condensadoras. Incluye: Cambio FILTRO SUCCION NUCLEO RC 4864 HH SPORLAN (Filtro de acidez) Dos cilindros de nitrogeno 7 m3. Bomba de vacion con un Gl de aceite para vacio. Cilindro de refrigerante R410a Chemours 25 LB | G64: UN | H64: 1 | J64: 1383206.8 | L64: 1180000 | N64: =AVERAGE(J64,L64) -> 1281603.4 | O64: =(N64*19%) -> 243504.65 | P64: =+O64+N64 -> 1525108.1 | Q64: =+P64*H64 -> 1525108.1 | S64: =N64+(N64*4.4%) -> 1337994 | T64: =S64*19% -> 254218.85 | U64: =+T64+S64 -> 1592212.8 | V64: =+U64*H64 -> 1592212.8 | X64: =S64+(S64*3%) -> 1378133.8 | Y64: =X64*19% -> 261845.42 | Z64: =+Y64+X64 -> 1639979.2 | AA64: =+Z64*H64 -> 1639979.2 | AC64: =+AA64+V64+Q64 -> 4757300.1
A65: 2 | B65: Suministro de FILTRO PREFILTRO FIBRA SINTETICA MERV8 MARCO CARTON EF 30-35% 20"X20"X1" | G65: UN | H65: 1 | J65: 289609.49 | L65: 260000 | N65: =AVERAGE(J65,L65) -> 274804.74 | O65: =(N65*19%) -> 52212.901 | P65: =+O65+N65 -> 327017.64 | Q65: =+P65*H65 -> 327017.64 | S65: =N65+(N65*4.4%) -> 286896.15 | T65: =S65*19% -> 54510.269 | U65: =+T65+S65 -> 341406.42 | V65: =+U65*H65 -> 341406.42 | X65: =S65+(S65*3%) -> 295503.04 | Y65: =X65*19% -> 56145.577 | Z65: =+Y65+X65 -> 351648.61 | AA65: =+Z65*H65 -> 351648.61 | AC65: =+AA65+V65+Q65 -> 1020072.7
A66: 3 | B66: Suministro de FILTRO PREFILTRO FIBRA SINTETICA MERV8 MARCO CARTON EF 30-35% 16"X20"X1" | G66: UN | H66: 1 | J66: 328586.75 | L66: 290000 | N66: =AVERAGE(J66,L66) -> 309293.37 | O66: =(N66*19%) -> 58765.741 | P66: =+O66+N66 -> 368059.11 | Q66: =+P66*H66 -> 368059.11 | S66: =N66+(N66*4.4%) -> 322902.28 | T66: =S66*19% -> 61351.434 | U66: =+T66+S66 -> 384253.72 | V66: =+U66*H66 -> 384253.72 | X66: =S66+(S66*3%) -> 332589.35 | Y66: =X66*19% -> 63191.977 | Z66: =+Y66+X66 -> 395781.33 | AA66: =+Z66*H66 -> 395781.33 | AC66: =+AA66+V66+Q66 -> 1148094.2
A67: 4 | B67: Suministro de FILTRO PREFILTRO FIBRA SINTETICA MERV8 MARCO CARTON EF 30-35% 24"X12"X2" | G67: UN | H67: 1 | J67: 393548.85 | L67: 356000 | N67: =AVERAGE(J67,L67) -> 374774.42 | O67: =(N67*19%) -> 71207.14 | P67: =+O67+N67 -> 445981.56 | Q67: =+P67*H67 -> 445981.56 | S67: =N67+(N67*4.4%) -> 391264.5 | T67: =S67*19% -> 74340.255 | U67: =+T67+S67 -> 465604.75 | V67: =+U67*H67 -> 465604.75 | X67: =S67+(S67*3%) -> 403002.43 | Y67: =X67*19% -> 76570.462 | Z67: =+Y67+X67 -> 479572.9 | AA67: =+Z67*H67 -> 479572.9 | AC67: =+AA67+V67+Q67 -> 1391159.2
A68: 5 | B68: Suministro de FILTRO PREFILTRO FIBRA SINTETICA MERV8 MARCO CARTON EF 30-35% 24"X16"X2" | G68: UN | H68: 1 | J68: 465007.16 | L68: 420000 | N68: =AVERAGE(J68,L68) -> 442503.58 | O68: =(N68*19%) -> 84075.68 | P68: =+O68+N68 -> 526579.26 | Q68: =+P68*H68 -> 526579.26 | S68: =N68+(N68*4.4%) -> 461973.74 | T68: =S68*19% -> 87775.01 | U68: =+T68+S68 -> 549748.75 | V68: =+U68*H68 -> 549748.75 | X68: =S68+(S68*3%) -> 475832.95 | Y68: =X68*19% -> 90408.26 | Z68: =+Y68+X68 -> 566241.21 | AA68: =+Z68*H68 -> 566241.21 | AC68: =+AA68+V68+Q68 -> 1642569.2
A69: 6 | B69: Suministro de FILTRO PREFILTRO FIBRA SINTETICA MERV8 MARCO CARTON EF 30-35% 20"X16"X2" | G69: UN | H69: 1 | J69: 542961.68 | L69: 510600 | N69: =AVERAGE(J69,L69) -> 526780.84 | O69: =(N69*19%) -> 100088.36 | P69: =+O69+N69 -> 626869.2 | Q69: =+P69*H69 -> 626869.2 | S69: =N69+(N69*4.4%) -> 549959.2 | T69: =S69*19% -> 104492.25 | U69: =+T69+S69 -> 654451.44 | V69: =+U69*H69 -> 654451.44 | X69: =S69+(S69*3%) -> 566457.97 | Y69: =X69*19% -> 107627.01 | Z69: =+Y69+X69 -> 674084.99 | AA69: =+Z69*H69 -> 674084.99 | AC69: =+AA69+V69+Q69 -> 1955405.6
A70: 7 | B70: Suministro correas de transmisionTrapezoidal A23 | G70: UN | H70: 1 | J70: 115284.99 | L70: 105400 | N70: =AVERAGE(J70,L70) -> 110342.5 | O70: =(N70*19%) -> 20965.074 | P70: =+O70+N70 -> 131307.57 | Q70: =+P70*H70 -> 131307.57 | S70: =N70+(N70*4.4%) -> 115197.57 | T70: =S70*19% -> 21887.537 | U70: =+T70+S70 -> 137085.1 | V70: =+U70*H70 -> 137085.1 | X70: =S70+(S70*3%) -> 118653.49 | Y70: =X70*19% -> 22544.164 | Z70: =+Y70+X70 -> 141197.66 | AA70: =+Z70*H70 -> 141197.66 | AC70: =+AA70+V70+Q70 -> 409590.33
A71: 8 | B71: Suministro correas de transmisionTrapezoidal A24 | G71: UN | H71: 1 | J71: 115284.99 | L71: 105400 | N71: =AVERAGE(J71,L71) -> 110342.5 | O71: =(N71*19%) -> 20965.074 | P71: =+O71+N71 -> 131307.57 | Q71: =+P71*H71 -> 131307.57 | S71: =N71+(N71*4.4%) -> 115197.57 | T71: =S71*19% -> 21887.537 | U71: =+T71+S71 -> 137085.1 | V71: =+U71*H71 -> 137085.1 | X71: =S71+(S71*3%) -> 118653.49 | Y71: =X71*19% -> 22544.164 | Z71: =+Y71+X71 -> 141197.66 | AA71: =+Z71*H71 -> 141197.66 | AC71: =+AA71+V71+Q71 -> 409590.33
A72: 9 | B72: Suministro correas de transmisionTrapezoidal A25 | G72: UN | H72: 1 | J72: 115284.99 | L72: 105400 | N72: =AVERAGE(J72,L72) -> 110342.5 | O72: =(N72*19%) -> 20965.074 | P72: =+O72+N72 -> 131307.57 | Q72: =+P72*H72 -> 131307.57 | S72: =N72+(N72*4.4%) -> 115197.57 | T72: =S72*19% -> 21887.537 | U72: =+T72+S72 -> 137085.1 | V72: =+U72*H72 -> 137085.1 | X72: =S72+(S72*3%) -> 118653.49 | Y72: =X72*19% -> 22544.164 | Z72: =+Y72+X72 -> 141197.66 | AA72: =+Z72*H72 -> 141197.66 | AC72: =+AA72+V72+Q72 -> 409590.33
A73: 10 | B73: Suministro correas de transmisionTrapezoidal A26 | G73: UN | H73: 1 | J73: 115859.91 | L73: 105400 | N73: =AVERAGE(J73,L73) -> 110629.95 | O73: =(N73*19%) -> 21019.691 | P73: =+O73+N73 -> 131649.64 | Q73: =+P73*H73 -> 131649.64 | S73: =N73+(N73*4.4%) -> 115497.67 | T73: =S73*19% -> 21944.557 | U73: =+T73+S73 -> 137442.23 | V73: =+U73*H73 -> 137442.23 | X73: =S73+(S73*3%) -> 118962.6 | Y73: =X73*19% -> 22602.894 | Z73: =+Y73+X73 -> 141565.49 | AA73: =+Z73*H73 -> 141565.49 | AC73: =+AA73+V73+Q73 -> 410657.37
A74: 11 | B74: Suministro correas de transmisionTrapezoidal A28 | G74: UN | H74: 1 | J74: 115284.99 | L74: 105400 | N74: =AVERAGE(J74,L74) -> 110342.5 | O74: =(N74*19%) -> 20965.074 | P74: =+O74+N74 -> 131307.57 | Q74: =+P74*H74 -> 131307.57 | S74: =N74+(N74*4.4%) -> 115197.57 | T74: =S74*19% -> 21887.537 | U74: =+T74+S74 -> 137085.1 | V74: =+U74*H74 -> 137085.1 | X74: =S74+(S74*3%) -> 118653.49 | Y74: =X74*19% -> 22544.164 | Z74: =+Y74+X74 -> 141197.66 | AA74: =+Z74*H74 -> 141197.66 | AC74: =+AA74+V74+Q74 -> 409590.33
A75: 12 | B75: Suministro correas de transmisionTrapezoidal A30 | G75: UN | H75: 1 | J75: 115284.99 | L75: 105400 | N75: =AVERAGE(J75,L75) -> 110342.5 | O75: =(N75*19%) -> 20965.074 | P75: =+O75+N75 -> 131307.57 | Q75: =+P75*H75 -> 131307.57 | S75: =N75+(N75*4.4%) -> 115197.57 | T75: =S75*19% -> 21887.537 | U75: =+T75+S75 -> 137085.1 | V75: =+U75*H75 -> 137085.1 | X75: =S75+(S75*3%) -> 118653.49 | Y75: =X75*19% -> 22544.164 | Z75: =+Y75+X75 -> 141197.66 | AA75: =+Z75*H75 -> 141197.66 | AC75: =+AA75+V75+Q75 -> 409590.33
... A105: 42 | B105: Suministro e instalacion de tarjeta electrnica para unidad tipo Fancoil modelo MMD marca TOSHIBA | G105: UN | H105: 1 | J105: 2968000 | L105: 2968000 | N105: =AVERAGE(J105,L105) -> 2968000 | O105: =(N105*19%) -> 563920 | P105: =+O105+N105 -> 3531920 | Q105: =+P105*H105 -> 3531920 | S105: =N105+(N105*4.4%) -> 3098592 | T105: =S105*19% -> 588732.48 | U105: =+T105+S105 -> 3687324.5 | V105: =+U105*H105 -> 3687324.5 | X105: =S105+(S105*3%) -> 3191549.8 | Y105: =X105*19% -> 606394.45 | Z105: =+Y105+X105 -> 3797944.2 | AA105: =+Z105*H105 -> 3797944.2 | AC105: =+AA105+V105+Q105 -> 11017189
A106: TOTAL LISTA DE REPUESTOS | Q106: =SUM(Q64:Q105) -> 83345762 | V106: =SUM(V64:V105) -> 87012975 | AA106: =SUM(AA64:AA105) -> 89623365 | AC106: =SUM(AC64:AC105) -> 2.599821e+08
A107: TOTAL MANTENIMIENTOS SIN LISTA DE REPUESTOS | Q107: =+Q61 -> 32069499 | V107: =+V61 -> 4.3936053e+08 | AA107: =+AA61 -> 4.1805637e+08 | AC107: =+AC61 -> 8.894864e+08
B110: NOTAS:
B111: 1) Se realizó el estudio con 2 cotizaciones la cual cumple con lo solicitado por la entidad
B112: 2) Para establecer el valor del mercado se toman los valores de referencia de la única cotización recibida
B113: 3) El valor del incremento se estima a partir del IPC del 4,4% para el año 2027 y del 3% para el año 2028, proyectado por el Ministerio de Hacienda y Crédito Público (MHPC) y el Departamento Nacional de Planeación (DNP), esto con el fin de mitigar la incertidumbre económica para el año 2027 y 2028
B114: 4) En el presente análisis se aplicó el procedimiento de aproximación generalmente aceptado por las reglas matemáticas denominado redondeo, que consiste en acercar los valores decimales al número entero más aproximado (esto es, si el tercer decimal es menor que 5, el segundo decimal se mantiene; si el tercer decimal es igual o mayor que 5, el segundo decimal se incrementa en uno).
B116: Fecha de elaboración: 13-10-2026
B117: Estudio del Sector: No: 0048-2026

Sheet ANEXO 2 - HISTORICO
A1: ANEXO 2 - ANALISIS DE COSTOS HISTORICOS
C2: OBJETO: Prestar el servicio técnico especializado para el mantenimiento preventivo, predictivo y correctivo con suministro de insumos y bolsa de repuestos de los aires acondicionados VRF y equipos de ventilación, que se encuentran instalados en la sede principal de la Fiscalía General de la Nación en la ciudad de Cúcuta.
A4: NECESIDAD | J4: OFERTA GANADORA PRESENTADA AIRE CARIBE AL PROCESO FGN-RNO-MEC-0011-2024 | L4: 45636 | M4: 46203 | O4: ANALISIS DE COSTOS HISTORICOS VALOR PARA 2026
A5: MANTENIMIENTOS | L5: 1.4488 | M5: 1.5953
A6: ITEM | B6: DESCRIPCIÓN DEL SERVICIO | C6: FRECUENCIA DE MANTENIMIENTOS | D6: CANTIDAD DE PLANTAS | E6: MATENIMIENTOS 2026 | F6: MATENIMIENTOS 2027 | G6: MATENIMIENTOS 2028 | H6: TOTAL MANTENIMIENTOS 2026-2028 | J6: VALOR UNITARIO SIN IVA | L6: VALOR UNITARIO SIN IVA | O6: VALOR UNITARIO | P6: IVA UNITARIO | Q6: VALOR UNITARIO INCLUIDO IVA | R6: VALOR TOTAL INCLUIDO IVA
A7: 1 | B7: SISTEMA VRF TOSHIBA
A8: 1.1 | B8: UNIDADES CONDENSADORAS
A9: 1.1.1 | B9: MMY-MAP0966HT6P-UL | C9: BIMENSUAL | D9: 5 | E9: 0 | F9: 4 | G9: =3+(5/5) -> 4 | H9: =E9+F9+G9 -> 8 | J9: 218446.13 | L9: =ROUND($M$5/$L$5*J9,2) -> 240535 | O9: =+L9 -> 240535 | P9: =O9*19% -> 45701.65 | Q9: =+P9+O9 -> 286236.65 | R9: =+Q9*E9*D9 -> 0
A10: 1.1.2 | B10: MMY-MAP1206HT6P-UL | C10: BIMENSUAL | D10: 10 | E10: =3/10 -> 0.3 | F10: 4 | G10: =3+(7/10) -> 3.7 | H10: =E10+F10+G10 -> 8 | J10: 218446.16 | L10: =ROUND($M$5/$L$5*J10,2) -> 240535.04 | O10: =+L10 -> 240535.04 | P10: =O10*19% -> 45701.658 | Q10: =+P10+O10 -> 286236.7 | R10: =+Q10*E10*D10 -> 858710.09
A11: 1.1.3 | B11: MMY-MAP1446HT6P-UL | C11: BIMENSUAL | D11: 18 | E11: =7/18 -> 0.38888889 | F11: 4 | G11: =3+(11/18) -> 3.6111111 | H11: =E11+F11+G11 -> 8 | J11: 229338.89 | L11: =ROUND($M$5/$L$5*J11,2) -> 252529.22 | O11: =+L11 -> 252529.22 | P11: =O11*19% -> 47980.552 | Q11: =+P11+O11 -> 300509.77 | R11: =+Q11*E11*D11 -> 2103568.4
A12: 1.1.4 | B12: MMY-MAP1686HT6P-UL | C12: BIMENSUAL | D12: 5 | E12: =3/5 -> 0.6 | F12: 4 | G12: =3+(2/5) -> 3.4 | H12: =E12+F12+G12 -> 8 | J12: 229338.89 | L12: =ROUND($M$5/$L$5*J12,2) -> 252529.22 | O12: =+L12 -> 252529.22 | P12: =O12*19% -> 47980.552 | Q12: =+P12+O12 -> 300509.77 | R12: =+Q12*E12*D12 -> 901529.32
A13: 1.2 | B13: UNIDAD DOAS
A14: 1.2.1 | B14: DOAS 1 | C14: BIMENSUAL | D14: 1 | E14: =1/1 -> 1 | F14: 4 | G14: 3 | H14: =E14+F14+G14 -> 8 | J14: 221713.5 | L14: =ROUND($M$5/$L$5*J14,2) -> 244132.76 | O14: =+L14 -> 244132.76 | P14: =O14*19% -> 46385.224 | Q14: =+P14+O14 -> 290517.98 | R14: =+Q14*E14*D14 -> 290517.98
A15: 1.2.2 | B15: DOAS 2 | C15: BIMENSUAL | D15: 1 | E15: =1/1 -> 1 | F15: 4 | G15: 3 | H15: =E15+F15+G15 -> 8 | J15: 221713.5 | L15: =ROUND($M$5/$L$5*J15,2) -> 244132.76 | O15: =+L15 -> 244132.76 | P15: =O15*19% -> 46385.224 | Q15: =+P15+O15 -> 290517.98 | R15: =+Q15*E15*D15 -> 290517.98
A16: 1.2.3 | B16: DOAS 3 | C16: BIMENSUAL | D16: 1 | E16: =1/1 -> 1 | F16: 4 | G16: 3 | H16: =E16+F16+G16 -> 8 | J16: 221713.5 | L16: =ROUND($M$5/$L$5*J16,2) -> 244132.76 | O16: =+L16 -> 244132.76 | P16: =O16*19% -> 46385.224 | Q16: =+P16+O16 -> 290517.98 | R16: =+Q16*E16*D16 -> 290517.98
A17: 1.3 | B17: UNIDAD CASSETTE
A18: 1.3.1 | B18: MMU-0094HP1-E | C18: BIMENSUAL | D18: 33 | E18: =13/33 -> 0.39393939 | F18: 4 | G18: =3+(20/33) -> 3.6060606 | H18: =E18+F18+G18 -> 8 | J18: 139964.02 | L18: =ROUND($M$5/$L$5*J18,2) -> 154116.93 | O18: =+L18 -> 154116.93 | P18: =O18*19% -> 29282.217 | Q18: =+P18+O18 -> 183399.15 | R18: =+Q18*E18*D18 -> 2384188.9
A19: 1.3.2 | B19: MMU-0124HP1-E | C19: BIMENSUAL | D19: 13 | E19: =4/13 -> 0.30769231 | F19: 4 | G19: =3+(9/13) -> 3.6923077 | H19: =E19+F19+G19 -> 8 | J19: 139964.02 | L19: =ROUND($M$5/$L$5*J19,2) -> 154116.93 | O19: =+L19 -> 154116.93 | P19: =O19*19% -> 29282.217 | Q19: =+P19+O19 -> 183399.15 | R19: =+Q19*E19*D19 -> 733596.59
A20: 1.3.3 | B20: MMU-0154HP1-E | C20: BIMENSUAL | D20: 25 | E20: =5/25 -> 0.2 | F20: 4 | G20: =3+(20/25) -> 3.8 | H20: =E20+F20+G20 -> 8 | J20: 139964.01 | L20: =ROUND($M$5/$L$5*J20,2) -> 154116.91 | O20: =+L20 -> 154116.91 | P20: =O20*19% -> 29282.213 | Q20: =+P20+O20 -> 183399.12 | R20: =+Q20*E20*D20 -> 916995.61
A21: 1.3.4 | B21: MMU-0184HP1-E | C21: BIMENSUAL | D21: 37 | E21: =11/37 -> 0.2972973 | F21: 4 | G21: =3+(26/37) -> 3.7027027 | H21: =E21+F21+G21 -> 8 | J21: 143667.1 | L21: =ROUND($M$5/$L$5*J21,2) -> 158194.45 | O21: =+L21 -> 158194.45 | P21: =O21*19% -> 30056.946 | Q21: =+P21+O21 -> 188251.4 | R21: =+Q21*E21*D21 -> 2070765.4
A22: 1.3.5 | B22: MMU-0244HP1-E | C22: BIMENSUAL | D22: 18 | E22: =5/18 -> 0.27777778 | F22: 4 | G22: =3+(13/18) -> 3.7222222 | H22: =E22+F22+G22 -> 8 | J22: 143667.09 | L22: =ROUND($M$5/$L$5*J22,2) -> 158194.44 | O22: =+L22 -> 158194.44 | P22: =O22*19% -> 30056.944 | Q22: =+P22+O22 -> 188251.38 | R22: =+Q22*E22*D22 -> 941256.92
A23: 1.3.6 | B23: MMU-0274HP1-E | C23: BIMENSUAL | D23: 48 | E23: =30/48 -> 0.625 | F23: 4 | G23: =3+(18/48) -> 3.375 | H23: =E23+F23+G23 -> 8 | J23: 143667.09 | L23: =ROUND($M$5/$L$5*J23,2) -> 158194.44 | O23: =+L23 -> 158194.44 | P23: =O23*19% -> 30056.944 | Q23: =+P23+O23 -> 188251.38 | R23: =+Q23*E23*D23 -> 5647541.5
A24: 1.3.7 | B24: MMU-0304HP1-E | C24: BIMENSUAL | D24: 14 | E24: 0 | F24: 4 | G24: =3+(14/14) -> 4 | H24: =E24+F24+G24 -> 8 | J24: 145410.13 | L24: =ROUND($M$5/$L$5*J24,2) -> 160113.74 | O24: =+L24 -> 160113.74 | P24: =O24*19% -> 30421.611 | Q24: =+P24+O24 -> 190535.35 | R24: =+Q24*E24*D24 -> 0
A25: 1.3.8 | B25: MMU-0366HP1-E | C25: BIMENSUAL | D25: 3 | E25: 0 | F25: 4 | G25: =3+(3/3) -> 4 | H25: =E25+F25+G25 -> 8 | J25: 145410.15 | L25: =ROUND($M$5/$L$5*J25,2) -> 160113.76 | O25: =+L25 -> 160113.76 | P25: =O25*19% -> 30421.614 | Q25: =+P25+O25 -> 190535.37 | R25: =+Q25*E25*D25 -> 0
A26: 1.4 | B26: UNIDAD FANCOIL
A27: 1.4.1 | B27: MMD-AP0156HP1-E | C27: BIMENSUAL | D27: 3 | E27: 0 | F27: 4 | G27: =3+(3/3) -> 4 | H27: =E27+F27+G27 -> 8 | J27: 149767.39 | L27: =ROUND($M$5/$L$5*J27,2) -> 164911.59 | O27: =+L27 -> 164911.59 | P27: =O27*19% -> 31333.202 | Q27: =+P27+O27 -> 196244.79 | R27: =+Q27*E27*D27 -> 0
A28: 1.4.2 | B28: MMD-AP0276HP1-E | C28: BIMENSUAL | D28: 14 | E28: =8/14 -> 0.57142857 | F28: 4 | G28: =3+(6/14) -> 3.4285714 | H28: =E28+F28+G28 -> 8 | J28: 149767.32 | L28: =ROUND($M$5/$L$5*J28,2) -> 164911.52 | O28: =+L28 -> 164911.52 | P28: =O28*19% -> 31333.189 | Q28: =+P28+O28 -> 196244.71 | R28: =+Q28*E28*D28 -> 1569957.7
A29: 1.4.3 | B29: MMD-AP0366HP1-E | C29: BIMENSUAL | D29: 8 | E29: =2/D29 -> 0.25 | F29: 4 | G29: =3+(6/8) -> 3.75 | H29: =E29+F29+G29 -> 8 | J29: 153470.37 | L29: =ROUND($M$5/$L$5*J29,2) -> 168989.01 | O29: =+L29 -> 168989.01 | P29: =O29*19% -> 32107.912 | Q29: =+P29+O29 -> 201096.92 | R29: =+Q29*E29*D29 -> 402193.84
A30: 1.4.4 | B30: MMD-AP0486HP1-E | C30: BIMENSUAL | D30: 3 | E30: =3/D30 -> 1 | F30: 4 | G30: 3 | H30: =E30+F30+G30 -> 8 | J30: 153470.51 | L30: =ROUND($M$5/$L$5*J30,2) -> 168989.17 | O30: =+L30 -> 168989.17 | P30: =O30*19% -> 32107.942 | Q30: =+P30+O30 -> 201097.11 | R30: =+Q30*E30*D30 -> 603291.34
A31: 1.4.5 | B31: MMD-AP0566HP1-E | C31: BIMENSUAL | D31: 4 | E31: 0 | F31: 4 | G31: =(3+(4/4)) -> 4 | H31: =E31+F31+G31 -> 8 | J31: 153470.47 | L31: =ROUND($M$5/$L$5*J31,2) -> 168989.12 | O31: =+L31 -> 168989.12 | P31: =O31*19% -> 32107.933 | Q31: =+P31+O31 -> 201097.05 | R31: =+Q31*E31*D31 -> 0
A32: 1.4.6 | B32: MMD-AP0726HP1-E | C32: BIMENSUAL | D32: 4 | E32: =1/4 -> 0.25 | F32: 4 | G32: =3+(3/4) -> 3.75 | H32: =E32+F32+G32 -> 8 | J32: 153470.47 | L32: =ROUND($M$5/$L$5*J32,2) -> 168989.12 | O32: =+L32 -> 168989.12 | P32: =O32*19% -> 32107.933 | Q32: =+P32+O32 -> 201097.05 | R32: =+Q32*E32*D32 -> 201097.05
A33: 1.5 | B33: UNIDAD PARED
A34: 1.5.1 | B34: MMK-AP0077HP-E | C34: BIMENSUAL | D34: 137 | E34: =29/137 -> 0.21167883 | F34: 4 | G34: =3+(108/137) -> 3.7883212 | H34: =E34+F34+G34 -> 8 | J34: 99753.1 | L34: =ROUND($M$5/$L$5*J34,2) -> 109839.95 | O34: =+L34 -> 109839.95 | P34: =O34*19% -> 20869.59 | Q34: =+P34+O34 -> 130709.54 | R34: =+Q34*E34*D34 -> 3790576.7
A35: 1.5.2 | B35: MMK-AP0097HP-E | C35: BIMENSUAL | D35: 29 | E35: =15/D35 -> 0.51724138 | F35: 4 | G35: =3+(14/29) -> 3.4827586 | H35: =E35+F35+G35 -> 8 | J35: 99753.11 | L35: =ROUND($M$5/$L$5*J35,2) -> 109839.96 | O35: =+L35 -> 109839.96 | P35: =O35*19% -> 20869.592 | Q35: =+P35+O35 -> 130709.55 | R35: =+Q35*E35*D35 -> 1960643.3
A36: 1.5.3 | B36: MMK-AP0127HP-E | C36: BIMENSUAL | D36: 10 | E36: =10/10 -> 1 | F36: 4 | G36: 3 | H36: =E36+F36+G36 -> 8 | J36: 99753.12 | L36: =ROUND($M$5/$L$5*J36,2) -> 109839.97 | O36: =+L36 -> 109839.97 | P36: =O36*19% -> 20869.594 | Q36: =+P36+O36 -> 130709.56 | R36: =+Q36*E36*D36 -> 1307095.6
A37: 1.5.4 | B37: MMK-AP0153HP-E | C37: BIMENSUAL | D37: 9 | E37: =(1/9) -> 0.11111111 | F37: 4 | G37: =3+(8/9) -> 3.8888889 | H37: =E37+F37+G37 -> 8 | J37: 99753.14 | L37: =ROUND($M$5/$L$5*J37,2) -> 109839.99 | O37: =+L37 -> 109839.99 | P37: =O37*19% -> 20869.598 | Q37: =+P37+O37 -> 130709.59 | R37: =+Q37*E37*D37 -> 130709.59
A38: 1.6 | B38: EQUIPOS VENTILACION
A39: 1.6.1 | B39: UNIDAD EXTRACCION HONGO | C39: BIMENSUAL | D39: 7 | E39: 0 | F39: 4 | G39: =3+(7/7) -> 4 | H39: =E39+F39+G39 -> 8 | J39: 137531.27 | L39: =ROUND($M$5/$L$5*J39,2) -> 151438.18 | O39: =+L39 -> 151438.18 | P39: =O39*19% -> 28773.254 | Q39: =+P39+O39 -> 180211.43 | R39: =+Q39*E39*D39 -> 0
A40: 1.6.2 | B40: UNIDAD EXTRACCION | C40: BIMENSUAL | D40: 4 | E40: 0 | F40: 4 | G40: =3+(4/4) -> 4 | H40: =E40+F40+G40 -> 8 | J40: 97804.31 | L40: =ROUND($M$5/$L$5*J40,2) -> 107694.1 | O40: =+L40 -> 107694.1 | P40: =O40*19% -> 20461.879 | Q40: =+P40+O40 -> 128155.98 | R40: =+Q40*E40*D40 -> 0
A41: 1.6.3 | B41: UNIDAD VENTILADOR DIRECCIONADOR | C41: BIMENSUAL | D41: 4 | E41: 0 | F41: 4 | G41: =3+(4/4) -> 4 | H41: =E41+F41+G41 -> 8 | J41: 90768.31 | L41: =ROUND($M$5/$L$5*J41,2) -> 99946.64 | O41: =+L41 -> 99946.64 | P41: =O41*19% -> 18989.862 | Q41: =+P41+O41 -> 118936.5 | R41: =+Q41*E41*D41 -> 0
A42: 1.6.4 | B42: UNIDAD DE EXTRACCION SOTANOS | C42: BIMENSUAL | D42: 9 | E42: 0 | F42: 4 | G42: =3+(9/9) -> 4 | H42: =E42+F42+G42 -> 8 | J42: 138642.43 | L42: =ROUND($M$5/$L$5*J42,2) -> 152661.7 | O42: =+L42 -> 152661.7 | P42: =O42*19% -> 29005.723 | Q42: =+P42+O42 -> 181667.42 | R42: =+Q42*E42*D42 -> 0
A43: 1.6.5 | B43: UNIDAD VENTILACION SUMINISTROS | C43: BIMENSUAL | D43: 3 | E43: 0 | F43: 4 | G43: =3+(3/3) -> 4 | H43: =E43+F43+G43 -> 8 | J43: 137531.4 | L43: =ROUND($M$5/$L$5*J43,2) -> 151438.32 | O43: =+L43 -> 151438.32 | P43: =O43*19% -> 28773.281 | Q43: =+P43+O43 -> 180211.6 | R43: =+Q43*E43*D43 -> 0
A44: 1.6.6 | B44: UNIDAD EXTRACCION CUBIERTA | C44: BIMENSUAL | D44: 6 | E44: 0 | F44: 4 | G44: =3+(6/6) -> 4 | H44: =E44+F44+G44 -> 8 | J44: 102362.86 | L44: =ROUND($M$5/$L$5*J44,2) -> 112713.6 | O44: =+L44 -> 112713.6 | P44: =O44*19% -> 21415.584 | Q44: =+P44+O44 -> 134129.18 | R44: =+Q44*E44*D44 -> 0
A45: 1.6.7 | B45: UNIDADES ESTRACCION PISOS | C45: BIMENSUAL | D45: 5 | E45: 0 | F45: 4 | G45: =3+(5/5) -> 4 | H45: =E45+F45+G45 -> 8 | J45: 125552.61 | L45: =ROUND($M$5/$L$5*J45,2) -> 138248.26 | O45: =+L45 -> 138248.26 | P45: =O45*19% -> 26267.169 | Q45: =+P45+O45 -> 164515.43 | R45: =+Q45*E45*D45 -> 0
A46: 1.7 | B46: SISTEMA DE CONTROL
A47: 1.7.1 | B47: MANTENIMIENTO SISTEMA CONTROL VENTILACION | C47: MENSUAL | D47: 1 | E47: 0 | F47: 4 | G47: 4 | H47: =E47+F47+G47 -> 8 | J47: 462627.17 | L47: =ROUND($M$5/$L$5*J47,2) -> 509407.18 | O47: =+L47 -> 509407.18 | P47: =O47*19% -> 96787.364 | Q47: =+P47+O47 -> 606194.54 | R47: =+Q47*E47*D47 -> 0
A48: 1.7.2 | B48: MANTENIMIENTO SISTEMA CONTROL VRF | C48: MENSUAL | D48: 1 | E48: 0 | F48: 4 | G48: 4 | H48: =E48+F48+G48 -> 8 | J48: 701658.79 | L48: =ROUND($M$5/$L$5*J48,2) -> 772609.24 | O48: =+L48 -> 772609.24 | P48: =O48*19% -> 146795.76 | Q48: =+P48+O48 -> 919405 | R48: =+Q48*E48*D48 -> 0
A49: 2 | B49: SISTEMA VRF SAMSUNG | R49: =SUM(R9:R48) -> 27395272
A50: 2.1 | B50: UNIDADES CONDENSADORAS SAMSUNG
A51: 2.1.1 | B51: AM180MXVAFC | C51: BIMENSUAL | D51: 1 | E51: 0 | F51: 4 | G51: =3+(1/1) -> 4 | H51: =E51+F51+G51 -> 8 | J51: 252386.5 | L51: =ROUND($M$5/$L$5*J51,2) -> 277907.36 | O51: =+L51 -> 277907.36 | P51: =O51*19% -> 52802.398 | Q51: =+P51+O51 -> 330709.76 | R51: =+Q51*E51*D51 -> 0
A52: 2.1.2 | B52: AM200MXVAFC | C52: BIMENSUAL | D52: 1 | E52: 0 | F52: 4 | G52: =3+(1/1) -> 4 | H52: =E52+F52+G52 -> 8 | J52: 252386.5 | L52: =ROUND($M$5/$L$5*J52,2) -> 277907.36 | O52: =+L52 -> 277907.36 | P52: =O52*19% -> 52802.398 | Q52: =+P52+O52 -> 330709.76 | R52: =+Q52*E52*D52 -> 0
A53: 2.2 | B53: UNIDAD CASSETTE SAMSUNG
A54: 2.2.1 | B54: AN036NN4DCH | C54: BIMENSUAL | D54: 4 | E54: 0 | F54: 4 | G54: =3+(4/4) -> 4 | H54: =E54+F54+G54 -> 8 | J54: 206909.5 | L54: =ROUND($M$5/$L$5*J54,2) -> 227831.81 | O54: =+L54 -> 227831.81 | P54: =O54*19% -> 43288.044 | Q54: =+P54+O54 -> 271119.85 | R54: =+Q54*E54*D54 -> 0
A55: 2.3 | B55: UNIDAD PARED SAMSUNG
A56: 2.3.1 | B56: AM009KNQDCH | C56: BIMENSUAL | D56: 18 | E56: 0 | F56: 4 | G56: =3+(18/18) -> 4 | H56: =E56+F56+G56 -> 8 | J56: 156909.5 | L56: =ROUND($M$5/$L$5*J56,2) -> 172775.9 | O56: =+L56 -> 172775.9 | P56: =O56*19% -> 32827.421 | Q56: =+P56+O56 -> 205603.32 | R56: =+Q56*E56*D56 -> 0
A57: 2.3.2 | B57: AM018KNQDCH | C57: BIMENSUAL | D57: 1 | E57: 0 | F57: 4 | G57: =3+(1/1) -> 4 | H57: =E57+F57+G57 -> 8 | J57: 156909.5 | L57: =ROUND($M$5/$L$5*J57,2) -> 172775.9 | O57: =+L57 -> 172775.9 | P57: =O57*19% -> 32827.421 | Q57: =+P57+O57 -> 205603.32 | R57: =+Q57*E57*D57 -> 0
A58: 2.3.3 | B58: AM012KNQDCH | C58: BIMENSUAL | D58: 1 | E58: 0 | F58: 4 | G58: =3+(1/1) -> 4 | H58: =E58+F58+G58 -> 8 | J58: 156909.5 | L58: =ROUND($M$5/$L$5*J58,2) -> 172775.9 | O58: =+L58 -> 172775.9 | P58: =O58*19% -> 32827.421 | Q58: =+P58+O58 -> 205603.32 | R58: =+Q58*E58*D58 -> 0
A59: 2.4 | B59: CAJA PORTA FLITRO
A60: 2.4.1 | B60: CAJA FILTRANTE MFL315 | C60: BIMENSUAL | D60: 1 | E60: 0 | F60: 4 | G60: =3+(1/1) -> 4 | H60: =E60+F60+G60 -> 8 | J60: 151432 | L60: =ROUND($M$5/$L$5*J60,2) -> 166744.53 | O60: =+L60 -> 166744.53 | P60: =O60*19% -> 31681.461 | Q60: =+P60+O60 -> 198425.99 | R60: =+Q60*E60*D60 -> 0
A61: VALOR MANTENIMIENTO PREVENTIVO Y CORRECTIVO | R61: =SUM(R7:R60) -> 54790543
A62: LISTA DE REPUESTOS
A63: ÍTEM | B63: DESCRIPCIÓN DETALLADA REPUESTOS | G63: UNIDAD | H63: CANTIDAD | O63: VALOR UNITARIO | P63: IVA UNITARIO | Q63: VALOR UNITARIO INCLUIDO IVA | R63: VALOR TOTAL INCLUIDO IVA
A64: 1 | B64: Instalacion de filtros piedra para unidades de circulo VRF- condensadoras. Incluye: Cambio FILTRO SUCCION NUCLEO RC 4864 HH SPORLAN (Filtro de acidez) Dos cilindros de nitrogeno 7 m3. Bomba de vacion con un Gl de aceite para vacio. Cilindro de refrigerante R410a Chemours 25 LB | G64: UN | H64: 1 | J64: 1064626 | L64: =ROUND($M$5/$L$5*J64,2) -> 1172279 | O64: =+L64 -> 1172279 | P64: =O64*19% -> 222733.02 | Q64: =+P64+O64 -> 1395012 | R64: =+Q64*H64 -> 1395012
A65: 2 | B65: Suministro de FILTRO PREFILTRO FIBRA SINTETICA MERV8 MARCO CARTON EF 30-35% 20"X20"X1" | G65: UN | H65: 1 | J65: 222906.5 | L65: =ROUND($M$5/$L$5*J65,2) -> 245446.4 | O65: =+L65 -> 245446.4 | P65: =O65*19% -> 46634.816 | Q65: =+P65+O65 -> 292081.22 | R65: =+Q65*H65 -> 292081.22
A66: 3 | B66: Suministro de FILTRO PREFILTRO FIBRA SINTETICA MERV8 MARCO CARTON EF 30-35% 16"X20"X1" | G66: UN | H66: 1 | J66: 252906.5 | L66: =ROUND($M$5/$L$5*J66,2) -> 278479.94 | O66: =+L66 -> 278479.94 | P66: =O66*19% -> 52911.189 | Q66: =+P66+O66 -> 331391.13 | R66: =+Q66*H66 -> 331391.13
A67: 4 | B67: Suministro de FILTRO PREFILTRO FIBRA SINTETICA MERV8 MARCO CARTON EF 30-35% 24"X12"X2" | G67: UN | H67: 1 | J67: 302906.5 | L67: =ROUND($M$5/$L$5*J67,2) -> 333535.85 | O67: =+L67 -> 333535.85 | P67: =O67*19% -> 63371.811 | Q67: =+P67+O67 -> 396907.66 | R67: =+Q67*H67 -> 396907.66
A68: 5 | B68: Suministro de FILTRO PREFILTRO FIBRA SINTETICA MERV8 MARCO CARTON EF 30-35% 24"X16"X2" | G68: UN | H68: 1 | J68: 357906.5 | L68: =ROUND($M$5/$L$5*J68,2) -> 394097.35 | O68: =+L68 -> 394097.35 | P68: =O68*19% -> 74878.496 | Q68: =+P68+O68 -> 468975.85 | R68: =+Q68*H68 -> 468975.85
A69: 6 | B69: Suministro de FILTRO PREFILTRO FIBRA SINTETICA MERV8 MARCO CARTON EF 30-35% 20"X16"X2" | G69: UN | H69: 1 | J69: 417906.5 | L69: =ROUND($M$5/$L$5*J69,2) -> 460164.44 | O69: =+L69 -> 460164.44 | P69: =O69*19% -> 87431.244 | Q69: =+P69+O69 -> 547595.68 | R69: =+Q69*H69 -> 547595.68
A70: 7 | B70: Suministro correas de transmisionTrapezoidal A23 | G70: UN | H70: 1 | J70: 88732.5 | L70: =ROUND($M$5/$L$5*J70,2) -> 97704.97 | O70: =+L70 -> 97704.97 | P70: =O70*19% -> 18563.944 | Q70: =+P70+O70 -> 116268.91 | R70: =+Q70*H70 -> 116268.91
A71: 8 | B71: Suministro correas de transmisionTrapezoidal A24 | G71: UN | H71: 1 | J71: 88732.5 | L71: =ROUND($M$5/$L$5*J71,2) -> 97704.97 | O71: =+L71 -> 97704.97 | P71: =O71*19% -> 18563.944 | Q71: =+P71+O71 -> 116268.91 | R71: =+Q71*H71 -> 116268.91
A72: 9 | B72: Suministro correas de transmisionTrapezoidal A25 | G72: UN | H72: 1 | J72: 88732.5 | L72: =ROUND($M$5/$L$5*J72,2) -> 97704.97 | O72: =+L72 -> 97704.97 | P72: =O72*19% -> 18563.944 | Q72: =+P72+O72 -> 116268.91 | R72: =+Q72*H72 -> 116268.91
A73: 10 | B73: Suministro correas de transmisionTrapezoidal A26 | G73: UN | H73: 1 | J73: 89175 | L73: =ROUND($M$5/$L$5*J73,2) -> 98192.21 | O73: =+L73 -> 98192.21 | P73: =O73*19% -> 18656.52 | Q73: =+P73+O73 -> 116848.73 | R73: =+Q73*H73 -> 116848.73
A74: 11 | B74: Suministro correas de transmisionTrapezoidal A28 | G74: UN | H74: 1 | J74: 88732.5 | L74: =ROUND($M$5/$L$5*J74,2) -> 97704.97 | O74: =+L74 -> 97704.97 | P74: =O74*19% -> 18563.944 | Q74: =+P74+O74 -> 116268.91 | R74: =+Q74*H74 -> 116268.91
A75: 12 | B75: Suministro correas de transmisionTrapezoidal A30 | G75: UN | H75: 1 | J75: 88732.5 | L75: =ROUND($M$5/$L$5*J75,2) -> 97704.97 | O75: =+L75 -> 97704.97 | P75: =O75*19% -> 18563.944 | Q75: =+P75+O75 -> 116268.91 | R75: =+Q75*H75 -> 116268.91
... A105: 42 | B105: Suministro e instalacion de tarjeta electrnica para unidad tipo Fancoil modelo MMD marca TOSHIBA | G105: UN | H105: 1 | J105: 0 | L105: =ROUND($M$5/$L$5*J105,2) -> 0 | O105: =+L105 -> 0 | P105: =O105*19% -> 0 | Q105: =+P105+O105 -> 0 | R105: =+Q105*H105 -> 0
A106: TOTAL LISTA DE REPUESTOS | R106: =SUM(R64:R105) -> 53369828
A107: TOTAL MANTENIMIENTOS SIN LISTA DE REPUESTOS | R107: =+R61 -> 54790543
B110: NOTAS:
B111: 1) El índice refleja la evolución promedio de los precios de todos los artículos/insumos es decir, se refiere a un promedio tomado sobre la base de todos los productos ofrecidos en el mercado.
B112: 2) Para traer a valor presente los precios unitarios, se toma el índice de serie del mes vigente dividido por el índice de serie del mes y año en que fue efectuada la compra. Este resultado se multiplica por el precio de la misma.
B113: 3) El valor del incremento se estima a partir del IPC del 4,4% para el año 2027 y del 3% para el año 2028, proyectado por el Ministerio de Hacienda y Crédito Público (MHPC) y el Departamento Nacional de Planeación (DNP), esto con el fin de mitigar la incertidumbre económica para el año 2027 y 2028
B114: 4) En el presente análisis se aplicó el procedimiento de aproximación generalmente aceptado por las reglas matemáticas denominado redondeo, que consiste en acercar los valores decimales al número entero más aproximado (esto es, si el tercer decimal es menor que 5, el segundo decimal se mantiene; si el tercer decimal es igual o mayor que 5, el segundo decimal se incrementa en uno).
B115: Fecha de elaboración: 13-10-2026
B116: Estudio del Sector: No: 0048-2026

Sheet ANEXO 3 - PROY COSTOS
A1: ANEXO 3 - PROYECCION COSTOS 2026-2028
C2: OBJETO: Prestar el servicio técnico especializado para el mantenimiento preventivo, predictivo y correctivo con suministro de insumos y bolsa de repuestos de los aires acondicionados VRF y equipos de ventilación, que se encuentran instalados en la sede principal de la Fiscalía General de la Nación en la ciudad de Cúcuta.
A4: NECESIDAD | J4: ANALISIS COTIZACIONES | L4: ANALISIS DE COSTOS HISTORICOS | N4: PROYECCION COSTOS 2024-2026
A5: MANTENIMIENTOS | N5: VIGENCIA 2026 | S5: VIGENCIA 2027 | X5: VIGENCIA 2028 | AC5: TOTAL VIGENCIA 2026-2028
A6: ITEM | B6: DESCRIPCIÓN DEL SERVICIO | C6: FRECUENCIA DE MANTENIMIENTOS | D6: CANTIDAD DE PLANTAS | E6: MATENIMIENTOS 2026 | F6: MATENIMIENTOS 2027 | G6: MATENIMIENTOS 2028 | H6: TOTAL MANTENIMIENTOS 2026-2027 | J6: VALOR UNITARIO SIN IVA | L6: VALOR UNITARIO SIN IVA | N6: VALOR UNITARIO SIN IVA | O6: IVA UNITARIO | P6: VALOR UNITARIO INCLUIDO IVA | Q6: VALOR TOTAL INCLUIDO IVA | S6: VALOR UNITARIO SIN IVA | T6: IVA UNITARIO | U6: VALOR UNITARIO INCLUIDO IVA | V6: VALOR TOTAL INCLUIDO IVA | X6: VALOR UNITARIO SIN IVA | Y6: IVA UNITARIO | Z6: VALOR UNITARIO INCLUIDO IVA | AA6: VALOR TOTAL INCLUIDO IVA | AC6: VALOR TOTAL INCLUIDO IVA
A7: 1 | B7: SISTEMA VRF TOSHIBA
A8: 1.1 | B8: UNIDADES CONDENSADORAS
A9: 1.1.1 | B9: MMY-MAP0966HT6P-UL | C9: BIMENSUAL | D9: 5 | E9: 0 | F9: 4 | G9: =3+(5/5) -> 4 | H9: =E9+F9+G9 -> 8 | J9: =+'ANEXO 1 - COTIZACIONES'!N9 -> 307500 | L9: =+'ANEXO 2 - HISTORICO'!O9 -> 240535 | N9: =AVERAGE(J9,L9) -> 274017.5 | O9: =N9*19% -> 52063.325 | P9: =+O9+N9 -> 326080.83 | Q9: =+P9*E9*D9 -> 0 | S9: =N9+(N9*4.4%) -> 286074.27 | T9: =S9*19% -> 54354.111 | U9: =+T9+S9 -> 340428.38 | V9: =+U9*F9*D9 -> 6808567.6 | X9: =S9+(S9*3%) -> 294656.5 | Y9: =X9*19% -> 55984.735 | Z9: =+Y9+X9 -> 350641.23 | AA9: =+Z9*G9*D9 -> 7012824.7 | AC9: =+AA9+V9+Q9 -> 13821392
A10: 1.1.2 | B10: MMY-MAP1206HT6P-UL | C10: BIMENSUAL | D10: 10 | E10: =3/10 -> 0.3 | F10: 4 | G10: =3+(7/10) -> 3.7 | H10: =E10+F10+G10 -> 8 | J10: =+'ANEXO 1 - COTIZACIONES'!N10 -> 307500 | L10: =+'ANEXO 2 - HISTORICO'!O10 -> 240535.04 | N10: =AVERAGE(J10,L10) -> 274017.52 | O10: =N10*19% -> 52063.329 | P10: =+O10+N10 -> 326080.85 | Q10: =+P10*E10*D10 -> 978242.55 | S10: =N10+(N10*4.4%) -> 286074.29 | T10: =S10*19% -> 54354.115 | U10: =+T10+S10 -> 340428.41 | V10: =+U10*F10*D10 -> 13617136 | X10: =S10+(S10*3%) -> 294656.52 | Y10: =X10*19% -> 55984.739 | Z10: =+Y10+X10 -> 350641.26 | AA10: =+Z10*G10*D10 -> 12973727 | AC10: =+AA10+V10+Q10 -> 27569105
A11: 1.1.3 | B11: MMY-MAP1446HT6P-UL | C11: BIMENSUAL | D11: 18 | E11: =7/18 -> 0.38888889 | F11: 4 | G11: =3+(11/18) -> 3.6111111 | H11: =E11+F11+G11 -> 8 | J11: =+'ANEXO 1 - COTIZACIONES'!N11 -> 307500 | L11: =+'ANEXO 2 - HISTORICO'!O11 -> 252529.22 | N11: =AVERAGE(J11,L11) -> 280014.61 | O11: =N11*19% -> 53202.776 | P11: =+O11+N11 -> 333217.39 | Q11: =+P11*E11*D11 -> 2332521.7 | S11: =N11+(N11*4.4%) -> 292335.25 | T11: =S11*19% -> 55543.698 | U11: =+T11+S11 -> 347878.95 | V11: =+U11*F11*D11 -> 25047284 | X11: =S11+(S11*3%) -> 301105.31 | Y11: =X11*19% -> 57210.009 | Z11: =+Y11+X11 -> 358315.32 | AA11: =+Z11*G11*D11 -> 23290496 | AC11: =+AA11+V11+Q11 -> 50670302
A12: 1.1.4 | B12: MMY-MAP1686HT6P-UL | C12: BIMENSUAL | D12: 5 | E12: =3/5 -> 0.6 | F12: 4 | G12: =3+(2/5) -> 3.4 | H12: =E12+F12+G12 -> 8 | J12: =+'ANEXO 1 - COTIZACIONES'!N12 -> 307500 | L12: =+'ANEXO 2 - HISTORICO'!O12 -> 252529.22 | N12: =AVERAGE(J12,L12) -> 280014.61 | O12: =N12*19% -> 53202.776 | P12: =+O12+N12 -> 333217.39 | Q12: =+P12*E12*D12 -> 999652.16 | S12: =N12+(N12*4.4%) -> 292335.25 | T12: =S12*19% -> 55543.698 | U12: =+T12+S12 -> 347878.95 | V12: =+U12*F12*D12 -> 6957579 | X12: =S12+(S12*3%) -> 301105.31 | Y12: =X12*19% -> 57210.009 | Z12: =+Y12+X12 -> 358315.32 | AA12: =+Z12*G12*D12 -> 6091360.4 | AC12: =+AA12+V12+Q12 -> 14048592
A13: 1.2 | B13: UNIDAD DOAS
A14: 1.2.1 | B14: DOAS 1 | C14: BIMENSUAL | D14: 1 | E14: =1/1 -> 1 | F14: 4 | G14: 3 | H14: =E14+F14+G14 -> 8 | J14: =+'ANEXO 1 - COTIZACIONES'!N14 -> 372500 | L14: =+'ANEXO 2 - HISTORICO'!O14 -> 244132.76 | N14: =AVERAGE(J14,L14) -> 308316.38 | O14: =N14*19% -> 58580.112 | P14: =+O14+N14 -> 366896.49 | Q14: =+P14*E14*D14 -> 366896.49 | S14: =N14+(N14*4.4%) -> 321882.3 | T14: =S14*19% -> 61157.637 | U14: =+T14+S14 -> 383039.94 | V14: =+U14*F14*D14 -> 1532159.8 | X14: =S14+(S14*3%) -> 331538.77 | Y14: =X14*19% -> 62992.366 | Z14: =+Y14+X14 -> 394531.14 | AA14: =+Z14*G14*D14 -> 1183593.4 | AC14: =+AA14+V14+Q14 -> 3082649.7
A15: 1.2.2 | B15: DOAS 2 | C15: BIMENSUAL | D15: 1 | E15: =1/1 -> 1 | F15: 4 | G15: 3 | H15: =E15+F15+G15 -> 8 | J15: =+'ANEXO 1 - COTIZACIONES'!N15 -> 372500 | L15: =+'ANEXO 2 - HISTORICO'!O15 -> 244132.76 | N15: =AVERAGE(J15,L15) -> 308316.38 | O15: =N15*19% -> 58580.112 | P15: =+O15+N15 -> 366896.49 | Q15: =+P15*E15*D15 -> 366896.49 | S15: =N15+(N15*4.4%) -> 321882.3 | T15: =S15*19% -> 61157.637 | U15: =+T15+S15 -> 383039.94 | V15: =+U15*F15*D15 -> 1532159.8 | X15: =S15+(S15*3%) -> 331538.77 | Y15: =X15*19% -> 62992.366 | Z15: =+Y15+X15 -> 394531.14 | AA15: =+Z15*G15*D15 -> 1183593.4 | AC15: =+AA15+V15+Q15 -> 3082649.7
A16: 1.2.3 | B16: DOAS 3 | C16: BIMENSUAL | D16: 1 | E16: =1/1 -> 1 | F16: 4 | G16: 3 | H16: =E16+F16+G16 -> 8 | J16: =+'ANEXO 1 - COTIZACIONES'!N16 -> 372500 | L16: =+'ANEXO 2 - HISTORICO'!O16 -> 244132.76 | N16: =AVERAGE(J16,L16) -> 308316.38 | O16: =N16*19% -> 58580.112 | P16: =+O16+N16 -> 366896.49 | Q16: =+P16*E16*D16 -> 366896.49 | S16: =N16+(N16*4.4%) -> 321882.3 | T16: =S16*19% -> 61157.637 | U16: =+T16+S16 -> 383039.94 | V16: =+U16*F16*D16 -> 1532159.8 | X16: =S16+(S16*3%) -> 331538.77 | Y16: =X16*19% -> 62992.366 | Z16: =+Y16+X16 -> 394531.14 | AA16: =+Z16*G16*D16 -> 1183593.4 | AC16: =+AA16+V16+Q16 -> 3082649.7
A17: 1.3 | B17: UNIDAD CASSETTE
A18: 1.3.1 | B18: MMU-0094HP1-E | C18: BIMENSUAL | D18: 33 | E18: =13/33 -> 0.39393939 | F18: 4 | G18: =3+(20/33) -> 3.6060606 | H18: =E18+F18+G18 -> 8 | J18: =+'ANEXO 1 - COTIZACIONES'!N18 -> 176406.36 | L18: =+'ANEXO 2 - HISTORICO'!O18 -> 154116.93 | N18: =AVERAGE(J18,L18) -> 165261.64 | O18: =N18*19% -> 31399.712 | P18: =+O18+N18 -> 196661.36 | Q18: =+P18*E18*D18 -> 2556597.6 | S18: =N18+(N18*4.4%) -> 172533.16 | T18: =S18*19% -> 32781.3 | U18: =+T18+S18 -> 205314.46 | V18: =+U18*F18*D18 -> 27101508 | X18: =S18+(S18*3%) -> 177709.15 | Y18: =X18*19% -> 33764.739 | Z18: =+Y18+X18 -> 211473.89 | AA18: =+Z18*G18*D18 -> 25165393 | AC18: =+AA18+V18+Q18 -> 54823499
A19: 1.3.2 | B19: MMU-0124HP1-E | C19: BIMENSUAL | D19: 13 | E19: =4/13 -> 0.30769231 | F19: 4 | G19: =3+(9/13) -> 3.6923077 | H19: =E19+F19+G19 -> 8 | J19: =+'ANEXO 1 - COTIZACIONES'!N19 -> 176406.36 | L19: =+'ANEXO 2 - HISTORICO'!O19 -> 154116.93 | N19: =AVERAGE(J19,L19) -> 165261.64 | O19: =N19*19% -> 31399.712 | P19: =+O19+N19 -> 196661.36 | Q19: =+P19*E19*D19 -> 786645.43 | S19: =N19+(N19*4.4%) -> 172533.16 | T19: =S19*19% -> 32781.3 | U19: =+T19+S19 -> 205314.46 | V19: =+U19*F19*D19 -> 10676352 | X19: =S19+(S19*3%) -> 177709.15 | Y19: =X19*19% -> 33764.739 | Z19: =+Y19+X19 -> 211473.89 | AA19: =+Z19*G19*D19 -> 10150747 | AC19: =+AA19+V19+Q19 -> 21613744
A20: 1.3.3 | B20: MMU-0154HP1-E | C20: BIMENSUAL | D20: 25 | E20: =5/25 -> 0.2 | F20: 4 | G20: =3+(20/25) -> 3.8 | H20: =E20+F20+G20 -> 8 | J20: =+'ANEXO 1 - COTIZACIONES'!N20 -> 176406.35 | L20: =+'ANEXO 2 - HISTORICO'!O20 -> 154116.91 | N20: =AVERAGE(J20,L20) -> 165261.63 | O20: =N20*19% -> 31399.71 | P20: =+O20+N20 -> 196661.34 | Q20: =+P20*E20*D20 -> 983306.71 | S20: =N20+(N20*4.4%) -> 172533.14 | T20: =S20*19% -> 32781.297 | U20: =+T20+S20 -> 205314.44 | V20: =+U20*F20*D20 -> 20531444 | X20: =S20+(S20*3%) -> 177709.14 | Y20: =X20*19% -> 33764.736 | Z20: =+Y20+X20 -> 211473.87 | AA20: =+Z20*G20*D20 -> 20090018 | AC20: =+AA20+V20+Q20 -> 41604769
A21: 1.3.4 | B21: MMU-0184HP1-E | C21: BIMENSUAL | D21: 37 | E21: =11/37 -> 0.2972973 | F21: 4 | G21: =3+(26/37) -> 3.7027027 | H21: =E21+F21+G21 -> 8 | J21: =+'ANEXO 1 - COTIZACIONES'!N21 -> 178427.87 | L21: =+'ANEXO 2 - HISTORICO'!O21 -> 158194.45 | N21: =AVERAGE(J21,L21) -> 168311.16 | O21: =N21*19% -> 31979.12 | P21: =+O21+N21 -> 200290.28 | Q21: =+P21*E21*D21 -> 2203193.1 | S21: =N21+(N21*4.4%) -> 175716.85 | T21: =S21*19% -> 33386.202 | U21: =+T21+S21 -> 209103.05 | V21: =+U21*F21*D21 -> 30947252 | X21: =S21+(S21*3%) -> 180988.36 | Y21: =X21*19% -> 34387.788 | Z21: =+Y21+X21 -> 215376.14 | AA21: =+Z21*G21*D21 -> 29506532 | AC21: =+AA21+V21+Q21 -> 62656977
A22: 1.3.5 | B22: MMU-0244HP1-E | C22: BIMENSUAL | D22: 18 | E22: =5/18 -> 0.27777778 | F22: 4 | G22: =3+(13/18) -> 3.7222222 | H22: =E22+F22+G22 -> 8 | J22: =+'ANEXO 1 - COTIZACIONES'!N22 -> 178427.86 | L22: =+'ANEXO 2 - HISTORICO'!O22 -> 158194.44 | N22: =AVERAGE(J22,L22) -> 168311.15 | O22: =N22*19% -> 31979.119 | P22: =+O22+N22 -> 200290.27 | Q22: =+P22*E22*D22 -> 1001451.4 | S22: =N22+(N22*4.4%) -> 175716.84 | T22: =S22*19% -> 33386.2 | U22: =+T22+S22 -> 209103.04 | V22: =+U22*F22*D22 -> 15055419 | X22: =S22+(S22*3%) -> 180988.35 | Y22: =X22*19% -> 34387.786 | Z22: =+Y22+X22 -> 215376.13 | AA22: =+Z22*G22*D22 -> 14430201 | AC22: =+AA22+V22+Q22 -> 30487071
A23: 1.3.6 | B23: MMU-0274HP1-E | C23: BIMENSUAL | D23: 48 | E23: =30/48 -> 0.625 | F23: 4 | G23: =3+(18/48) -> 3.375 | H23: =E23+F23+G23 -> 8 | J23: =+'ANEXO 1 - COTIZACIONES'!N23 -> 178427.86 | L23: =+'ANEXO 2 - HISTORICO'!O23 -> 158194.44 | N23: =AVERAGE(J23,L23) -> 168311.15 | O23: =N23*19% -> 31979.119 | P23: =+O23+N23 -> 200290.27 | Q23: =+P23*E23*D23 -> 6008708.1 | S23: =N23+(N23*4.4%) -> 175716.84 | T23: =S23*19% -> 33386.2 | U23: =+T23+S23 -> 209103.04 | V23: =+U23*F23*D23 -> 40147784 | X23: =S23+(S23*3%) -> 180988.35 | Y23: =X23*19% -> 34387.786 | Z23: =+Y23+X23 -> 215376.13 | AA23: =+Z23*G23*D23 -> 34890934 | AC23: =+AA23+V23+Q23 -> 81047426
A24: 1.3.7 | B24: MMU-0304HP1-E | C24: BIMENSUAL | D24: 14 | E24: 0 | F24: 4 | G24: =3+(14/14) -> 4 | H24: =E24+F24+G24 -> 8 | J24: =+'ANEXO 1 - COTIZACIONES'!N24 -> 179379.39 | L24: =+'ANEXO 2 - HISTORICO'!O24 -> 160113.74 | N24: =AVERAGE(J24,L24) -> 169746.56 | O24: =N24*19% -> 32251.847 | P24: =+O24+N24 -> 201998.41 | Q24: =+P24*E24*D24 -> 0 | S24: =N24+(N24*4.4%) -> 177215.41 | T24: =S24*19% -> 33670.929 | U24: =+T24+S24 -> 210886.34 | V24: =+U24*F24*D24 -> 11809635 | X24: =S24+(S24*3%) -> 182531.88 | Y24: =X24*19% -> 34681.056 | Z24: =+Y24+X24 -> 217212.93 | AA24: =+Z24*G24*D24 -> 12163924 | AC24: =+AA24+V24+Q24 -> 23973559
A25: 1.3.8 | B25: MMU-0366HP1-E | C25: BIMENSUAL | D25: 3 | E25: 0 | F25: 4 | G25: =3+(3/3) -> 4 | H25: =E25+F25+G25 -> 8 | J25: =+'ANEXO 1 - COTIZACIONES'!N25 -> 179379.4 | L25: =+'ANEXO 2 - HISTORICO'!O25 -> 160113.76 | N25: =AVERAGE(J25,L25) -> 169746.58 | O25: =N25*19% -> 32251.85 | P25: =+O25+N25 -> 201998.43 | Q25: =+P25*E25*D25 -> 0 | S25: =N25+(N25*4.4%) -> 177215.43 | T25: =S25*19% -> 33670.932 | U25: =+T25+S25 -> 210886.36 | V25: =+U25*F25*D25 -> 2530636.3 | X25: =S25+(S25*3%) -> 182531.89 | Y25: =X25*19% -> 34681.06 | Z25: =+Y25+X25 -> 217212.95 | AA25: =+Z25*G25*D25 -> 2606555.4 | AC25: =+AA25+V25+Q25 -> 5137191.8
A26: 1.4 | B26: UNIDAD FANCOIL
A27: 1.4.1 | B27: MMD-AP0156HP1-E | C27: BIMENSUAL | D27: 3 | E27: 0 | F27: 4 | G27: =3+(3/3) -> 4 | H27: =E27+F27+G27 -> 8 | J27: =+'ANEXO 1 - COTIZACIONES'!N27 -> 217000 | L27: =+'ANEXO 2 - HISTORICO'!O27 -> 164911.59 | N27: =AVERAGE(J27,L27) -> 190955.79 | O27: =N27*19% -> 36281.601 | P27: =+O27+N27 -> 227237.4 | Q27: =+P27*E27*D27 -> 0 | S27: =N27+(N27*4.4%) -> 199357.85 | T27: =S27*19% -> 37877.991 | U27: =+T27+S27 -> 237235.84 | V27: =+U27*F27*D27 -> 2846830.1 | X27: =S27+(S27*3%) -> 205338.59 | Y27: =X27*19% -> 39014.331 | Z27: =+Y27+X27 -> 244352.92 | AA27: =+Z27*G27*D27 -> 2932235 | AC27: =+AA27+V27+Q27 -> 5779065.1
A28: 1.4.2 | B28: MMD-AP0276HP1-E | C28: BIMENSUAL | D28: 14 | E28: =8/14 -> 0.57142857 | F28: 4 | G28: =3+(6/14) -> 3.4285714 | H28: =E28+F28+G28 -> 8 | J28: =+'ANEXO 1 - COTIZACIONES'!N28 -> 217000 | L28: =+'ANEXO 2 - HISTORICO'!O28 -> 164911.52 | N28: =AVERAGE(J28,L28) -> 190955.76 | O28: =N28*19% -> 36281.594 | P28: =+O28+N28 -> 227237.35 | Q28: =+P28*E28*D28 -> 1817898.8 | S28: =N28+(N28*4.4%) -> 199357.81 | T28: =S28*19% -> 37877.985 | U28: =+T28+S28 -> 237235.8 | V28: =+U28*F28*D28 -> 13285205 | X28: =S28+(S28*3%) -> 205338.55 | Y28: =X28*19% -> 39014.324 | Z28: =+Y28+X28 -> 244352.87 | AA28: =+Z28*G28*D28 -> 11728938 | AC28: =+AA28+V28+Q28 -> 26832041
A29: 1.4.3 | B29: MMD-AP0366HP1-E | C29: BIMENSUAL | D29: 8 | E29: =2/D29 -> 0.25 | F29: 4 | G29: =3+(6/8) -> 3.75 | H29: =E29+F29+G29 -> 8 | J29: =+'ANEXO 1 - COTIZACIONES'!N29 -> 217000 | L29: =+'ANEXO 2 - HISTORICO'!O29 -> 168989.01 | N29: =AVERAGE(J29,L29) -> 192994.51 | O29: =N29*19% -> 36668.956 | P29: =+O29+N29 -> 229663.46 | Q29: =+P29*E29*D29 -> 459326.92 | S29: =N29+(N29*4.4%) -> 201486.26 | T29: =S29*19% -> 38282.39 | U29: =+T29+S29 -> 239768.65 | V29: =+U29*F29*D29 -> 7672596.9 | X29: =S29+(S29*3%) -> 207530.85 | Y29: =X29*19% -> 39430.862 | Z29: =+Y29+X29 -> 246961.71 | AA29: =+Z29*G29*D29 -> 7408851.4 | AC29: =+AA29+V29+Q29 -> 15540775
A30: 1.4.4 | B30: MMD-AP0486HP1-E | C30: BIMENSUAL | D30: 3 | E30: =3/D30 -> 1 | F30: 4 | G30: 3 | H30: =E30+F30+G30 -> 8 | J30: =+'ANEXO 1 - COTIZACIONES'!N30 -> 217000 | L30: =+'ANEXO 2 - HISTORICO'!O30 -> 168989.17 | N30: =AVERAGE(J30,L30) -> 192994.59 | O30: =N30*19% -> 36668.971 | P30: =+O30+N30 -> 229663.56 | Q30: =+P30*E30*D30 -> 688990.67 | S30: =N30+(N30*4.4%) -> 201486.35 | T30: =S30*19% -> 38282.406 | U30: =+T30+S30 -> 239768.75 | V30: =+U30*F30*D30 -> 2877225 | X30: =S30+(S30*3%) -> 207530.94 | Y30: =X30*19% -> 39430.878 | Z30: =+Y30+X30 -> 246961.82 | AA30: =+Z30*G30*D30 -> 2222656.3 | AC30: =+AA30+V30+Q30 -> 5788872
A31: 1.4.5 | B31: MMD-AP0566HP1-E | C31: BIMENSUAL | D31: 4 | E31: 0 | F31: 4 | G31: =(3+(4/4)) -> 4 | H31: =E31+F31+G31 -> 8 | J31: =+'ANEXO 1 - COTIZACIONES'!N31 -> 217000 | L31: =+'ANEXO 2 - HISTORICO'!O31 -> 168989.12 | N31: =AVERAGE(J31,L31) -> 192994.56 | O31: =N31*19% -> 36668.966 | P31: =+O31+N31 -> 229663.53 | Q31: =+P31*E31*D31 -> 0 | S31: =N31+(N31*4.4%) -> 201486.32 | T31: =S31*19% -> 38282.401 | U31: =+T31+S31 -> 239768.72 | V31: =+U31*F31*D31 -> 3836299.5 | X31: =S31+(S31*3%) -> 207530.91 | Y31: =X31*19% -> 39430.873 | Z31: =+Y31+X31 -> 246961.78 | AA31: =+Z31*G31*D31 -> 3951388.5 | AC31: =+AA31+V31+Q31 -> 7787688.1
A32: 1.4.6 | B32: MMD-AP0726HP1-E | C32: BIMENSUAL | D32: 4 | E32: =1/4 -> 0.25 | F32: 4 | G32: =3+(3/4) -> 3.75 | H32: =E32+F32+G32 -> 8 | J32: =+'ANEXO 1 - COTIZACIONES'!N32 -> 217000 | L32: =+'ANEXO 2 - HISTORICO'!O32 -> 168989.12 | N32: =AVERAGE(J32,L32) -> 192994.56 | O32: =N32*19% -> 36668.966 | P32: =+O32+N32 -> 229663.53 | Q32: =+P32*E32*D32 -> 229663.53 | S32: =N32+(N32*4.4%) -> 201486.32 | T32: =S32*19% -> 38282.401 | U32: =+T32+S32 -> 239768.72 | V32: =+U32*F32*D32 -> 3836299.5 | X32: =S32+(S32*3%) -> 207530.91 | Y32: =X32*19% -> 39430.873 | Z32: =+Y32+X32 -> 246961.78 | AA32: =+Z32*G32*D32 -> 3704426.7 | AC32: =+AA32+V32+Q32 -> 7770389.8
A33: 1.5 | B33: UNIDAD PARED
A34: 1.5.1 | B34: MMK-AP0077HP-E | C34: BIMENSUAL | D34: 137 | E34: =29/137 -> 0.21167883 | F34: 4 | G34: =3+(108/137) -> 3.7883212 | H34: =E34+F34+G34 -> 8 | J34: =+'ANEXO 1 - COTIZACIONES'!N34 -> 121955.22 | L34: =+'ANEXO 2 - HISTORICO'!O34 -> 109839.95 | N34: =AVERAGE(J34,L34) -> 115897.58 | O34: =N34*19% -> 22020.541 | P34: =+O34+N34 -> 137918.12 | Q34: =+P34*E34*D34 -> 3999625.6 | S34: =N34+(N34*4.4%) -> 120997.08 | T34: =S34*19% -> 22989.445 | U34: =+T34+S34 -> 143986.52 | V34: =+U34*F34*D34 -> 78904614 | X34: =S34+(S34*3%) -> 124626.99 | Y34: =X34*19% -> 23679.128 | Z34: =+Y34+X34 -> 148306.12 | AA34: =+Z34*G34*D34 -> 76970875 | AC34: =+AA34+V34+Q34 -> 1.5987511e+08
A35: 1.5.2 | B35: MMK-AP0097HP-E | C35: BIMENSUAL | D35: 29 | E35: =15/D35 -> 0.51724138 | F35: 4 | G35: =3+(14/29) -> 3.4827586 | H35: =E35+F35+G35 -> 8 | J35: =+'ANEXO 1 - COTIZACIONES'!N35 -> 121955.22 | L35: =+'ANEXO 2 - HISTORICO'!O35 -> 109839.96 | N35: =AVERAGE(J35,L35) -> 115897.59 | O35: =N35*19% -> 22020.542 | P35: =+O35+N35 -> 137918.13 | Q35: =+P35*E35*D35 -> 2068772 | S35: =N35+(N35*4.4%) -> 120997.09 | T35: =S35*19% -> 22989.446 | U35: =+T35+S35 -> 143986.53 | V35: =+U35*F35*D35 -> 16702438 | X35: =S35+(S35*3%) -> 124627 | Y35: =X35*19% -> 23679.13 | Z35: =+Y35+X35 -> 148306.13 | AA35: =+Z35*G35*D35 -> 14978919 | AC35: =+AA35+V35+Q35 -> 33750129
A36: 1.5.3 | B36: MMK-AP0127HP-E | C36: BIMENSUAL | D36: 10 | E36: =10/10 -> 1 | F36: 4 | G36: 3 | H36: =E36+F36+G36 -> 8 | J36: =+'ANEXO 1 - COTIZACIONES'!N36 -> 121955.23 | L36: =+'ANEXO 2 - HISTORICO'!O36 -> 109839.97 | N36: =AVERAGE(J36,L36) -> 115897.6 | O36: =N36*19% -> 22020.544 | P36: =+O36+N36 -> 137918.14 | Q36: =+P36*E36*D36 -> 1379181.4 | S36: =N36+(N36*4.4%) -> 120997.09 | T36: =S36*19% -> 22989.448 | U36: =+T36+S36 -> 143986.54 | V36: =+U36*F36*D36 -> 5759461.6 | X36: =S36+(S36*3%) -> 124627.01 | Y36: =X36*19% -> 23679.131 | Z36: =+Y36+X36 -> 148306.14 | AA36: =+Z36*G36*D36 -> 4449184.1 | AC36: =+AA36+V36+Q36 -> 11587827
A37: 1.5.4 | B37: MMK-AP0153HP-E | C37: BIMENSUAL | D37: 9 | E37: =(1/9) -> 0.11111111 | F37: 4 | G37: =3+(8/9) -> 3.8888889 | H37: =E37+F37+G37 -> 8 | J37: =+'ANEXO 1 - COTIZACIONES'!N37 -> 121955.24 | L37: =+'ANEXO 2 - HISTORICO'!O37 -> 109839.99 | N37: =AVERAGE(J37,L37) -> 115897.61 | O37: =N37*19% -> 22020.547 | P37: =+O37+N37 -> 137918.16 | Q37: =+P37*E37*D37 -> 137918.16 | S37: =N37+(N37*4.4%) -> 120997.11 | T37: =S37*19% -> 22989.451 | U37: =+T37+S37 -> 143986.56 | V37: =+U37*F37*D37 -> 5183516.2 | X37: =S37+(S37*3%) -> 124627.02 | Y37: =X37*19% -> 23679.134 | Z37: =+Y37+X37 -> 148306.16 | AA37: =+Z37*G37*D37 -> 5190715.5 | AC37: =+AA37+V37+Q37 -> 10512150
A38: 1.6 | B38: EQUIPOS VENTILACION
A39: 1.6.1 | B39: UNIDAD EXTRACCION HONGO | C39: BIMENSUAL | D39: 7 | E39: 0 | F39: 4 | G39: =3+(7/7) -> 4 | H39: =E39+F39+G39 -> 8 | J39: =+'ANEXO 1 - COTIZACIONES'!N39 -> 157578.32 | L39: =+'ANEXO 2 - HISTORICO'!O39 -> 151438.18 | N39: =AVERAGE(J39,L39) -> 154508.25 | O39: =N39*19% -> 29356.568 | P39: =+O39+N39 -> 183864.82 | Q39: =+P39*E39*D39 -> 0 | S39: =N39+(N39*4.4%) -> 161306.61 | T39: =S39*19% -> 30648.256 | U39: =+T39+S39 -> 191954.87 | V39: =+U39*F39*D39 -> 5374736.4 | X39: =S39+(S39*3%) -> 166145.81 | Y39: =X39*19% -> 31567.704 | Z39: =+Y39+X39 -> 197713.52 | AA39: =+Z39*G39*D39 -> 5535978.4 | AC39: =+AA39+V39+Q39 -> 10910715
A40: 1.6.2 | B40: UNIDAD EXTRACCION | C40: BIMENSUAL | D40: 4 | E40: 0 | F40: 4 | G40: =3+(4/4) -> 4 | H40: =E40+F40+G40 -> 8 | J40: =+'ANEXO 1 - COTIZACIONES'!N40 -> 135891.37 | L40: =+'ANEXO 2 - HISTORICO'!O40 -> 107694.1 | N40: =AVERAGE(J40,L40) -> 121792.74 | O40: =N40*19% -> 23140.62 | P40: =+O40+N40 -> 144933.36 | Q40: =+P40*E40*D40 -> 0 | S40: =N40+(N40*4.4%) -> 127151.62 | T40: =S40*19% -> 24158.807 | U40: =+T40+S40 -> 151310.42 | V40: =+U40*F40*D40 -> 2420966.8 | X40: =S40+(S40*3%) -> 130966.17 | Y40: =X40*19% -> 24883.571 | Z40: =+Y40+X40 -> 155849.74 | AA40: =+Z40*G40*D40 -> 2493595.8 | AC40: =+AA40+V40+Q40 -> 4914562.6
A41: 1.6.3 | B41: UNIDAD VENTILADOR DIRECCIONADOR | C41: BIMENSUAL | D41: 4 | E41: 0 | F41: 4 | G41: =3+(4/4) -> 4 | H41: =E41+F41+G41 -> 8 | J41: =+'ANEXO 1 - COTIZACIONES'!N41 -> 132050.42 | L41: =+'ANEXO 2 - HISTORICO'!O41 -> 99946.64 | N41: =AVERAGE(J41,L41) -> 115998.53 | O41: =N41*19% -> 22039.721 | P41: =+O41+N41 -> 138038.25 | Q41: =+P41*E41*D41 -> 0 | S41: =N41+(N41*4.4%) -> 121102.47 | T41: =S41*19% -> 23009.468 | U41: =+T41+S41 -> 144111.93 | V41: =+U41*F41*D41 -> 2305790.9 | X41: =S41+(S41*3%) -> 124735.54 | Y41: =X41*19% -> 23699.753 | Z41: =+Y41+X41 -> 148435.29 | AA41: =+Z41*G41*D41 -> 2374964.7 | AC41: =+AA41+V41+Q41 -> 4680755.6
A42: 1.6.4 | B42: UNIDAD DE EXTRACCION SOTANOS | C42: BIMENSUAL | D42: 9 | E42: 0 | F42: 4 | G42: =3+(9/9) -> 4 | H42: =E42+F42+G42 -> 8 | J42: =+'ANEXO 1 - COTIZACIONES'!N42 -> 158184.9 | L42: =+'ANEXO 2 - HISTORICO'!O42 -> 152661.7 | N42: =AVERAGE(J42,L42) -> 155423.3 | O42: =N42*19% -> 29530.427 | P42: =+O42+N42 -> 184953.73 | Q42: =+P42*E42*D42 -> 0 | S42: =N42+(N42*4.4%) -> 162261.93 | T42: =S42*19% -> 30829.766 | U42: =+T42+S42 -> 193091.69 | V42: =+U42*F42*D42 -> 6951300.9 | X42: =S42+(S42*3%) -> 167129.78 | Y42: =X42*19% -> 31754.659 | Z42: =+Y42+X42 -> 198884.44 | AA42: =+Z42*G42*D42 -> 7159840 | AC42: =+AA42+V42+Q42 -> 14111141
A43: 1.6.5 | B43: UNIDAD VENTILACION SUMINISTROS | C43: BIMENSUAL | D43: 3 | E43: 0 | F43: 4 | G43: =3+(3/3) -> 4 | H43: =E43+F43+G43 -> 8 | J43: =+'ANEXO 1 - COTIZACIONES'!N43 -> 157578.39 | L43: =+'ANEXO 2 - HISTORICO'!O43 -> 151438.32 | N43: =AVERAGE(J43,L43) -> 154508.36 | O43: =N43*19% -> 29356.588 | P43: =+O43+N43 -> 183864.94 | Q43: =+P43*E43*D43 -> 0 | S43: =N43+(N43*4.4%) -> 161306.72 | T43: =S43*19% -> 30648.277 | U43: =+T43+S43 -> 191955 | V43: =+U43*F43*D43 -> 2303460 | X43: =S43+(S43*3%) -> 166145.92 | Y43: =X43*19% -> 31567.726 | Z43: =+Y43+X43 -> 197713.65 | AA43: =+Z43*G43*D43 -> 2372563.8 | AC43: =+AA43+V43+Q43 -> 4676023.8
A44: 1.6.6 | B44: UNIDAD EXTRACCION CUBIERTA | C44: BIMENSUAL | D44: 6 | E44: 0 | F44: 4 | G44: =3+(6/6) -> 4 | H44: =E44+F44+G44 -> 8 | J44: =+'ANEXO 1 - COTIZACIONES'!N44 -> 138379.89 | L44: =+'ANEXO 2 - HISTORICO'!O44 -> 112713.6 | N44: =AVERAGE(J44,L44) -> 125546.74 | O44: =N44*19% -> 23853.881 | P44: =+O44+N44 -> 149400.62 | Q44: =+P44*E44*D44 -> 0 | S44: =N44+(N44*4.4%) -> 131070.8 | T44: =S44*19% -> 24903.452 | U44: =+T44+S44 -> 155974.25 | V44: =+U44*F44*D44 -> 3743382 | X44: =S44+(S44*3%) -> 135002.92 | Y44: =X44*19% -> 25650.555 | Z44: =+Y44+X44 -> 160653.48 | AA44: =+Z44*G44*D44 -> 3855683.5 | AC44: =+AA44+V44+Q44 -> 7599065.5
A45: 1.6.7 | B45: UNIDADES ESTRACCION PISOS | C45: BIMENSUAL | D45: 5 | E45: 0 | F45: 4 | G45: =3+(5/5) -> 4 | H45: =E45+F45+G45 -> 8 | J45: =+'ANEXO 1 - COTIZACIONES'!N45 -> 151039.17 | L45: =+'ANEXO 2 - HISTORICO'!O45 -> 138248.26 | N45: =AVERAGE(J45,L45) -> 144643.71 | O45: =N45*19% -> 27482.306 | P45: =+O45+N45 -> 172126.02 | Q45: =+P45*E45*D45 -> 0 | S45: =N45+(N45*4.4%) -> 151008.04 | T45: =S45*19% -> 28691.527 | U45: =+T45+S45 -> 179699.57 | V45: =+U45*F45*D45 -> 3593991.3 | X45: =S45+(S45*3%) -> 155538.28 | Y45: =X45*19% -> 29552.273 | Z45: =+Y45+X45 -> 185090.55 | AA45: =+Z45*G45*D45 -> 3701811.1 | AC45: =+AA45+V45+Q45 -> 7295802.4
A46: 1.7 | B46: SISTEMA DE CONTROL
A47: 1.7.1 | B47: MANTENIMIENTO SISTEMA CONTROL VENTILACION | C47: MENSUAL | D47: 1 | E47: 0 | F47: 4 | G47: 4 | H47: =E47+F47+G47 -> 8 | J47: =+'ANEXO 1 - COTIZACIONES'!N47 -> 542548.17 | L47: =+'ANEXO 2 - HISTORICO'!O47 -> 509407.18 | N47: =AVERAGE(J47,L47) -> 525977.68 | O47: =N47*19% -> 99935.758 | P47: =+O47+N47 -> 625913.43 | Q47: =+P47*E47*D47 -> 0 | S47: =N47+(N47*4.4%) -> 549120.69 | T47: =S47*19% -> 104332.93 | U47: =+T47+S47 -> 653453.63 | V47: =+U47*F47*D47 -> 2613814.5 | X47: =S47+(S47*3%) -> 565594.31 | Y47: =X47*19% -> 107462.92 | Z47: =+Y47+X47 -> 673057.23 | AA47: =+Z47*G47*D47 -> 2692228.9 | AC47: =+AA47+V47+Q47 -> 5306043.4
A48: 1.7.2 | B48: MANTENIMIENTO SISTEMA CONTROL VRF | C48: MENSUAL | D48: 1 | E48: 0 | F48: 4 | G48: 4 | H48: =E48+F48+G48 -> 8 | J48: =+'ANEXO 1 - COTIZACIONES'!N48 -> 833035.53 | L48: =+'ANEXO 2 - HISTORICO'!O48 -> 772609.24 | N48: =AVERAGE(J48,L48) -> 802822.39 | O48: =N48*19% -> 152536.25 | P48: =+O48+N48 -> 955358.64 | Q48: =+P48*E48*D48 -> 0 | S48: =N48+(N48*4.4%) -> 838146.57 | T48: =S48*19% -> 159247.85 | U48: =+T48+S48 -> 997394.42 | V48: =+U48*F48*D48 -> 3989577.7 | X48: =S48+(S48*3%) -> 863290.97 | Y48: =X48*19% -> 164025.28 | Z48: =+Y48+X48 -> 1027316.3 | AA48: =+Z48*G48*D48 -> 4109265 | AC48: =+AA48+V48+Q48 -> 8098842.7
A49: 2 | B49: SISTEMA VRF SAMSUNG
A50: 2.1 | B50: UNIDADES CONDENSADORAS SAMSUNG
A51: 2.1.1 | B51: AM180MXVAFC | C51: BIMENSUAL | D51: 1 | E51: 0 | F51: 4 | G51: =3+(1/1) -> 4 | H51: =E51+F51+G51 -> 8 | J51: =+'ANEXO 1 - COTIZACIONES'!N51 -> 312500 | L51: =+'ANEXO 2 - HISTORICO'!O51 -> 277907.36 | N51: =AVERAGE(J51,L51) -> 295203.68 | O51: =N51*19% -> 56088.699 | P51: =+O51+N51 -> 351292.38 | Q51: =+P51*E51*D51 -> 0 | S51: =N51+(N51*4.4%) -> 308192.64 | T51: =S51*19% -> 58556.602 | U51: =+T51+S51 -> 366749.24 | V51: =+U51*F51*D51 -> 1466997 | X51: =S51+(S51*3%) -> 317438.42 | Y51: =X51*19% -> 60313.3 | Z51: =+Y51+X51 -> 377751.72 | AA51: =+Z51*G51*D51 -> 1511006.9 | AC51: =+AA51+V51+Q51 -> 2978003.9
A52: 2.1.2 | B52: AM200MXVAFC | C52: BIMENSUAL | D52: 1 | E52: 0 | F52: 4 | G52: =3+(1/1) -> 4 | H52: =E52+F52+G52 -> 8 | J52: =+'ANEXO 1 - COTIZACIONES'!N52 -> 312500 | L52: =+'ANEXO 2 - HISTORICO'!O52 -> 277907.36 | N52: =AVERAGE(J52,L52) -> 295203.68 | O52: =N52*19% -> 56088.699 | P52: =+O52+N52 -> 351292.38 | Q52: =+P52*E52*D52 -> 0 | S52: =N52+(N52*4.4%) -> 308192.64 | T52: =S52*19% -> 58556.602 | U52: =+T52+S52 -> 366749.24 | V52: =+U52*F52*D52 -> 1466997 | X52: =S52+(S52*3%) -> 317438.42 | Y52: =X52*19% -> 60313.3 | Z52: =+Y52+X52 -> 377751.72 | AA52: =+Z52*G52*D52 -> 1511006.9 | AC52: =+AA52+V52+Q52 -> 2978003.9
A53: 2.2 | B53: UNIDAD CASSETTE SAMSUNG
A54: 2.2.1 | B54: AN036NN4DCH | C54: BIMENSUAL | D54: 4 | E54: 0 | F54: 4 | G54: =3+(4/4) -> 4 | H54: =E54+F54+G54 -> 8 | J54: =+'ANEXO 1 - COTIZACIONES'!N54 -> 204379.4 | L54: =+'ANEXO 2 - HISTORICO'!O54 -> 227831.81 | N54: =AVERAGE(J54,L54) -> 216105.61 | O54: =N54*19% -> 41060.065 | P54: =+O54+N54 -> 257165.67 | Q54: =+P54*E54*D54 -> 0 | S54: =N54+(N54*4.4%) -> 225614.25 | T54: =S54*19% -> 42866.708 | U54: =+T54+S54 -> 268480.96 | V54: =+U54*F54*D54 -> 4295695.4 | X54: =S54+(S54*3%) -> 232382.68 | Y54: =X54*19% -> 44152.709 | Z54: =+Y54+X54 -> 276535.39 | AA54: =+Z54*G54*D54 -> 4424566.2 | AC54: =+AA54+V54+Q54 -> 8720261.6
A55: 2.3 | B55: UNIDAD PARED SAMSUNG
A56: 2.3.1 | B56: AM009KNQDCH | C56: BIMENSUAL | D56: 18 | E56: 0 | F56: 4 | G56: =3+(18/18) -> 4 | H56: =E56+F56+G56 -> 8 | J56: =+'ANEXO 1 - COTIZACIONES'!N56 -> 129455.23 | L56: =+'ANEXO 2 - HISTORICO'!O56 -> 172775.9 | N56: =AVERAGE(J56,L56) -> 151115.56 | O56: =N56*19% -> 28711.957 | P56: =+O56+N56 -> 179827.52 | Q56: =+P56*E56*D56 -> 0 | S56: =N56+(N56*4.4%) -> 157764.65 | T56: =S56*19% -> 29975.283 | U56: =+T56+S56 -> 187739.93 | V56: =+U56*F56*D56 -> 13517275 | X56: =S56+(S56*3%) -> 162497.59 | Y56: =X56*19% -> 30874.542 | Z56: =+Y56+X56 -> 193372.13 | AA56: =+Z56*G56*D56 -> 13922793 | AC56: =+AA56+V56+Q56 -> 27440068
A57: 2.3.2 | B57: AM018KNQDCH | C57: BIMENSUAL | D57: 1 | E57: 0 | F57: 4 | G57: =3+(1/1) -> 4 | H57: =E57+F57+G57 -> 8 | J57: =+'ANEXO 1 - COTIZACIONES'!N57 -> 129455.23 | L57: =+'ANEXO 2 - HISTORICO'!O57 -> 172775.9 | N57: =AVERAGE(J57,L57) -> 151115.56 | O57: =N57*19% -> 28711.957 | P57: =+O57+N57 -> 179827.52 | Q57: =+P57*E57*D57 -> 0 | S57: =N57+(N57*4.4%) -> 157764.65 | T57: =S57*19% -> 29975.283 | U57: =+T57+S57 -> 187739.93 | V57: =+U57*F57*D57 -> 750959.73 | X57: =S57+(S57*3%) -> 162497.59 | Y57: =X57*19% -> 30874.542 | Z57: =+Y57+X57 -> 193372.13 | AA57: =+Z57*G57*D57 -> 773488.52 | AC57: =+AA57+V57+Q57 -> 1524448.2
A58: 2.3.3 | B58: AM012KNQDCH | C58: BIMENSUAL | D58: 1 | E58: 0 | F58: 4 | G58: =3+(1/1) -> 4 | H58: =E58+F58+G58 -> 8 | J58: =+'ANEXO 1 - COTIZACIONES'!N58 -> 129455.23 | L58: =+'ANEXO 2 - HISTORICO'!O58 -> 172775.9 | N58: =AVERAGE(J58,L58) -> 151115.56 | O58: =N58*19% -> 28711.957 | P58: =+O58+N58 -> 179827.52 | Q58: =+P58*E58*D58 -> 0 | S58: =N58+(N58*4.4%) -> 157764.65 | T58: =S58*19% -> 29975.283 | U58: =+T58+S58 -> 187739.93 | V58: =+U58*F58*D58 -> 750959.73 | X58: =S58+(S58*3%) -> 162497.59 | Y58: =X58*19% -> 30874.542 | Z58: =+Y58+X58 -> 193372.13 | AA58: =+Z58*G58*D58 -> 773488.52 | AC58: =+AA58+V58+Q58 -> 1524448.2
A59: 2.4 | B59: CAJA PORTA FLITRO
A60: 2.4.1 | B60: CAJA FILTRANTE MFL315 | C60: BIMENSUAL | D60: 1 | E60: 0 | F60: 4 | G60: =3+(1/1) -> 4 | H60: =E60+F60+G60 -> 8 | J60: =+'ANEXO 1 - COTIZACIONES'!N60 -> 220000 | L60: =+'ANEXO 2 - HISTORICO'!O60 -> 166744.53 | N60: =AVERAGE(J60,L60) -> 193372.27 | O60: =N60*19% -> 36740.73 | P60: =+O60+N60 -> 230113 | Q60: =+P60*E60*D60 -> 0 | S60: =N60+(N60*4.4%) -> 201880.64 | T60: =S60*19% -> 38357.322 | U60: =+T60+S60 -> 240237.97 | V60: =+U60*F60*D60 -> 960951.87 | X60: =S60+(S60*3%) -> 207937.06 | Y60: =X60*19% -> 39508.042 | Z60: =+Y60+X60 -> 247445.11 | AA60: =+Z60*G60*D60 -> 989780.42 | AC60: =+AA60+V60+Q60 -> 1950732.3
A61: VALOR MANTENIMIENTO PREVENTIVO Y CORRECTIVO | Q61: =SUM(Q7:Q60) -> 29732385 | V61: =SUM(V7:V60) -> 4.1323842e+08 | AA61: =SUM(AA7:AA60) -> 3.9366374e+08 | AC61: =SUM(AC7:AC60) -> 8.3663455e+08
A62: LISTA DE REPUESTOS | J62: ANALISIS COTIZACIONES | L62: ANALISIS DE COSTOS HISTORICOS
A63: ÍTEM | B63: DESCRIPCIÓN DETALLADA REPUESTOS | G63: UNIDAD | H63: CANTIDAD | J63: VALOR UNITARIO SIN IVA | L63: VALOR UNITARIO SIN IVA | N63: VALOR UNITARIO | O63: IVA UNITARIO | P63: VALOR UNITARIO INCLUIDO IVA | Q63: VALOR TOTAL INCLUIDO IVA | S63: VALOR UNITARIO | T63: IVA UNITARIO | U63: VALOR UNITARIO INCLUIDO IVA | V63: VALOR TOTAL INCLUIDO IVA | X63: VALOR UNITARIO | Y63: IVA UNITARIO | Z63: VALOR UNITARIO INCLUIDO IVA | AA63: VALOR TOTAL INCLUIDO IVA | AC63: VALOR TOTAL INCLUIDO IVA
A64: 1 | B64: Instalacion de filtros piedra para unidades de circulo VRF- condensadoras. Incluye: Cambio FILTRO SUCCION NUCLEO RC 4864 HH SPORLAN (Filtro de acidez) Dos cilindros de nitrogeno 7 m3. Bomba de vacion con un Gl de aceite para vacio. Cilindro de refrigerante R410a Chemours 25 LB | G64: UN | H64: 1 | J64: =+'ANEXO 1 - COTIZACIONES'!N64 -> 1281603.4 | L64: =+'ANEXO 2 - HISTORICO'!O64 -> 1172279 | N64: =AVERAGE(J64,L64) -> 1226941.2 | O64: =N64*19% -> 233118.83 | P64: =+O64+N64 -> 1460060 | Q64: =+P64*H64 -> 1460060 | S64: =N64+(N64*4.4%) -> 1280926.6 | T64: =S64*19% -> 243376.06 | U64: =+T64+S64 -> 1524302.7 | V64: =+U64*H64 -> 1524302.7 | X64: =S64+(S64*3%) -> 1319354.4 | Y64: =X64*19% -> 250677.34 | Z64: =+Y64+X64 -> 1570031.8 | AA64: =+Z64*H64 -> 1570031.8 | AC64: =+AA64+V64+Q64 -> 4554394.5
A65: 2 | B65: Suministro de FILTRO PREFILTRO FIBRA SINTETICA MERV8 MARCO CARTON EF 30-35% 20"X20"X1" | G65: UN | H65: 1 | J65: =+'ANEXO 1 - COTIZACIONES'!N65 -> 274804.74 | L65: =+'ANEXO 2 - HISTORICO'!O65 -> 245446.4 | N65: =AVERAGE(J65,L65) -> 260125.57 | O65: =N65*19% -> 49423.859 | P65: =+O65+N65 -> 309549.43 | Q65: =+P65*H65 -> 309549.43 | S65: =N65+(N65*4.4%) -> 271571.1 | T65: =S65*19% -> 51598.508 | U65: =+T65+S65 -> 323169.61 | V65: =+U65*H65 -> 323169.61 | X65: =S65+(S65*3%) -> 279718.23 | Y65: =X65*19% -> 53146.464 | Z65: =+Y65+X65 -> 332864.69 | AA65: =+Z65*H65 -> 332864.69 | AC65: =+AA65+V65+Q65 -> 965583.73
A66: 3 | B66: Suministro de FILTRO PREFILTRO FIBRA SINTETICA MERV8 MARCO CARTON EF 30-35% 16"X20"X1" | G66: UN | H66: 1 | J66: =+'ANEXO 1 - COTIZACIONES'!N66 -> 309293.37 | L66: =+'ANEXO 2 - HISTORICO'!O66 -> 278479.94 | N66: =AVERAGE(J66,L66) -> 293886.66 | O66: =N66*19% -> 55838.465 | P66: =+O66+N66 -> 349725.12 | Q66: =+P66*H66 -> 349725.12 | S66: =N66+(N66*4.4%) -> 306817.67 | T66: =S66*19% -> 58295.357 | U66: =+T66+S66 -> 365113.03 | V66: =+U66*H66 -> 365113.03 | X66: =S66+(S66*3%) -> 316022.2 | Y66: =X66*19% -> 60044.218 | Z66: =+Y66+X66 -> 376066.42 | AA66: =+Z66*H66 -> 376066.42 | AC66: =+AA66+V66+Q66 -> 1090904.6
A67: 4 | B67: Suministro de FILTRO PREFILTRO FIBRA SINTETICA MERV8 MARCO CARTON EF 30-35% 24"X12"X2" | G67: UN | H67: 1 | J67: =+'ANEXO 1 - COTIZACIONES'!N67 -> 374774.42 | L67: =+'ANEXO 2 - HISTORICO'!O67 -> 333535.85 | N67: =AVERAGE(J67,L67) -> 354155.14 | O67: =N67*19% -> 67289.476 | P67: =+O67+N67 -> 421444.61 | Q67: =+P67*H67 -> 421444.61 | S67: =N67+(N67*4.4%) -> 369737.96 | T67: =S67*19% -> 70250.213 | U67: =+T67+S67 -> 439988.18 | V67: =+U67*H67 -> 439988.18 | X67: =S67+(S67*3%) -> 380830.1 | Y67: =X67*19% -> 72357.719 | Z67: =+Y67+X67 -> 453187.82 | AA67: =+Z67*H67 -> 453187.82 | AC67: =+AA67+V67+Q67 -> 1314620.6
A68: 5 | B68: Suministro de FILTRO PREFILTRO FIBRA SINTETICA MERV8 MARCO CARTON EF 30-35% 24"X16"X2" | G68: UN | H68: 1 | J68: =+'ANEXO 1 - COTIZACIONES'!N68 -> 442503.58 | L68: =+'ANEXO 2 - HISTORICO'!O68 -> 394097.35 | N68: =AVERAGE(J68,L68) -> 418300.46 | O68: =N68*19% -> 79477.088 | P68: =+O68+N68 -> 497777.55 | Q68: =+P68*H68 -> 497777.55 | S68: =N68+(N68*4.4%) -> 436705.68 | T68: =S68*19% -> 82974.08 | U68: =+T68+S68 -> 519679.76 | V68: =+U68*H68 -> 519679.76 | X68: =S68+(S68*3%) -> 449806.86 | Y68: =X68*19% -> 85463.302 | Z68: =+Y68+X68 -> 535270.16 | AA68: =+Z68*H68 -> 535270.16 | AC68: =+AA68+V68+Q68 -> 1552727.5
A69: 6 | B69: Suministro de FILTRO PREFILTRO FIBRA SINTETICA MERV8 MARCO CARTON EF 30-35% 20"X16"X2" | G69: UN | H69: 1 | J69: =+'ANEXO 1 - COTIZACIONES'!N69 -> 526780.84 | L69: =+'ANEXO 2 - HISTORICO'!O69 -> 460164.44 | N69: =AVERAGE(J69,L69) -> 493472.64 | O69: =N69*19% -> 93759.801 | P69: =+O69+N69 -> 587232.44 | Q69: =+P69*H69 -> 587232.44 | S69: =N69+(N69*4.4%) -> 515185.44 | T69: =S69*19% -> 97885.233 | U69: =+T69+S69 -> 613070.67 | V69: =+U69*H69 -> 613070.67 | X69: =S69+(S69*3%) -> 530641 | Y69: =X69*19% -> 100821.79 | Z69: =+Y69+X69 -> 631462.79 | AA69: =+Z69*H69 -> 631462.79 | AC69: =+AA69+V69+Q69 -> 1831765.9
A70: 7 | B70: Suministro correas de transmisionTrapezoidal A23 | G70: UN | H70: 1 | J70: =+'ANEXO 1 - COTIZACIONES'!N70 -> 110342.5 | L70: =+'ANEXO 2 - HISTORICO'!O70 -> 97704.97 | N70: =AVERAGE(J70,L70) -> 104023.73 | O70: =N70*19% -> 19764.509 | P70: =+O70+N70 -> 123788.24 | Q70: =+P70*H70 -> 123788.24 | S70: =N70+(N70*4.4%) -> 108600.78 | T70: =S70*19% -> 20634.148 | U70: =+T70+S70 -> 129234.92 | V70: =+U70*H70 -> 129234.92 | X70: =S70+(S70*3%) -> 111858.8 | Y70: =X70*19% -> 21253.172 | Z70: =+Y70+X70 -> 133111.97 | AA70: =+Z70*H70 -> 133111.97 | AC70: =+AA70+V70+Q70 -> 386135.14
A71: 8 | B71: Suministro correas de transmisionTrapezoidal A24 | G71: UN | H71: 1 | J71: =+'ANEXO 1 - COTIZACIONES'!N71 -> 110342.5 | L71: =+'ANEXO 2 - HISTORICO'!O71 -> 97704.97 | N71: =AVERAGE(J71,L71) -> 104023.73 | O71: =N71*19% -> 19764.509 | P71: =+O71+N71 -> 123788.24 | Q71: =+P71*H71 -> 123788.24 | S71: =N71+(N71*4.4%) -> 108600.78 | T71: =S71*19% -> 20634.148 | U71: =+T71+S71 -> 129234.92 | V71: =+U71*H71 -> 129234.92 | X71: =S71+(S71*3%) -> 111858.8 | Y71: =X71*19% -> 21253.172 | Z71: =+Y71+X71 -> 133111.97 | AA71: =+Z71*H71 -> 133111.97 | AC71: =+AA71+V71+Q71 -> 386135.14
A72: 9 | B72: Suministro correas de transmisionTrapezoidal A25 | G72: UN | H72: 1 | J72: =+'ANEXO 1 - COTIZACIONES'!N72 -> 110342.5 | L72: =+'ANEXO 2 - HISTORICO'!O72 -> 97704.97 | N72: =AVERAGE(J72,L72) -> 104023.73 | O72: =N72*19% -> 19764.509 | P72: =+O72+N72 -> 123788.24 | Q72: =+P72*H72 -> 123788.24 | S72: =N72+(N72*4.4%) -> 108600.78 | T72: =S72*19% -> 20634.148 | U72: =+T72+S72 -> 129234.92 | V72: =+U72*H72 -> 129234.92 | X72: =S72+(S72*3%) -> 111858.8 | Y72: =X72*19% -> 21253.172 | Z72: =+Y72+X72 -> 133111.97 | AA72: =+Z72*H72 -> 133111.97 | AC72: =+AA72+V72+Q72 -> 386135.14
A73: 10 | B73: Suministro correas de transmisionTrapezoidal A26 | G73: UN | H73: 1 | J73: =+'ANEXO 1 - COTIZACIONES'!N73 -> 110629.95 | L73: =+'ANEXO 2 - HISTORICO'!O73 -> 98192.21 | N73: =AVERAGE(J73,L73) -> 104411.08 | O73: =N73*19% -> 19838.105 | P73: =+O73+N73 -> 124249.19 | Q73: =+P73*H73 -> 124249.19 | S73: =N73+(N73*4.4%) -> 109005.17 | T73: =S73*19% -> 20710.982 | U73: =+T73+S73 -> 129716.15 | V73: =+U73*H73 -> 129716.15 | X73: =S73+(S73*3%) -> 112275.32 | Y73: =X73*19% -> 21332.312 | Z73: =+Y73+X73 -> 133607.64 | AA73: =+Z73*H73 -> 133607.64 | AC73: =+AA73+V73+Q73 -> 387572.97
A74: 11 | B74: Suministro correas de transmisionTrapezoidal A28 | G74: UN | H74: 1 | J74: =+'ANEXO 1 - COTIZACIONES'!N74 -> 110342.5 | L74: =+'ANEXO 2 - HISTORICO'!O74 -> 97704.97 | N74: =AVERAGE(J74,L74) -> 104023.73 | O74: =N74*19% -> 19764.509 | P74: =+O74+N74 -> 123788.24 | Q74: =+P74*H74 -> 123788.24 | S74: =N74+(N74*4.4%) -> 108600.78 | T74: =S74*19% -> 20634.148 | U74: =+T74+S74 -> 129234.92 | V74: =+U74*H74 -> 129234.92 | X74: =S74+(S74*3%) -> 111858.8 | Y74: =X74*19% -> 21253.172 | Z74: =+Y74+X74 -> 133111.97 | AA74: =+Z74*H74 -> 133111.97 | AC74: =+AA74+V74+Q74 -> 386135.14
A75: 12 | B75: Suministro correas de transmisionTrapezoidal A30 | G75: UN | H75: 1 | J75: =+'ANEXO 1 - COTIZACIONES'!N75 -> 110342.5 | L75: =+'ANEXO 2 - HISTORICO'!O75 -> 97704.97 | N75: =AVERAGE(J75,L75) -> 104023.73 | O75: =N75*19% -> 19764.509 | P75: =+O75+N75 -> 123788.24 | Q75: =+P75*H75 -> 123788.24 | S75: =N75+(N75*4.4%) -> 108600.78 | T75: =S75*19% -> 20634.148 | U75: =+T75+S75 -> 129234.92 | V75: =+U75*H75 -> 129234.92 | X75: =S75+(S75*3%) -> 111858.8 | Y75: =X75*19% -> 21253.172 | Z75: =+Y75+X75 -> 133111.97 | AA75: =+Z75*H75 -> 133111.97 | AC75: =+AA75+V75+Q75 -> 386135.14
... A86: 23 | B86: Suministro e instalacion de boma condensadora para unidad tipo Fancoil modelo MMD-APO566HP1-E referencia de repuesto MCP-1401-22571. Toshiba | G86: UN | H86: 1 | J86: =+'ANEXO 1 - COTIZACIONES'!N86 -> 751200 | L86: =+'ANEXO 2 - HISTORICO'!O86 -> 1037647.5 | N86: =AVERAGE(J86,L86) -> 894423.76 | O86: =N86*19% -> 169940.51 | P86: =+O86+N86 -> 1064364.3 | Q86: =+P86*H86 -> 1064364.3 | S86: =N86+(N86*4.4%) -> 933778.4 | T86: =S86*19% -> 177417.9 | U86: =+T86+S86 -> 1111196.3 | V86: =+U86*H86 -> 1111196.3 | X86: =S86+(S86*3%) -> 961791.75 | Y86: =X86*19% -> 182740.43 | Z86: =+Y86+X86 -> 1144532.2 | AA86: =+Z86*H86 -> 1144532.2 | AC86: =+AA86+V86+Q86 -> 3320092.7
A87: 24 | B87: Blower para unidad tipo cassette modelo MMU marca TOSHIBA | G87: UN | H87: 1 | J87: =+'ANEXO 1 - COTIZACIONES'!N87 -> 1497792 | L87: =+'ANEXO 2 - HISTORICO'!O87 -> 0 | N87: =AVERAGE(J87) -> 1497792 | O87: =N87*19% -> 284580.48 | P87: =+O87+N87 -> 1782372.5 | Q87: =+P87*H87 -> 1782372.5 | S87: =N87+(N87*4.4%) -> 1563694.8 | T87: =S87*19% -> 297102.02 | U87: =+T87+S87 -> 1860796.9 | V87: =+U87*H87 -> 1860796.9 | X87: =S87+(S87*3%) -> 1610605.7 | Y87: =X87*19% -> 306015.08 | Z87: =+Y87+X87 -> 1916620.8 | AA87: =+Z87*H87 -> 1916620.8 | AC87: =+AA87+V87+Q87 -> 5559790.1
A88: 25 | B88: Blower para unidad tipo Fancoil modelo MMD marca TOSHIBA | G88: UN | H88: 1 | J88: =+'ANEXO 1 - COTIZACIONES'!N88 -> 2373580 | L88: =+'ANEXO 2 - HISTORICO'!O88 -> 0 | N88: =AVERAGE(J88) -> 2373580 | O88: =N88*19% -> 450980.2 | P88: =+O88+N88 -> 2824560.2 | Q88: =+P88*H88 -> 2824560.2 | S88: =N88+(N88*4.4%) -> 2478017.5 | T88: =S88*19% -> 470823.33 | U88: =+T88+S88 -> 2948840.8 | V88: =+U88*H88 -> 2948840.8 | X88: =S88+(S88*3%) -> 2552358 | Y88: =X88*19% -> 484948.03 | Z88: =+Y88+X88 -> 3037306.1 | AA88: =+Z88*H88 -> 3037306.1 | AC88: =+AA88+V88+Q88 -> 8810707.1
A89: 26 | B89: Suministro e instalacion de bomba de condensado para unidad tipo Pared modelo MMK marca TOSHIBA | G89: UN | H89: 1 | J89: =+'ANEXO 1 - COTIZACIONES'!N89 -> 716550 | L89: =+'ANEXO 2 - HISTORICO'!O89 -> 0 | N89: =AVERAGE(J89) -> 716550 | O89: =N89*19% -> 136144.5 | P89: =+O89+N89 -> 852694.5 | Q89: =+P89*H89 -> 852694.5 | S89: =N89+(N89*4.4%) -> 748078.2 | T89: =S89*19% -> 142134.86 | U89: =+T89+S89 -> 890213.06 | V89: =+U89*H89 -> 890213.06 | X89: =S89+(S89*3%) -> 770520.55 | Y89: =X89*19% -> 146398.9 | Z89: =+Y89+X89 -> 916919.45 | AA89: =+Z89*H89 -> 916919.45 | AC89: =+AA89+V89+Q89 -> 2659827
A90: 27 | B90: Suministro e instalacion de bomba de condensado para unidad tipo Cassette modelo MMU marca TOSHIBA | G90: UN | H90: 1 | J90: =+'ANEXO 1 - COTIZACIONES'!N90 -> 766550 | L90: =+'ANEXO 2 - HISTORICO'!O90 -> 0 | N90: =AVERAGE(J90) -> 766550 | O90: =N90*19% -> 145644.5 | P90: =+O90+N90 -> 912194.5 | Q90: =+P90*H90 -> 912194.5 | S90: =N90+(N90*4.4%) -> 800278.2 | T90: =S90*19% -> 152052.86 | U90: =+T90+S90 -> 952331.06 | V90: =+U90*H90 -> 952331.06 | X90: =S90+(S90*3%) -> 824286.55 | Y90: =X90*19% -> 156614.44 | Z90: =+Y90+X90 -> 980900.99 | AA90: =+Z90*H90 -> 980900.99 | AC90: =+AA90+V90+Q90 -> 2845426.5
A91: 28 | B91: Suministro e instalacion de controlador central tactil modelo BMS-CT1280E TOSHIBA | G91: UN | H91: 1 | J91: =+'ANEXO 1 - COTIZACIONES'!N91 -> 23927359 | L91: =+'ANEXO 2 - HISTORICO'!O91 -> 20254358 | N91: =AVERAGE(J91,L91) -> 22090858 | O91: =N91*19% -> 4197263.1 | P91: =+O91+N91 -> 26288122 | Q91: =+P91*H91 -> 26288122 | S91: =N91+(N91*4.4%) -> 23062856 | T91: =S91*19% -> 4381942.7 | U91: =+T91+S91 -> 27444799 | V91: =+U91*H91 -> 27444799 | X91: =S91+(S91*3%) -> 23754742 | Y91: =X91*19% -> 4513401 | Z91: =+Y91+X91 -> 28268143 | AA91: =+Z91*H91 -> 28268143 | AC91: =+AA91+V91+Q91 -> 82001063
A92: 29 | B92: Suministro e instalacion de Compresor marca TOSHIBA, modelo RA641A3TB-21M1 para R410A,360 V DC 120 HZ PARA UNIDADES CONDENSADORAS VRF SISTEMA 9 | G92: UN | H92: 1 | J92: =+'ANEXO 1 - COTIZACIONES'!N92 -> 17733756 | L92: =+'ANEXO 2 - HISTORICO'!O92 -> 14914035 | N92: =AVERAGE(J92,L92) -> 16323896 | O92: =N92*19% -> 3101540.2 | P92: =+O92+N92 -> 19425436 | Q92: =+P92*H92 -> 19425436 | S92: =N92+(N92*4.4%) -> 17042147 | T92: =S92*19% -> 3238007.9 | U92: =+T92+S92 -> 20280155 | V92: =+U92*H92 -> 20280155 | X92: =S92+(S92*3%) -> 17553411 | Y92: =X92*19% -> 3335148.2 | Z92: =+Y92+X92 -> 20888560 | AA92: =+Z92*H92 -> 20888560 | AC92: =+AA92+V92+Q92 -> 60594150
A93: 30 | B93: FILTRO TIPO BOLSA MERV13 MARCO CARTON 24"X12"X22" | G93: UN | H93: 1 | J93: =+'ANEXO 1 - COTIZACIONES'!N93 -> 904026.03 | L93: =+'ANEXO 2 - HISTORICO'!O93 -> 806871.86 | N93: =AVERAGE(J93,L93) -> 855448.94 | O93: =N93*19% -> 162535.3 | P93: =+O93+N93 -> 1017984.2 | Q93: =+P93*H93 -> 1017984.2 | S93: =N93+(N93*4.4%) -> 893088.7 | T93: =S93*19% -> 169686.85 | U93: =+T93+S93 -> 1062775.6 | V93: =+U93*H93 -> 1062775.6 | X93: =S93+(S93*3%) -> 919881.36 | Y93: =X93*19% -> 174777.46 | Z93: =+Y93+X93 -> 1094658.8 | AA93: =+Z93*H93 -> 1094658.8 | AC93: =+AA93+V93+Q93 -> 3175418.6
A94: 31 | B94: FILTRO TIPO BOLSA MERV13 MARCO CARTON 24"X16"X22" | G94: UN | H94: 1 | J94: =+'ANEXO 1 - COTIZACIONES'!N94 -> 904026.03 | L94: =+'ANEXO 2 - HISTORICO'!O94 -> 806871.86 | N94: =AVERAGE(J94,L94) -> 855448.94 | O94: =N94*19% -> 162535.3 | P94: =+O94+N94 -> 1017984.2 | Q94: =+P94*H94 -> 1017984.2 | S94: =N94+(N94*4.4%) -> 893088.7 | T94: =S94*19% -> 169686.85 | U94: =+T94+S94 -> 1062775.6 | V94: =+U94*H94 -> 1062775.6 | X94: =S94+(S94*3%) -> 919881.36 | Y94: =X94*19% -> 174777.46 | Z94: =+Y94+X94 -> 1094658.8 | AA94: =+Z94*H94 -> 1094658.8 | AC94: =+AA94+V94+Q94 -> 3175418.6
A95: 32 | B95: FILTRO TIPO BOLSA MERV13 MARCO CARTON 20"X16"X22" | G95: UN | H95: 1 | J95: =+'ANEXO 1 - COTIZACIONES'!N95 -> 918367.84 | L95: =+'ANEXO 2 - HISTORICO'!O95 -> 805247.72 | N95: =AVERAGE(J95,L95) -> 861807.78 | O95: =N95*19% -> 163743.48 | P95: =+O95+N95 -> 1025551.3 | Q95: =+P95*H95 -> 1025551.3 | S95: =N95+(N95*4.4%) -> 899727.32 | T95: =S95*19% -> 170948.19 | U95: =+T95+S95 -> 1070675.5 | V95: =+U95*H95 -> 1070675.5 | X95: =S95+(S95*3%) -> 926719.14 | Y95: =X95*19% -> 176076.64 | Z95: =+Y95+X95 -> 1102795.8 | AA95: =+Z95*H95 -> 1102795.8 | AC95: =+AA95+V95+Q95 -> 3199022.5
A96: 33 | B96: Suministro de Filtro prefiltro fibra sintetica MERV8 marco carton EF 30-35% 24,5"x11,5"*1-3/4 | G96: UN | H96: 1 | J96: =+'ANEXO 1 - COTIZACIONES'!N96 -> 664884.01 | L96: =+'ANEXO 2 - HISTORICO'!O96 -> 540513.58 | N96: =AVERAGE(J96,L96) -> 602698.79 | O96: =N96*19% -> 114512.77 | P96: =+O96+N96 -> 717211.56 | Q96: =+P96*H96 -> 717211.56 | S96: =N96+(N96*4.4%) -> 629217.54 | T96: =S96*19% -> 119551.33 | U96: =+T96+S96 -> 748768.87 | V96: =+U96*H96 -> 748768.87 | X96: =S96+(S96*3%) -> 648094.07 | Y96: =X96*19% -> 123137.87 | Z96: =+Y96+X96 -> 771231.94 | AA96: =+Z96*H96 -> 771231.94 | AC96: =+AA96+V96+Q96 -> 2237212.4
A97: 34 | B97: Cilindro refrigerante R410a Chemours 25 Lb | G97: UN | H97: 1 | J97: =+'ANEXO 1 - COTIZACIONES'!N97 -> 1056649.4 | L97: =+'ANEXO 2 - HISTORICO'!O97 -> 0 | N97: =AVERAGE(J97) -> 1056649.4 | O97: =N97*19% -> 200763.38 | P97: =+O97+N97 -> 1257412.8 | Q97: =+P97*H97 -> 1257412.8 | S97: =N97+(N97*4.4%) -> 1103142 | T97: =S97*19% -> 209596.97 | U97: =+T97+S97 -> 1312738.9 | V97: =+U97*H97 -> 1312738.9 | X97: =S97+(S97*3%) -> 1136236.2 | Y97: =X97*19% -> 215884.88 | Z97: =+Y97+X97 -> 1352121.1 | AA97: =+Z97*H97 -> 1352121.1 | AC97: =+AA97+V97+Q97 -> 3922272.8
A98: 35 | B98: Test de prueba de acidez de aceite para sistemas con refrigerante R410A | G98: UN | H98: 1 | J98: =+'ANEXO 1 - COTIZACIONES'!N98 -> 75285.475 | L98: =+'ANEXO 2 - HISTORICO'!O98 -> 0 | N98: =AVERAGE(J98) -> 75285.475 | O98: =N98*19% -> 14304.24 | P98: =+O98+N98 -> 89589.715 | Q98: =+P98*H98 -> 89589.715 | S98: =N98+(N98*4.4%) -> 78598.036 | T98: =S98*19% -> 14933.627 | U98: =+T98+S98 -> 93531.663 | V98: =+U98*H98 -> 93531.663 | X98: =S98+(S98*3%) -> 80955.977 | Y98: =X98*19% -> 15381.636 | Z98: =+Y98+X98 -> 96337.613 | AA98: =+Z98*H98 -> 96337.613 | AC98: =+AA98+V98+Q98 -> 279458.99
A99: 36 | B99: Sensor de temperatura para montaje en conductos modelo TE-6311M-1 marca JOHNSON CONTROL | G99: UN | H99: 1 | J99: =+'ANEXO 1 - COTIZACIONES'!N99 -> 333352.52 | L99: =+'ANEXO 2 - HISTORICO'!O99 -> 0 | N99: =AVERAGE(J99) -> 333352.52 | O99: =N99*19% -> 63336.978 | P99: =+O99+N99 -> 396689.49 | Q99: =+P99*H99 -> 396689.49 | S99: =N99+(N99*4.4%) -> 348020.03 | T99: =S99*19% -> 66123.805 | U99: =+T99+S99 -> 414143.83 | V99: =+U99*H99 -> 414143.83 | X99: =S99+(S99*3%) -> 358460.63 | Y99: =X99*19% -> 68107.519 | Z99: =+Y99+X99 -> 426568.15 | AA99: =+Z99*H99 -> 426568.15 | AC99: =+AA99+V99+Q99 -> 1237401.5
A100: 37 | B100: Sensor de temperatura para montaje en conductos modelo TE-631AM-2 marca JOHNSON CONTROL | G100: UN | H100: 1 | J100: =+'ANEXO 1 - COTIZACIONES'!N100 -> 346358.93 | L100: =+'ANEXO 2 - HISTORICO'!O100 -> 0 | N100: =AVERAGE(J100) -> 346358.93 | O100: =N100*19% -> 65808.197 | P100: =+O100+N100 -> 412167.13 | Q100: =+P100*H100 -> 412167.13 | S100: =N100+(N100*4.4%) -> 361598.72 | T100: =S100*19% -> 68703.757 | U100: =+T100+S100 -> 430302.48 | V100: =+U100*H100 -> 430302.48 | X100: =S100+(S100*3%) -> 372446.68 | Y100: =X100*19% -> 70764.87 | Z100: =+Y100+X100 -> 443211.55 | AA100: =+Z100*H100 -> 443211.55 | AC100: =+AA100+V100+Q100 -> 1285681.2
A101: 38 | B101: PROGRAMADOR SEMANAL DIGITAL 24-264VAC/DC 8A | G101: UN | H101: 1 | J101: =+'ANEXO 1 - COTIZACIONES'!N101 -> 512423.2 | L101: =+'ANEXO 2 - HISTORICO'!O101 -> 0 | N101: =AVERAGE(J101) -> 512423.2 | O101: =N101*19% -> 97360.409 | P101: =+O101+N101 -> 609783.61 | Q101: =+P101*H101 -> 609783.61 | S101: =N101+(N101*4.4%) -> 534969.83 | T101: =S101*19% -> 101644.27 | U101: =+T101+S101 -> 636614.09 | V101: =+U101*H101 -> 636614.09 | X101: =S101+(S101*3%) -> 551018.92 | Y101: =X101*19% -> 104693.59 | Z101: =+Y101+X101 -> 655712.52 | AA101: =+Z101*H101 -> 655712.52 | AC101: =+AA101+V101+Q101 -> 1902110.2
A102: 39 | B102: Motor ventilador para unidad condensadora DC60V 1000W 820r/min modelo WDF-620A1000-2 | G102: UN | H102: 1 | J102: =+'ANEXO 1 - COTIZACIONES'!N102 -> 2367500 | L102: =+'ANEXO 2 - HISTORICO'!O102 -> 0 | N102: =AVERAGE(J102) -> 2367500 | O102: =N102*19% -> 449825 | P102: =+O102+N102 -> 2817325 | Q102: =+P102*H102 -> 2817325 | S102: =N102+(N102*4.4%) -> 2471670 | T102: =S102*19% -> 469617.3 | U102: =+T102+S102 -> 2941287.3 | V102: =+U102*H102 -> 2941287.3 | X102: =S102+(S102*3%) -> 2545820.1 | Y102: =X102*19% -> 483705.82 | Z102: =+Y102+X102 -> 3029525.9 | AA102: =+Z102*H102 -> 3029525.9 | AC102: =+AA102+V102+Q102 -> 8788138.2
A103: 40 | B103: Suministro e instalacion de tarjeta electronica para unidad tipo Pared modelo MMK marca TOSHIBA | G103: UN | H103: 1 | J103: =+'ANEXO 1 - COTIZACIONES'!N103 -> 2325000 | L103: =+'ANEXO 2 - HISTORICO'!O103 -> 0 | N103: =AVERAGE(J103) -> 2325000 | O103: =N103*19% -> 441750 | P103: =+O103+N103 -> 2766750 | Q103: =+P103*H103 -> 2766750 | S103: =N103+(N103*4.4%) -> 2427300 | T103: =S103*19% -> 461187 | U103: =+T103+S103 -> 2888487 | V103: =+U103*H103 -> 2888487 | X103: =S103+(S103*3%) -> 2500119 | Y103: =X103*19% -> 475022.61 | Z103: =+Y103+X103 -> 2975141.6 | AA103: =+Z103*H103 -> 2975141.6 | AC103: =+AA103+V103+Q103 -> 8630378.6
A104: 41 | B104: Suministro e instalacion de tarjeta electronica para unidad tipo Cassette modelo MMU marca TOSHIBA | G104: UN | H104: 1 | J104: =+'ANEXO 1 - COTIZACIONES'!N104 -> 2968000 | L104: =+'ANEXO 2 - HISTORICO'!O104 -> 0 | N104: =AVERAGE(J104) -> 2968000 | O104: =N104*19% -> 563920 | P104: =+O104+N104 -> 3531920 | Q104: =+P104*H104 -> 3531920 | S104: =N104+(N104*4.4%) -> 3098592 | T104: =S104*19% -> 588732.48 | U104: =+T104+S104 -> 3687324.5 | V104: =+U104*H104 -> 3687324.5 | X104: =S104+(S104*3%) -> 3191549.8 | Y104: =X104*19% -> 606394.45 | Z104: =+Y104+X104 -> 3797944.2 | AA104: =+Z104*H104 -> 3797944.2 | AC104: =+AA104+V104+Q104 -> 11017189
A105: 42 | B105: Suministro e instalacion de tarjeta electrnica para unidad tipo Fancoil modelo MMD marca TOSHIBA | G105: UN | H105: 1 | J105: =+'ANEXO 1 - COTIZACIONES'!N105 -> 2968000 | L105: =+'ANEXO 2 - HISTORICO'!O105 -> 0 | N105: =AVERAGE(J105) -> 2968000 | O105: =N105*19% -> 563920 | P105: =+O105+N105 -> 3531920 | Q105: =+P105*H105 -> 3531920 | S105: =N105+(N105*4.4%) -> 3098592 | T105: =S105*19% -> 588732.48 | U105: =+T105+S105 -> 3687324.5 | V105: =+U105*H105 -> 3687324.5 | X105: =S105+(S105*3%) -> 3191549.8 | Y105: =X105*19% -> 606394.45 | Z105: =+Y105+X105 -> 3797944.2 | AA105: =+Z105*H105 -> 3797944.2 | AC105: =+AA105+V105+Q105 -> 11017189
A106: TOTAL LISTA DE REPUESTOS | Q106: =SUM(Q64:Q105) -> 79250485 | V106: =SUM(V64:V105) -> 82737506 | AA106: =SUM(AA64:AA105) -> 85219631 | AC106: =SUM(AC64:AC105) -> 2.4720762e+08
A107: TOTAL MANTENIMIENTOS SIN LISTA DE REPUESTOS | Q107: =+Q61 -> 29732385 | V107: =+V61 -> 4.1323842e+08 | AA107: =+AA61 -> 3.9366374e+08 | AC107: =+AC61 -> 8.3663455e+08
B110: NOTAS:
B111: 1) Para establecer los valores del mercado, se toman del promedio entre análisis de cotizaciones y análisis de costos históricos.
B112: 2) El valor del incremento se estima a partir del IPC del 4,4% para el año 2027 y del 3% para el año 2028, proyectado por el Ministerio de Hacienda y Crédito Público (MHPC) y el Departamento Nacional de Planeación (DNP), esto con el fin de mitigar la incertidumbre económica para el año 2027 y 2028
B113: 3) En el presente análisis se aplicó el procedimiento de aproximación generalmente aceptado por las reglas matemáticas denominado redondeo, que consiste en acercar los valores decimales al número entero más aproximado (esto es, si el tercer decimal es menor que 5, el segundo decimal se mantiene; si el tercer decimal es igual o mayor que 5, el segundo decimal se incrementa en uno).
...

Sheet ANEXO 4 - ESTUDIO DEL SECTOR
A1: ANEXO 4 - ESTUDIO DEL SECTOR 2026-2028
C2: OBJETO: Prestar el servicio técnico especializado para el mantenimiento preventivo, predictivo y correctivo con suministro de insumos y bolsa de repuestos de los aires acondicionados VRF y equipos de ventilación, que se encuentran instalados en la sede principal de la Fiscalía General de la Nación en la ciudad de Cúcuta.
A4: NECESIDAD | J4: ESTUDIO DEL SECTOR 2026-2028
A5: MANTENIMIENTOS | J5: VIGENCIA 2026 | O5: VIGENCIA 2027 | T5: VIGENCIA 2028 | Y5: TOTAL VIGENCIA 2026-2028
A6: ITEM | B6: DESCRIPCIÓN DEL SERVICIO | C6: FRECUENCIA DE MANTENIMIENTOS | D6: CANTIDAD DE PLANTAS | E6: MATENIMIENTOS 2026 | F6: MATENIMIENTOS 2027 | G6: MATENIMIENTOS 2028 | H6: TOTAL MANTENIMIENTOS 2026-2028 | J6: VALOR UNITARIO SIN IVA | K6: IVA UNITARIO | L6: VALOR UNITARIO INCLUIDO IVA | M6: VALOR TOTAL INCLUIDO IVA | O6: VALOR UNITARIO SIN IVA | P6: IVA UNITARIO | Q6: VALOR UNITARIO INCLUIDO IVA | R6: VALOR TOTAL INCLUIDO IVA | T6: VALOR UNITARIO SIN IVA | U6: IVA UNITARIO | V6: VALOR UNITARIO INCLUIDO IVA | W6: VALOR TOTAL INCLUIDO IVA | Y6: VALOR TOTAL INCLUIDO IVA
A7: 1 | B7: SISTEMA VRF TOSHIBA
A8: 1.1 | B8: UNIDADES CONDENSADORAS
A9: 1.1.1 | B9: MMY-MAP0966HT6P-UL | C9: BIMENSUAL | D9: 5 | E9: 0 | F9: 4 | G9: =3+(5/5) -> 4 | H9: =+G9+F9+E9 -> 8 | J9: =+'ANEXO 3 - PROY COSTOS'!N9 -> 274017.5 | K9: =J9*19% -> 52063.325 | L9: =+K9+J9 -> 326080.83 | M9: =+L9*E9*D9 -> 0 | O9: =J9+(J9*4.4%) -> 286074.27 | P9: =O9*19% -> 54354.111 | Q9: =+P9+O9 -> 340428.38 | R9: =+Q9*F9*D9 -> 6808567.6 | T9: =O9+(O9*3%) -> 294656.5 | U9: =T9*19% -> 55984.735 | V9: =+U9+T9 -> 350641.23 | W9: =+V9*G9*D9 -> 7012824.7 | Y9: =+W9+R9+M9 -> 13821392
A10: 1.1.2 | B10: MMY-MAP1206HT6P-UL | C10: BIMENSUAL | D10: 10 | E10: =3/10 -> 0.3 | F10: 4 | G10: =3+(7/10) -> 3.7 | H10: =+G10+F10+E10 -> 8 | J10: =+'ANEXO 3 - PROY COSTOS'!N10 -> 274017.52 | K10: =J10*19% -> 52063.329 | L10: =+K10+J10 -> 326080.85 | M10: =+L10*E10*D10 -> 978242.55 | O10: =J10+(J10*4.4%) -> 286074.29 | P10: =O10*19% -> 54354.115 | Q10: =+P10+O10 -> 340428.41 | R10: =+Q10*F10*D10 -> 13617136 | T10: =O10+(O10*3%) -> 294656.52 | U10: =T10*19% -> 55984.739 | V10: =+U10+T10 -> 350641.26 | W10: =+V10*G10*D10 -> 12973727 | Y10: =+W10+R10+M10 -> 27569105
A11: 1.1.3 | B11: MMY-MAP1446HT6P-UL | C11: BIMENSUAL | D11: 18 | E11: =7/18 -> 0.38888889 | F11: 4 | G11: =3+(11/18) -> 3.6111111 | H11: =+G11+F11+E11 -> 8 | J11: =+'ANEXO 3 - PROY COSTOS'!N11 -> 280014.61 | K11: =J11*19% -> 53202.776 | L11: =+K11+J11 -> 333217.39 | M11: =+L11*E11*D11 -> 2332521.7 | O11: =J11+(J11*4.4%) -> 292335.25 | P11: =O11*19% -> 55543.698 | Q11: =+P11+O11 -> 347878.95 | R11: =+Q11*F11*D11 -> 25047284 | T11: =O11+(O11*3%) -> 301105.31 | U11: =T11*19% -> 57210.009 | V11: =+U11+T11 -> 358315.32 | W11: =+V11*G11*D11 -> 23290496 | Y11: =+W11+R11+M11 -> 50670302
A12: 1.1.4 | B12: MMY-MAP1686HT6P-UL | C12: BIMENSUAL | D12: 5 | E12: =3/5 -> 0.6 | F12: 4 | G12: =3+(2/5) -> 3.4 | H12: =+G12+F12+E12 -> 8 | J12: =+'ANEXO 3 - PROY COSTOS'!N12 -> 280014.61 | K12: =J12*19% -> 53202.776 | L12: =+K12+J12 -> 333217.39 | M12: =+L12*E12*D12 -> 999652.16 | O12: =J12+(J12*4.4%) -> 292335.25 | P12: =O12*19% -> 55543.698 | Q12: =+P12+O12 -> 347878.95 | R12: =+Q12*F12*D12 -> 6957579 | T12: =O12+(O12*3%) -> 301105.31 | U12: =T12*19% -> 57210.009 | V12: =+U12+T12 -> 358315.32 | W12: =+V12*G12*D12 -> 6091360.4 | Y12: =+W12+R12+M12 -> 14048592
A13: 1.2 | B13: UNIDAD DOAS
A14: 1.2.1 | B14: DOAS 1 | C14: BIMENSUAL | D14: 1 | E14: =1/1 -> 1 | F14: 4 | G14: 3 | H14: =+G14+F14+E14 -> 8 | J14: =+'ANEXO 3 - PROY COSTOS'!N14 -> 308316.38 | K14: =J14*19% -> 58580.112 | L14: =+K14+J14 -> 366896.49 | M14: =+L14*E14*D14 -> 366896.49 | O14: =J14+(J14*4.4%) -> 321882.3 | P14: =O14*19% -> 61157.637 | Q14: =+P14+O14 -> 383039.94 | R14: =+Q14*F14*D14 -> 1532159.8 | T14: =O14+(O14*3%) -> 331538.77 | U14: =T14*19% -> 62992.366 | V14: =+U14+T14 -> 394531.14 | W14: =+V14*G14*D14 -> 1183593.4 | Y14: =+W14+R14+M14 -> 3082649.7
A15: 1.2.2 | B15: DOAS 2 | C15: BIMENSUAL | D15: 1 | E15: =1/1 -> 1 | F15: 4 | G15: 3 | H15: =+G15+F15+E15 -> 8 | J15: =+'ANEXO 3 - PROY COSTOS'!N15 -> 308316.38 | K15: =J15*19% -> 58580.112 | L15: =+K15+J15 -> 366896.49 | M15: =+L15*E15*D15 -> 366896.49 | O15: =J15+(J15*4.4%) -> 321882.3 | P15: =O15*19% -> 61157.637 | Q15: =+P15+O15 -> 383039.94 | R15: =+Q15*F15*D15 -> 1532159.8 | T15: =O15+(O15*3%) -> 331538.77 | U15: =T15*19% -> 62992.366 | V15: =+U15+T15 -> 394531.14 | W15: =+V15*G15*D15 -> 1183593.4 | Y15: =+W15+R15+M15 -> 3082649.7
A16: 1.2.3 | B16: DOAS 3 | C16: BIMENSUAL | D16: 1 | E16: =1/1 -> 1 | F16: 4 | G16: 3 | H16: =+G16+F16+E16 -> 8 | J16: =+'ANEXO 3 - PROY COSTOS'!N16 -> 308316.38 | K16: =J16*19% -> 58580.112 | L16: =+K16+J16 -> 366896.49 | M16: =+L16*E16*D16 -> 366896.49 | O16: =J16+(J16*4.4%) -> 321882.3 | P16: =O16*19% -> 61157.637 | Q16: =+P16+O16 -> 383039.94 | R16: =+Q16*F16*D16 -> 1532159.8 | T16: =O16+(O16*3%) -> 331538.77 | U16: =T16*19% -> 62992.366 | V16: =+U16+T16 -> 394531.14 | W16: =+V16*G16*D16 -> 1183593.4 | Y16: =+W16+R16+M16 -> 3082649.7
A17: 1.3 | B17: UNIDAD CASSETTE
A18: 1.3.1 | B18: MMU-0094HP1-E | C18: BIMENSUAL | D18: 33 | E18: =13/33 -> 0.39393939 | F18: 4 | G18: =3+(20/33) -> 3.6060606 | H18: =+G18+F18+E18 -> 8 | J18: =+'ANEXO 3 - PROY COSTOS'!N18 -> 165261.64 | K18: =J18*19% -> 31399.712 | L18: =+K18+J18 -> 196661.36 | M18: =+L18*E18*D18 -> 2556597.6 | O18: =J18+(J18*4.4%) -> 172533.16 | P18: =O18*19% -> 32781.3 | Q18: =+P18+O18 -> 205314.46 | R18: =+Q18*F18*D18 -> 27101508 | T18: =O18+(O18*3%) -> 177709.15 | U18: =T18*19% -> 33764.739 | V18: =+U18+T18 -> 211473.89 | W18: =+V18*G18*D18 -> 25165393 | Y18: =+W18+R18+M18 -> 54823499
A19: 1.3.2 | B19: MMU-0124HP1-E | C19: BIMENSUAL | D19: 13 | E19: =4/13 -> 0.30769231 | F19: 4 | G19: =3+(9/13) -> 3.6923077 | H19: =+G19+F19+E19 -> 8 | J19: =+'ANEXO 3 - PROY COSTOS'!N19 -> 165261.64 | K19: =J19*19% -> 31399.712 | L19: =+K19+J19 -> 196661.36 | M19: =+L19*E19*D19 -> 786645.43 | O19: =J19+(J19*4.4%) -> 172533.16 | P19: =O19*19% -> 32781.3 | Q19: =+P19+O19 -> 205314.46 | R19: =+Q19*F19*D19 -> 10676352 | T19: =O19+(O19*3%) -> 177709.15 | U19: =T19*19% -> 33764.739 | V19: =+U19+T19 -> 211473.89 | W19: =+V19*G19*D19 -> 10150747 | Y19: =+W19+R19+M19 -> 21613744
A20: 1.3.3 | B20: MMU-0154HP1-E | C20: BIMENSUAL | D20: 25 | E20: =5/25 -> 0.2 | F20: 4 | G20: =3+(20/25) -> 3.8 | H20: =+G20+F20+E20 -> 8 | J20: =+'ANEXO 3 - PROY COSTOS'!N20 -> 165261.63 | K20: =J20*19% -> 31399.71 | L20: =+K20+J20 -> 196661.34 | M20: =+L20*E20*D20 -> 983306.71 | O20: =J20+(J20*4.4%) -> 172533.14 | P20: =O20*19% -> 32781.297 | Q20: =+P20+O20 -> 205314.44 | R20: =+Q20*F20*D20 -> 20531444 | T20: =O20+(O20*3%) -> 177709.14 | U20: =T20*19% -> 33764.736 | V20: =+U20+T20 -> 211473.87 | W20: =+V20*G20*D20 -> 20090018 | Y20: =+W20+R20+M20 -> 41604769
A21: 1.3.4 | B21: MMU-0184HP1-E | C21: BIMENSUAL | D21: 37 | E21: =11/37 -> 0.2972973 | F21: 4 | G21: =3+(26/37) -> 3.7027027 | H21: =+G21+F21+E21 -> 8 | J21: =+'ANEXO 3 - PROY COSTOS'!N21 -> 168311.16 | K21: =J21*19% -> 31979.12 | L21: =+K21+J21 -> 200290.28 | M21: =+L21*E21*D21 -> 2203193.1 | O21: =J21+(J21*4.4%) -> 175716.85 | P21: =O21*19% -> 33386.202 | Q21: =+P21+O21 -> 209103.05 | R21: =+Q21*F21*D21 -> 30947252 | T21: =O21+(O21*3%) -> 180988.36 | U21: =T21*19% -> 34387.788 | V21: =+U21+T21 -> 215376.14 | W21: =+V21*G21*D21 -> 29506532 | Y21: =+W21+R21+M21 -> 62656977
A22: 1.3.5 | B22: MMU-0244HP1-E | C22: BIMENSUAL | D22: 18 | E22: =5/18 -> 0.27777778 | F22: 4 | G22: =3+(13/18) -> 3.7222222 | H22: =+G22+F22+E22 -> 8 | J22: =+'ANEXO 3 - PROY COSTOS'!N22 -> 168311.15 | K22: =J22*19% -> 31979.119 | L22: =+K22+J22 -> 200290.27 | M22: =+L22*E22*D22 -> 1001451.4 | O22: =J22+(J22*4.4%) -> 175716.84 | P22: =O22*19% -> 33386.2 | Q22: =+P22+O22 -> 209103.04 | R22: =+Q22*F22*D22 -> 15055419 | T22: =O22+(O22*3%) -> 180988.35 | U22: =T22*19% -> 34387.786 | V22: =+U22+T22 -> 215376.13 | W22: =+V22*G22*D22 -> 14430201 | Y22: =+W22+R22+M22 -> 30487071
A23: 1.3.6 | B23: MMU-0274HP1-E | C23: BIMENSUAL | D23: 48 | E23: =30/48 -> 0.625 | F23: 4 | G23: =3+(18/48) -> 3.375 | H23: =+G23+F23+E23 -> 8 | J23: =+'ANEXO 3 - PROY COSTOS'!N23 -> 168311.15 | K23: =J23*19% -> 31979.119 | L23: =+K23+J23 -> 200290.27 | M23: =+L23*E23*D23 -> 6008708.1 | O23: =J23+(J23*4.4%) -> 175716.84 | P23: =O23*19% -> 33386.2 | Q23: =+P23+O23 -> 209103.04 | R23: =+Q23*F23*D23 -> 40147784 | T23: =O23+(O23*3%) -> 180988.35 | U23: =T23*19% -> 34387.786 | V23: =+U23+T23 -> 215376.13 | W23: =+V23*G23*D23 -> 34890934 | Y23: =+W23+R23+M23 -> 81047426
A24: 1.3.7 | B24: MMU-0304HP1-E | C24: BIMENSUAL | D24: 14 | E24: 0 | F24: 4 | G24: =3+(14/14) -> 4 | H24: =+G24+F24+E24 -> 8 | J24: =+'ANEXO 3 - PROY COSTOS'!N24 -> 169746.56 | K24: =J24*19% -> 32251.847 | L24: =+K24+J24 -> 201998.41 | M24: =+L24*E24*D24 -> 0 | O24: =J24+(J24*4.4%) -> 177215.41 | P24: =O24*19% -> 33670.929 | Q24: =+P24+O24 -> 210886.34 | R24: =+Q24*F24*D24 -> 11809635 | T24: =O24+(O24*3%) -> 182531.88 | U24: =T24*19% -> 34681.056 | V24: =+U24+T24 -> 217212.93 | W24: =+V24*G24*D24 -> 12163924 | Y24: =+W24+R24+M24 -> 23973559
A25: 1.3.8 | B25: MMU-0366HP1-E | C25: BIMENSUAL | D25: 3 | E25: 0 | F25: 4 | G25: =3+(3/3) -> 4 | H25: =+G25+F25+E25 -> 8 | J25: =+'ANEXO 3 - PROY COSTOS'!N25 -> 169746.58 | K25: =J25*19% -> 32251.85 | L25: =+K25+J25 -> 201998.43 | M25: =+L25*E25*D25 -> 0 | O25: =J25+(J25*4.4%) -> 177215.43 | P25: =O25*19% -> 33670.932 | Q25: =+P25+O25 -> 210886.36 | R25: =+Q25*F25*D25 -> 2530636.3 | T25: =O25+(O25*3%) -> 182531.89 | U25: =T25*19% -> 34681.06 | V25: =+U25+T25 -> 217212.95 | W25: =+V25*G25*D25 -> 2606555.4 | Y25: =+W25+R25+M25 -> 5137191.8
A26: 1.4 | B26: UNIDAD FANCOIL
A27: 1.4.1 | B27: MMD-AP0156HP1-E | C27: BIMENSUAL | D27: 3 | E27: 0 | F27: 4 | G27: =3+(3/3) -> 4 | H27: =+G27+F27+E27 -> 8 | J27: =+'ANEXO 3 - PROY COSTOS'!N27 -> 190955.79 | K27: =J27*19% -> 36281.601 | L27: =+K27+J27 -> 227237.4 | M27: =+L27*E27*D27 -> 0 | O27: =J27+(J27*4.4%) -> 199357.85 | P27: =O27*19% -> 37877.991 | Q27: =+P27+O27 -> 237235.84 | R27: =+Q27*F27*D27 -> 2846830.1 | T27: =O27+(O27*3%) -> 205338.59 | U27: =T27*19% -> 39014.331 | V27: =+U27+T27 -> 244352.92 | W27: =+V27*G27*D27 -> 2932235 | Y27: =+W27+R27+M27 -> 5779065.1
A28: 1.4.2 | B28: MMD-AP0276HP1-E | C28: BIMENSUAL | D28: 14 | E28: =8/14 -> 0.57142857 | F28: 4 | G28: =3+(6/14) -> 3.4285714 | H28: =+G28+F28+E28 -> 8 | J28: =+'ANEXO 3 - PROY COSTOS'!N28 -> 190955.76 | K28: =J28*19% -> 36281.594 | L28: =+K28+J28 -> 227237.35 | M28: =+L28*E28*D28 -> 1817898.8 | O28: =J28+(J28*4.4%) -> 199357.81 | P28: =O28*19% -> 37877.985 | Q28: =+P28+O28 -> 237235.8 | R28: =+Q28*F28*D28 -> 13285205 | T28: =O28+(O28*3%) -> 205338.55 | U28: =T28*19% -> 39014.324 | V28: =+U28+T28 -> 244352.87 | W28: =+V28*G28*D28 -> 11728938 | Y28: =+W28+R28+M28 -> 26832041
A29: 1.4.3 | B29: MMD-AP0366HP1-E | C29: BIMENSUAL | D29: 8 | E29: =2/D29 -> 0.25 | F29: 4 | G29: =3+(6/8) -> 3.75 | H29: =+G29+F29+E29 -> 8 | J29: =+'ANEXO 3 - PROY COSTOS'!N29 -> 192994.51 | K29: =J29*19% -> 36668.956 | L29: =+K29+J29 -> 229663.46 | M29: =+L29*E29*D29 -> 459326.92 | O29: =J29+(J29*4.4%) -> 201486.26 | P29: =O29*19% -> 38282.39 | Q29: =+P29+O29 -> 239768.65 | R29: =+Q29*F29*D29 -> 7672596.9 | T29: =O29+(O29*3%) -> 207530.85 | U29: =T29*19% -> 39430.862 | V29: =+U29+T29 -> 246961.71 | W29: =+V29*G29*D29 -> 7408851.4 | Y29: =+W29+R29+M29 -> 15540775
A30: 1.4.4 | B30: MMD-AP0486HP1-E | C30: BIMENSUAL | D30: 3 | E30: =3/D30 -> 1 | F30: 4 | G30: 3 | H30: =+G30+F30+E30 -> 8 | J30: =+'ANEXO 3 - PROY COSTOS'!N30 -> 192994.59 | K30: =J30*19% -> 36668.971 | L30: =+K30+J30 -> 229663.56 | M30: =+L30*E30*D30 -> 688990.67 | O30: =J30+(J30*4.4%) -> 201486.35 | P30: =O30*19% -> 38282.406 | Q30: =+P30+O30 -> 239768.75 | R30: =+Q30*F30*D30 -> 2877225 | T30: =O30+(O30*3%) -> 207530.94 | U30: =T30*19% -> 39430.878 | V30: =+U30+T30 -> 246961.82 | W30: =+V30*G30*D30 -> 2222656.3 | Y30: =+W30+R30+M30 -> 5788872
A31: 1.4.5 | B31: MMD-AP0566HP1-E | C31: BIMENSUAL | D31: 4 | E31: 0 | F31: 4 | G31: =(3+(4/4)) -> 4 | H31: =+G31+F31+E31 -> 8 | J31: =+'ANEXO 3 - PROY COSTOS'!N31 -> 192994.56 | K31: =J31*19% -> 36668.966 | L31: =+K31+J31 -> 229663.53 | M31: =+L31*E31*D31 -> 0 | O31: =J31+(J31*4.4%) -> 201486.32 | P31: =O31*19% -> 38282.401 | Q31: =+P31+O31 -> 239768.72 | R31: =+Q31*F31*D31 -> 3836299.5 | T31: =O31+(O31*3%) -> 207530.91 | U31: =T31*19% -> 39430.873 | V31: =+U31+T31 -> 246961.78 | W31: =+V31*G31*D31 -> 3951388.5 | Y31: =+W31+R31+M31 -> 7787688.1
A32: 1.4.6 | B32: MMD-AP0726HP1-E | C32: BIMENSUAL | D32: 4 | E32: =1/4 -> 0.25 | F32: 4 | G32: =3+(3/4) -> 3.75 | H32: =+G32+F32+E32 -> 8 | J32: =+'ANEXO 3 - PROY COSTOS'!N32 -> 192994.56 | K32: =J32*19% -> 36668.966 | L32: =+K32+J32 -> 229663.53 | M32: =+L32*E32*D32 -> 229663.53 | O32: =J32+(J32*4.4%) -> 201486.32 | P32: =O32*19% -> 38282.401 | Q32: =+P32+O32 -> 239768.72 | R32: =+Q32*F32*D32 -> 3836299.5 | T32: =O32+(O32*3%) -> 207530.91 | U32: =T32*19% -> 39430.873 | V32: =+U32+T32 -> 246961.78 | W32: =+V32*G32*D32 -> 3704426.7 | Y32: =+W32+R32+M32 -> 7770389.8
A33: 1.5 | B33: UNIDAD PARED
A34: 1.5.1 | B34: MMK-AP0077HP-E | C34: BIMENSUAL | D34: 137 | E34: =29/137 -> 0.21167883 | F34: 4 | G34: =3+(108/137) -> 3.7883212 | H34: =+G34+F34+E34 -> 8 | J34: =+'ANEXO 3 - PROY COSTOS'!N34 -> 115897.58 | K34: =J34*19% -> 22020.541 | L34: =+K34+J34 -> 137918.12 | M34: =+L34*E34*D34 -> 3999625.6 | O34: =J34+(J34*4.4%) -> 120997.08 | P34: =O34*19% -> 22989.445 | Q34: =+P34+O34 -> 143986.52 | R34: =+Q34*F34*D34 -> 78904614 | T34: =O34+(O34*3%) -> 124626.99 | U34: =T34*19% -> 23679.128 | V34: =+U34+T34 -> 148306.12 | W34: =+V34*G34*D34 -> 76970875 | Y34: =+W34+R34+M34 -> 1.5987511e+08
A35: 1.5.2 | B35: MMK-AP0097HP-E | C35: BIMENSUAL | D35: 29 | E35: =15/D35 -> 0.51724138 | F35: 4 | G35: =3+(14/29) -> 3.4827586 | H35: =+G35+F35+E35 -> 8 | J35: =+'ANEXO 3 - PROY COSTOS'!N35 -> 115897.59 | K35: =J35*19% -> 22020.542 | L35: =+K35+J35 -> 137918.13 | M35: =+L35*E35*D35 -> 2068772 | O35: =J35+(J35*4.4%) -> 120997.09 | P35: =O35*19% -> 22989.446 | Q35: =+P35+O35 -> 143986.53 | R35: =+Q35*F35*D35 -> 16702438 | T35: =O35+(O35*3%) -> 124627 | U35: =T35*19% -> 23679.13 | V35: =+U35+T35 -> 148306.13 | W35: =+V35*G35*D35 -> 14978919 | Y35: =+W35+R35+M35 -> 33750129
A36: 1.5.3 | B36: MMK-AP0127HP-E | C36: BIMENSUAL | D36: 10 | E36: =10/10 -> 1 | F36: 4 | G36: 3 | H36: =+G36+F36+E36 -> 8 | J36: =+'ANEXO 3 - PROY COSTOS'!N36 -> 115897.6 | K36: =J36*19% -> 22020.544 | L36: =+K36+J36 -> 137918.14 | M36: =+L36*E36*D36 -> 1379181.4 | O36: =J36+(J36*4.4%) -> 120997.09 | P36: =O36*19% -> 22989.448 | Q36: =+P36+O36 -> 143986.54 | R36: =+Q36*F36*D36 -> 5759461.6 | T36: =O36+(O36*3%) -> 124627.01 | U36: =T36*19% -> 23679.131 | V36: =+U36+T36 -> 148306.14 | W36: =+V36*G36*D36 -> 4449184.1 | Y36: =+W36+R36+M36 -> 11587827
A37: 1.5.4 | B37: MMK-AP0153HP-E | C37: BIMENSUAL | D37: 9 | E37: =(1/9) -> 0.11111111 | F37: 4 | G37: =3+(8/9) -> 3.8888889 | H37: =+G37+F37+E37 -> 8 | J37: =+'ANEXO 3 - PROY COSTOS'!N37 -> 115897.61 | K37: =J37*19% -> 22020.547 | L37: =+K37+J37 -> 137918.16 | M37: =+L37*E37*D37 -> 137918.16 | O37: =J37+(J37*4.4%) -> 120997.11 | P37: =O37*19% -> 22989.451 | Q37: =+P37+O37 -> 143986.56 | R37: =+Q37*F37*D37 -> 5183516.2 | T37: =O37+(O37*3%) -> 124627.02 | U37: =T37*19% -> 23679.134 | V37: =+U37+T37 -> 148306.16 | W37: =+V37*G37*D37 -> 5190715.5 | Y37: =+W37+R37+M37 -> 10512150
A38: 1.6 | B38: EQUIPOS VENTILACION
A39: 1.6.1 | B39: UNIDAD EXTRACCION HONGO | C39: BIMENSUAL | D39: 7 | E39: 0 | F39: 4 | G39: =3+(7/7) -> 4 | H39: =+G39+F39+E39 -> 8 | J39: =+'ANEXO 3 - PROY COSTOS'!N39 -> 154508.25 | K39: =J39*19% -> 29356.568 | L39: =+K39+J39 -> 183864.82 | M39: =+L39*E39*D39 -> 0 | O39: =J39+(J39*4.4%) -> 161306.61 | P39: =O39*19% -> 30648.256 | Q39: =+P39+O39 -> 191954.87 | R39: =+Q39*F39*D39 -> 5374736.4 | T39: =O39+(O39*3%) -> 166145.81 | U39: =T39*19% -> 31567.704 | V39: =+U39+T39 -> 197713.52 | W39: =+V39*G39*D39 -> 5535978.4 | Y39: =+W39+R39+M39 -> 10910715
A40: 1.6.2 | B40: UNIDAD EXTRACCION | C40: BIMENSUAL | D40: 4 | E40: 0 | F40: 4 | G40: =3+(4/4) -> 4 | H40: =+G40+F40+E40 -> 8 | J40: =+'ANEXO 3 - PROY COSTOS'!N40 -> 121792.74 | K40: =J40*19% -> 23140.62 | L40: =+K40+J40 -> 144933.36 | M40: =+L40*E40*D40 -> 0 | O40: =J40+(J40*4.4%) -> 127151.62 | P40: =O40*19% -> 24158.807 | Q40: =+P40+O40 -> 151310.42 | R40: =+Q40*F40*D40 -> 2420966.8 | T40: =O40+(O40*3%) -> 130966.17 | U40: =T40*19% -> 24883.571 | V40: =+U40+T40 -> 155849.74 | W40: =+V40*G40*D40 -> 2493595.8 | Y40: =+W40+R40+M40 -> 4914562.6
A41: 1.6.3 | B41: UNIDAD VENTILADOR DIRECCIONADOR | C41: BIMENSUAL | D41: 4 | E41: 0 | F41: 4 | G41: =3+(4/4) -> 4 | H41: =+G41+F41+E41 -> 8 | J41: =+'ANEXO 3 - PROY COSTOS'!N41 -> 115998.53 | K41: =J41*19% -> 22039.721 | L41: =+K41+J41 -> 138038.25 | M41: =+L41*E41*D41 -> 0 | O41: =J41+(J41*4.4%) -> 121102.47 | P41: =O41*19% -> 23009.468 | Q41: =+P41+O41 -> 144111.93 | R41: =+Q41*F41*D41 -> 2305790.9 | T41: =O41+(O41*3%) -> 124735.54 | U41: =T41*19% -> 23699.753 | V41: =+U41+T41 -> 148435.29 | W41: =+V41*G41*D41 -> 2374964.7 | Y41: =+W41+R41+M41 -> 4680755.6
A42: 1.6.4 | B42: UNIDAD DE EXTRACCION SOTANOS | C42: BIMENSUAL | D42: 9 | E42: 0 | F42: 4 | G42: =3+(9/9) -> 4 | H42: =+G42+F42+E42 -> 8 | J42: =+'ANEXO 3 - PROY COSTOS'!N42 -> 155423.3 | K42: =J42*19% -> 29530.427 | L42: =+K42+J42 -> 184953.73 | M42: =+L42*E42*D42 -> 0 | O42: =J42+(J42*4.4%) -> 162261.93 | P42: =O42*19% -> 30829.766 | Q42: =+P42+O42 -> 193091.69 | R42: =+Q42*F42*D42 -> 6951300.9 | T42: =O42+(O42*3%) -> 167129.78 | U42: =T42*19% -> 31754.659 | V42: =+U42+T42 -> 198884.44 | W42: =+V42*G42*D42 -> 7159840 | Y42: =+W42+R42+M42 -> 14111141
A43: 1.6.5 | B43: UNIDAD VENTILACION SUMINISTROS | C43: BIMENSUAL | D43: 3 | E43: 0 | F43: 4 | G43: =3+(3/3) -> 4 | H43: =+G43+F43+E43 -> 8 | J43: =+'ANEXO 3 - PROY COSTOS'!N43 -> 154508.36 | K43: =J43*19% -> 29356.588 | L43: =+K43+J43 -> 183864.94 | M43: =+L43*E43*D43 -> 0 | O43: =J43+(J43*4.4%) -> 161306.72 | P43: =O43*19% -> 30648.277 | Q43: =+P43+O43 -> 191955 | R43: =+Q43*F43*D43 -> 2303460 | T43: =O43+(O43*3%) -> 166145.92 | U43: =T43*19% -> 31567.726 | V43: =+U43+T43 -> 197713.65 | W43: =+V43*G43*D43 -> 2372563.8 | Y43: =+W43+R43+M43 -> 4676023.8
A44: 1.6.6 | B44: UNIDAD EXTRACCION CUBIERTA | C44: BIMENSUAL | D44: 6 | E44: 0 | F44: 4 | G44: =3+(6/6) -> 4 | H44: =+G44+F44+E44 -> 8 | J44: =+'ANEXO 3 - PROY COSTOS'!N44 -> 125546.74 | K44: =J44*19% -> 23853.881 | L44: =+K44+J44 -> 149400.62 | M44: =+L44*E44*D44 -> 0 | O44: =J44+(J44*4.4%) -> 131070.8 | P44: =O44*19% -> 24903.452 | Q44: =+P44+O44 -> 155974.25 | R44: =+Q44*F44*D44 -> 3743382 | T44: =O44+(O44*3%) -> 135002.92 | U44: =T44*19% -> 25650.555 | V44: =+U44+T44 -> 160653.48 | W44: =+V44*G44*D44 -> 3855683.5 | Y44: =+W44+R44+M44 -> 7599065.5
A45: 1.6.7 | B45: UNIDADES ESTRACCION PISOS | C45: BIMENSUAL | D45: 5 | E45: 0 | F45: 4 | G45: =3+(5/5) -> 4 | H45: =+G45+F45+E45 -> 8 | J45: =+'ANEXO 3 - PROY COSTOS'!N45 -> 144643.71 | K45: =J45*19% -> 27482.306 | L45: =+K45+J45 -> 172126.02 | M45: =+L45*E45*D45 -> 0 | O45: =J45+(J45*4.4%) -> 151008.04 | P45: =O45*19% -> 28691.527 | Q45: =+P45+O45 -> 179699.57 | R45: =+Q45*F45*D45 -> 3593991.3 | T45: =O45+(O45*3%) -> 155538.28 | U45: =T45*19% -> 29552.273 | V45: =+U45+T45 -> 185090.55 | W45: =+V45*G45*D45 -> 3701811.1 | Y45: =+W45+R45+M45 -> 7295802.4
A46: 1.7 | B46: SISTEMA DE CONTROL
A47: 1.7.1 | B47: MANTENIMIENTO SISTEMA CONTROL VENTILACION | C47: MENSUAL | D47: 1 | E47: 0 | F47: 4 | G47: 4 | H47: =+G47+F47+E47 -> 8 | J47: =+'ANEXO 3 - PROY COSTOS'!N47 -> 525977.68 | K47: =J47*19% -> 99935.758 | L47: =+K47+J47 -> 625913.43 | M47: =+L47*E47*D47 -> 0 | O47: =J47+(J47*4.4%) -> 549120.69 | P47: =O47*19% -> 104332.93 | Q47: =+P47+O47 -> 653453.63 | R47: =+Q47*F47*D47 -> 2613814.5 | T47: =O47+(O47*3%) -> 565594.31 | U47: =T47*19% -> 107462.92 | V47: =+U47+T47 -> 673057.23 | W47: =+V47*G47*D47 -> 2692228.9 | Y47: =+W47+R47+M47 -> 5306043.4
A48: 1.7.2 | B48: MANTENIMIENTO SISTEMA CONTROL VRF | C48: MENSUAL | D48: 1 | E48: 0 | F48: 4 | G48: 4 | H48: =+G48+F48+E48 -> 8 | J48: =+'ANEXO 3 - PROY COSTOS'!N48 -> 802822.39 | K48: =J48*19% -> 152536.25 | L48: =+K48+J48 -> 955358.64 | M48: =+L48*E48*D48 -> 0 | O48: =J48+(J48*4.4%) -> 838146.57 | P48: =O48*19% -> 159247.85 | Q48: =+P48+O48 -> 997394.42 | R48: =+Q48*F48*D48 -> 3989577.7 | T48: =O48+(O48*3%) -> 863290.97 | U48: =T48*19% -> 164025.28 | V48: =+U48+T48 -> 1027316.3 | W48: =+V48*G48*D48 -> 4109265 | Y48: =+W48+R48+M48 -> 8098842.7
A49: 2 | B49: SISTEMA VRF SAMSUNG
A50: 2.1 | B50: UNIDADES CONDENSADORAS SAMSUNG
A51: 2.1.1 | B51: AM180MXVAFC | C51: BIMENSUAL | D51: 1 | E51: 0 | F51: 4 | G51: =3+(1/1) -> 4 | H51: =+G51+F51+E51 -> 8 | J51: =+'ANEXO 3 - PROY COSTOS'!N51 -> 295203.68 | K51: =J51*19% -> 56088.699 | L51: =+K51+J51 -> 351292.38 | M51: =+L51*E51*D51 -> 0 | O51: =J51+(J51*4.4%) -> 308192.64 | P51: =O51*19% -> 58556.602 | Q51: =+P51+O51 -> 366749.24 | R51: =+Q51*F51*D51 -> 1466997 | T51: =O51+(O51*3%) -> 317438.42 | U51: =T51*19% -> 60313.3 | V51: =+U51+T51 -> 377751.72 | W51: =+V51*G51*D51 -> 1511006.9 | Y51: =+W51+R51+M51 -> 2978003.9
A52: 2.1.2 | B52: AM200MXVAFC | C52: BIMENSUAL | D52: 1 | E52: 0 | F52: 4 | G52: =3+(1/1) -> 4 | H52: =+G52+F52+E52 -> 8 | J52: =+'ANEXO 3 - PROY COSTOS'!N52 -> 295203.68 | K52: =J52*19% -> 56088.699 | L52: =+K52+J52 -> 351292.38 | M52: =+L52*E52*D52 -> 0 | O52: =J52+(J52*4.4%) -> 308192.64 | P52: =O52*19% -> 58556.602 | Q52: =+P52+O52 -> 366749.24 | R52: =+Q52*F52*D52 -> 1466997 | T52: =O52+(O52*3%) -> 317438.42 | U52: =T52*19% -> 60313.3 | V52: =+U52+T52 -> 377751.72 | W52: =+V52*G52*D52 -> 1511006.9 | Y52: =+W52+R52+M52 -> 2978003.9
A53: 2.2 | B53: UNIDAD CASSETTE SAMSUNG
A54: 2.2.1 | B54: AN036NN4DCH | C54: BIMENSUAL | D54: 4 | E54: 0 | F54: 4 | G54: =3+(4/4) -> 4 | H54: =+G54+F54+E54 -> 8 | J54: =+'ANEXO 3 - PROY COSTOS'!N54 -> 216105.61 | K54: =J54*19% -> 41060.065 | L54: =+K54+J54 -> 257165.67 | M54: =+L54*E54*D54 -> 0 | O54: =J54+(J54*4.4%) -> 225614.25 | P54: =O54*19% -> 42866.708 | Q54: =+P54+O54 -> 268480.96 | R54: =+Q54*F54*D54 -> 4295695.4 | T54: =O54+(O54*3%) -> 232382.68 | U54: =T54*19% -> 44152.709 | V54: =+U54+T54 -> 276535.39 | W54: =+V54*G54*D54 -> 4424566.2 | Y54: =+W54+R54+M54 -> 8720261.6
A55: 2.3 | B55: UNIDAD PARED SAMSUNG
A56: 2.3.1 | B56: AM009KNQDCH | C56: BIMENSUAL | D56: 18 | E56: 0 | F56: 4 | G56: =3+(18/18) -> 4 | H56: =+G56+F56+E56 -> 8 | J56: =+'ANEXO 3 - PROY COSTOS'!N56 -> 151115.56 | K56: =J56*19% -> 28711.957 | L56: =+K56+J56 -> 179827.52 | M56: =+L56*E56*D56 -> 0 | O56: =J56+(J56*4.4%) -> 157764.65 | P56: =O56*19% -> 29975.283 | Q56: =+P56+O56 -> 187739.93 | R56: =+Q56*F56*D56 -> 13517275 | T56: =O56+(O56*3%) -> 162497.59 | U56: =T56*19% -> 30874.542 | V56: =+U56+T56 -> 193372.13 | W56: =+V56*G56*D56 -> 13922793 | Y56: =+W56+R56+M56 -> 27440068
A57: 2.3.2 | B57: AM018KNQDCH | C57: BIMENSUAL | D57: 1 | E57: 0 | F57: 4 | G57: =3+(1/1) -> 4 | H57: =+G57+F57+E57 -> 8 | J57: =+'ANEXO 3 - PROY COSTOS'!N57 -> 151115.56 | K57: =J57*19% -> 28711.957 | L57: =+K57+J57 -> 179827.52 | M57: =+L57*E57*D57 -> 0 | O57: =J57+(J57*4.4%) -> 157764.65 | P57: =O57*19% -> 29975.283 | Q57: =+P57+O57 -> 187739.93 | R57: =+Q57*F57*D57 -> 750959.73 | T57: =O57+(O57*3%) -> 162497.59 | U57: =T57*19% -> 30874.542 | V57: =+U57+T57 -> 193372.13 | W57: =+V57*G57*D57 -> 773488.52 | Y57: =+W57+R57+M57 -> 1524448.2
A58: 2.3.3 | B58: AM012KNQDCH | C58: BIMENSUAL | D58: 1 | E58: 0 | F58: 4 | G58: =3+(1/1) -> 4 | H58: =+G58+F58+E58 -> 8 | J58: =+'ANEXO 3 - PROY COSTOS'!N58 -> 151115.56 | K58: =J58*19% -> 28711.957 | L58: =+K58+J58 -> 179827.52 | M58: =+L58*E58*D58 -> 0 | O58: =J58+(J58*4.4%) -> 157764.65 | P58: =O58*19% -> 29975.283 | Q58: =+P58+O58 -> 187739.93 | R58: =+Q58*F58*D58 -> 750959.73 | T58: =O58+(O58*3%) -> 162497.59 | U58: =T58*19% -> 30874.542 | V58: =+U58+T58 -> 193372.13 | W58: =+V58*G58*D58 -> 773488.52 | Y58: =+W58+R58+M58 -> 1524448.2
A59: 2.4 | B59: CAJA PORTA FLITRO
A60: 2.4.1 | B60: CAJA FILTRANTE MFL315 | C60: BIMENSUAL | D60: 1 | E60: 0 | F60: 4 | G60: =3+(1/1) -> 4 | H60: =+G60+F60+E60 -> 8 | J60: =+'ANEXO 3 - PROY COSTOS'!N60 -> 193372.27 | K60: =J60*19% -> 36740.73 | L60: =+K60+J60 -> 230113 | M60: =+L60*E60*D60 -> 0 | O60: =J60+(J60*4.4%) -> 201880.64 | P60: =O60*19% -> 38357.322 | Q60: =+P60+O60 -> 240237.97 | R60: =+Q60*F60*D60 -> 960951.87 | T60: =O60+(O60*3%) -> 207937.06 | U60: =T60*19% -> 39508.042 | V60: =+U60+T60 -> 247445.11 | W60: =+V60*G60*D60 -> 989780.42 | Y60: =+W60+R60+M60 -> 1950732.3
A61: VALOR MANTENIMIENTO PREVENTIVO Y CORRECTIVO | M61: =SUM(M7:M60) -> 29732385 | R61: =SUM(R7:R60) -> 4.1323842e+08 | W61: =SUM(W7:W60) -> 3.9366374e+08 | Y61: =SUM(Y7:Y60) -> 8.3663455e+08
A62: LISTA DE REPUESTOS
A63: ÍTEM | B63: DESCRIPCIÓN DETALLADA REPUESTOS | G63: UNIDAD | H63: CANTIDAD | J63: VALOR UNITARIO SIN IVA | K63: IVA UNITARIO | L63: VALOR UNITARIO INCLUIDO IVA | M63: VALOR TOTAL INCLUIDO IVA | O63: VALOR UNITARIO SIN IVA | P63: IVA UNITARIO | Q63: VALOR UNITARIO INCLUIDO IVA | R63: VALOR TOTAL INCLUIDO IVA | T63: VALOR UNITARIO SIN IVA | U63: IVA UNITARIO | V63: VALOR UNITARIO INCLUIDO IVA | W63: VALOR TOTAL INCLUIDO IVA | Y63: VALOR TOTAL INCLUIDO IVA
A64: 1 | B64: Instalacion de filtros piedra para unidades de circulo VRF- condensadoras. Incluye: Cambio FILTRO SUCCION NUCLEO RC 4864 HH SPORLAN (Filtro de acidez) Dos cilindros de nitrogeno 7 m3. Bomba de vacion con un Gl de aceite para vacio. Cilindro de refrigerante R410a Chemours 25 LB | G64: UN | H64: 1 | J64: =+'ANEXO 3 - PROY COSTOS'!N64 -> 1226941.2 | K64: =J64*19% -> 233118.83 | L64: =+K64+J64 -> 1460060 | M64: =+L64*H64 -> 1460060 | O64: =J64+(J64*4.4%) -> 1280926.6 | P64: =O64*19% -> 243376.06 | Q64: =+P64+O64 -> 1524302.7 | R64: =+Q64*H64 -> 1524302.7 | T64: =O64+(O64*3%) -> 1319354.4 | U64: =T64*19% -> 250677.34 | V64: =+U64+T64 -> 1570031.8 | W64: =+V64*H64 -> 1570031.8 | Y64: =+W64+R64+M64 -> 4554394.5
A65: 2 | B65: Suministro de FILTRO PREFILTRO FIBRA SINTETICA MERV8 MARCO CARTON EF 30-35% 20"X20"X1" | G65: UN | H65: 1 | J65: =+'ANEXO 3 - PROY COSTOS'!N65 -> 260125.57 | K65: =J65*19% -> 49423.859 | L65: =+K65+J65 -> 309549.43 | M65: =+L65*H65 -> 309549.43 | O65: =J65+(J65*4.4%) -> 271571.1 | P65: =O65*19% -> 51598.508 | Q65: =+P65+O65 -> 323169.61 | R65: =+Q65*H65 -> 323169.61 | T65: =O65+(O65*3%) -> 279718.23 | U65: =T65*19% -> 53146.464 | V65: =+U65+T65 -> 332864.69 | W65: =+V65*H65 -> 332864.69 | Y65: =+W65+R65+M65 -> 965583.73
A66: 3 | B66: Suministro de FILTRO PREFILTRO FIBRA SINTETICA MERV8 MARCO CARTON EF 30-35% 16"X20"X1" | G66: UN | H66: 1 | J66: =+'ANEXO 3 - PROY COSTOS'!N66 -> 293886.66 | K66: =J66*19% -> 55838.465 | L66: =+K66+J66 -> 349725.12 | M66: =+L66*H66 -> 349725.12 | O66: =J66+(J66*4.4%) -> 306817.67 | P66: =O66*19% -> 58295.357 | Q66: =+P66+O66 -> 365113.03 | R66: =+Q66*H66 -> 365113.03 | T66: =O66+(O66*3%) -> 316022.2 | U66: =T66*19% -> 60044.218 | V66: =+U66+T66 -> 376066.42 | W66: =+V66*H66 -> 376066.42 | Y66: =+W66+R66+M66 -> 1090904.6
A67: 4 | B67: Suministro de FILTRO PREFILTRO FIBRA SINTETICA MERV8 MARCO CARTON EF 30-35% 24"X12"X2" | G67: UN | H67: 1 | J67: =+'ANEXO 3 - PROY COSTOS'!N67 -> 354155.14 | K67: =J67*19% -> 67289.476 | L67: =+K67+J67 -> 421444.61 | M67: =+L67*H67 -> 421444.61 | O67: =J67+(J67*4.4%) -> 369737.96 | P67: =O67*19% -> 70250.213 | Q67: =+P67+O67 -> 439988.18 | R67: =+Q67*H67 -> 439988.18 | T67: =O67+(O67*3%) -> 380830.1 | U67: =T67*19% -> 72357.719 | V67: =+U67+T67 -> 453187.82 | W67: =+V67*H67 -> 453187.82 | Y67: =+W67+R67+M67 -> 1314620.6
A68: 5 | B68: Suministro de FILTRO PREFILTRO FIBRA SINTETICA MERV8 MARCO CARTON EF 30-35% 24"X16"X2" | G68: UN | H68: 1 | J68: =+'ANEXO 3 - PROY COSTOS'!N68 -> 418300.46 | K68: =J68*19% -> 79477.088 | L68: =+K68+J68 -> 497777.55 | M68: =+L68*H68 -> 497777.55 | O68: =J68+(J68*4.4%) -> 436705.68 | P68: =O68*19% -> 82974.08 | Q68: =+P68+O68 -> 519679.76 | R68: =+Q68*H68 -> 519679.76 | T68: =O68+(O68*3%) -> 449806.86 | U68: =T68*19% -> 85463.302 | V68: =+U68+T68 -> 535270.16 | W68: =+V68*H68 -> 535270.16 | Y68: =+W68+R68+M68 -> 1552727.5
A69: 6 | B69: Suministro de FILTRO PREFILTRO FIBRA SINTETICA MERV8 MARCO CARTON EF 30-35% 20"X16"X2" | G69: UN | H69: 1 | J69: =+'ANEXO 3 - PROY COSTOS'!N69 -> 493472.64 | K69: =J69*19% -> 93759.801 | L69: =+K69+J69 -> 587232.44 | M69: =+L69*H69 -> 587232.44 | O69: =J69+(J69*4.4%) -> 515185.44 | P69: =O69*19% -> 97885.233 | Q69: =+P69+O69 -> 613070.67 | R69: =+Q69*H69 -> 613070.67 | T69: =O69+(O69*3%) -> 530641 | U69: =T69*19% -> 100821.79 | V69: =+U69+T69 -> 631462.79 | W69: =+V69*H69 -> 631462.79 | Y69: =+W69+R69+M69 -> 1831765.9
A70: 7 | B70: Suministro correas de transmisionTrapezoidal A23 | G70: UN | H70: 1 | J70: =+'ANEXO 3 - PROY COSTOS'!N70 -> 104023.73 | K70: =J70*19% -> 19764.509 | L70: =+K70+J70 -> 123788.24 | M70: =+L70*H70 -> 123788.24 | O70: =J70+(J70*4.4%) -> 108600.78 | P70: =O70*19% -> 20634.148 | Q70: =+P70+O70 -> 129234.92 | R70: =+Q70*H70 -> 129234.92 | T70: =O70+(O70*3%) -> 111858.8 | U70: =T70*19% -> 21253.172 | V70: =+U70+T70 -> 133111.97 | W70: =+V70*H70 -> 133111.97 | Y70: =+W70+R70+M70 -> 386135.14
A71: 8 | B71: Suministro correas de transmisionTrapezoidal A24 | G71: UN | H71: 1 | J71: =+'ANEXO 3 - PROY COSTOS'!N71 -> 104023.73 | K71: =J71*19% -> 19764.509 | L71: =+K71+J71 -> 123788.24 | M71: =+L71*H71 -> 123788.24 | O71: =J71+(J71*4.4%) -> 108600.78 | P71: =O71*19% -> 20634.148 | Q71: =+P71+O71 -> 129234.92 | R71: =+Q71*H71 -> 129234.92 | T71: =O71+(O71*3%) -> 111858.8 | U71: =T71*19% -> 21253.172 | V71: =+U71+T71 -> 133111.97 | W71: =+V71*H71 -> 133111.97 | Y71: =+W71+R71+M71 -> 386135.14
A72: 9 | B72: Suministro correas de transmisionTrapezoidal A25 | G72: UN | H72: 1 | J72: =+'ANEXO 3 - PROY COSTOS'!N72 -> 104023.73 | K72: =J72*19% -> 19764.509 | L72: =+K72+J72 -> 123788.24 | M72: =+L72*H72 -> 123788.24 | O72: =J72+(J72*4.4%) -> 108600.78 | P72: =O72*19% -> 20634.148 | Q72: =+P72+O72 -> 129234.92 | R72: =+Q72*H72 -> 129234.92 | T72: =O72+(O72*3%) -> 111858.8 | U72: =T72*19% -> 21253.172 | V72: =+U72+T72 -> 133111.97 | W72: =+V72*H72 -> 133111.97 | Y72: =+W72+R72+M72 -> 386135.14
A73: 10 | B73: Suministro correas de transmisionTrapezoidal A26 | G73: UN | H73: 1 | J73: =+'ANEXO 3 - PROY COSTOS'!N73 -> 104411.08 | K73: =J73*19% -> 19838.105 | L73: =+K73+J73 -> 124249.19 | M73: =+L73*H73 -> 124249.19 | O73: =J73+(J73*4.4%) -> 109005.17 | P73: =O73*19% -> 20710.982 | Q73: =+P73+O73 -> 129716.15 | R73: =+Q73*H73 -> 129716.15 | T73: =O73+(O73*3%) -> 112275.32 | U73: =T73*19% -> 21332.312 | V73: =+U73+T73 -> 133607.64 | W73: =+V73*H73 -> 133607.64 | Y73: =+W73+R73+M73 -> 387572.97
A74: 11 | B74: Suministro correas de transmisionTrapezoidal A28 | G74: UN | H74: 1 | J74: =+'ANEXO 3 - PROY COSTOS'!N74 -> 104023.73 | K74: =J74*19% -> 19764.509 | L74: =+K74+J74 -> 123788.24 | M74: =+L74*H74 -> 123788.24 | O74: =J74+(J74*4.4%) -> 108600.78 | P74: =O74*19% -> 20634.148 | Q74: =+P74+O74 -> 129234.92 | R74: =+Q74*H74 -> 129234.92 | T74: =O74+(O74*3%) -> 111858.8 | U74: =T74*19% -> 21253.172 | V74: =+U74+T74 -> 133111.97 | W74: =+V74*H74 -> 133111.97 | Y74: =+W74+R74+M74 -> 386135.14
A75: 12 | B75: Suministro correas de transmisionTrapezoidal A30 | G75: UN | H75: 1 | J75: =+'ANEXO 3 - PROY COSTOS'!N75 -> 104023.73 | K75: =J75*19% -> 19764.509 | L75: =+K75+J75 -> 123788.24 | M75: =+L75*H75 -> 123788.24 | O75: =J75+(J75*4.4%) -> 108600.78 | P75: =O75*19% -> 20634.148 | Q75: =+P75+O75 -> 129234.92 | R75: =+Q75*H75 -> 129234.92 | T75: =O75+(O75*3%) -> 111858.8 | U75: =T75*19% -> 21253.172 | V75: =+U75+T75 -> 133111.97 | W75: =+V75*H75 -> 133111.97 | Y75: =+W75+R75+M75 -> 386135.14
... A105: 42 | B105: Suministro e instalacion de tarjeta electrnica para unidad tipo Fancoil modelo MMD marca TOSHIBA | G105: UN | H105: 1 | J105: =+'ANEXO 3 - PROY COSTOS'!N105 -> 2968000 | K105: =J105*19% -> 563920 | L105: =+K105+J105 -> 3531920 | M105: =+L105*H105 -> 3531920 | O105: =J105+(J105*4.4%) -> 3098592 | P105: =O105*19% -> 588732.48 | Q105: =+P105+O105 -> 3687324.5 | R105: =+Q105*H105 -> 3687324.5 | T105: =O105+(O105*3%) -> 3191549.8 | U105: =T105*19% -> 606394.45 | V105: =+U105+T105 -> 3797944.2 | W105: =+V105*H105 -> 3797944.2 | Y105: =+W105+R105+M105 -> 11017189
A106: TOTAL LISTA DE REPUESTOS | M106: =SUM(M64:M105) -> 79250485 | R106: =SUM(R64:R105) -> 82737506 | W106: =SUM(W64:W105) -> 85219631 | Y106: =SUM(Y64:Y105) -> 2.4720762e+08
A107: CONSOLIDADO ESTUDIO DEL SECTOR | M107: VIGENCIA 2026 | R107: VIGENCIA 2027 | W107: VIGENCIA 2028 | Y107: TOTAL VIGENCIAS 2026-2027-2028
A108: TOTAL MANTENIMIENTOS SIN LISTA DE REPUESTOS | M108: =+M61 -> 29732385 | R108: =R61 -> 4.1323842e+08 | W108: =+W61 -> 3.9366374e+08 | Y108: =+Y61 -> 8.3663455e+08
A109: BOLSA FIJA DE REPUESTOS | M109: 7267614.6 | R109: 2.5676158e+08 | W109: 2.3892792e+08 | Y109: =SUM(M109+R109+W109) -> 5.0295712e+08
A110: VALOR TOTAL ESTUDIO DEL SECTOR | M110: =SUM(M108:M109) -> 37000000 | R110: =SUM(R108:R109) -> 6.7e+08 | W110: =SUM(W108:W109) -> 6.3259167e+08 | Y110: =SUM(Y108:Y109) -> 1.3395917e+09
B113: NOTAS:
B114: 1) Para establecer los valores del mercado, se toman del promedio entre análisis de cotizaciones y análisis de costos históricos.
B115: 2) El valor del incremento se estima a partir del IPC del 4,4% para el año 2027 y del 3% para el año 2028, proyectado por el Ministerio de Hacienda y Crédito Público (MHPC) y el Departamento Nacional de Planeación (DNP), esto con el fin de mitigar la incertidumbre económica para el año 2027 y 2028
B116: 3) En el presente análisis se aplicó el procedimiento de aproximación generalmente aceptado por las reglas matemáticas denominado redondeo, que consiste en acercar los valores decimales al número entero más aproximado (esto es, si el tercer decimal es menor que 5, el segundo decimal se mantiene; si el tercer decimal es igual o mayor que 5, el segundo decimal se incrementa en uno).
B118: Fecha de elaboración: 13-10-2026
B119: Estudio del Sector: No: 0048-2026
